Workbook

Sheet Home

Sheet Dados Cadastrais
A1: FICHA CADASTRAL DA EMPRESA
A2: Pregão Nº | D2: Processo nº | J2: Sim
A3: DADOS CADASTRAIS | J3: Não
A4: CNPJ
A5: Razão Social
A6: Endereço
A7: Bairro | D7: Cidade | G7: UF
A8: CEP | C8: Telefone
A9: e-mail
A10: REPRESENTANTE(S) DA EMPRESA
A11: CPF | B11: Nome | C11: e-mail | E11: Telefone | F11: Sócio Administrador? | G11: Signatário do Contrato?
F12: (sim/não) | G12: (sim/não)
A19: Local | B19: Data | C19: Assinatura

Sheet Indicadores Financeiros
A1: DADOS DA EMPRESA | M1: Não | N1: Incidência cumulativa de PIS e de COFINS
A2: CNPJ | F2: =IF('Dados Cadastrais'!B4=0,"",'Dados Cadastrais'!B4) | M2: Sim | N2: Incidência não-cumulativa de PIS e de COFINS
A3: Razão Social | F3: =IF('Dados Cadastrais'!B5=0,"",'Dados Cadastrais'!B5) | N3: Simples Nacional
A4: Sindicato da categoria
A5: Data base da categoria
A6: Fornecimento de cesta básica aos funcionários? (sim/não) | F6: Sim
A7: Regime Tributário | F7: Incidência cumulativa de PIS e de COFINS
A8: SAT (RATxFAP) (%)
A9: Despesas Administrativas(%)
A10: Lucro Bruto (%)
A11: COFINS
A12: PIS
A13: Desoneração da folha (%)
A14: Vigência Contratual | F14: 12 | G14: meses
A16: Módulo I - Encargos previdenciários e FGTS | J16: Percentual
A17: 1 | B17: Previdência Social | J17: =IF($F$13>0%,0,20%) -> 0.2
A18: 2 | B18: SESI/SESC | J18: =IF($F$7="Simples Nacional",0,IF($F$7<>"",1.5%,"Informar regime tributário")) -> 0.015
A19: 3 | B19: SENAI/SENAC | J19: =IF($F$7="Simples Nacional",0,IF($F$7<>"",1%,"Informar regime tributário")) -> 0.01
A20: 4 | B20: INCRA | J20: =IF($F$7="Simples Nacional",0,IF($F$7<>"",0.2%,"Informar regime tributário")) -> 0.002
A21: 5 | B21: Salário Educação | J21: =IF($F$7="Simples Nacional",0,IF($F$7<>"",2.5%,"Informar regime tributário")) -> 0.025
A22: 6 | B22: FGTS | J22: 0.08
A23: 7 | B23: SAT (RAT X FAP) | J23: =IF(F8=0,"Informar SAT",$F$8) -> Informar SAT
A24: 8 | B24: SEBRAE | J24: =IF($F$7="Simples Nacional",0,IF($F$7<>"",0.6%,"Informar regime tributário")) -> 0.006
A25: Total Módulo I | J25: =SUM(J17:J24) -> 0.338
A27: Módulo II - 13º Salário e Adicional de Férias
A28: 1 | B28: 13º salário | J28: =ROUND(5/56,4) -> 0.0893
A29: 2 | B29: Abono de férias | J29: =ROUND(J28/3,4) -> 0.0298
A30: 3 | B30: Encargos sociais incidentes | J30: =ROUND((J28+J29)*J25,4) -> 0.0403
A31: Total Módulo II | J31: =SUM(J28:J30) -> 0.1594
A33: Módulo III - Afastamento Maternidade
A34: 1 | B34: Encargos sociais incidentes | J34: =((120*0.6794*64.589%*70.91%*5.5714%)/220.2768)*J22 -> 0.00075554164
A35: Total Módulo III | J35: =SUM(J34:J34) -> 0.00075554164
A37: Módulo IV - Provisão para Rescisão
A38: 1 | B38: Aviso prévio indenizado | J38: =ROUND((98%*27.7988%*33)/220.2768,4) -> 0.0408
A39: 2 | B39: Incidência FGTS sobre o aviso prévio indenizado | J39: =ROUND(J38*$J$22,4) -> 0.0033
A40: 3 | B40: Multa FGTS sobre o aviso prévio indenizado | J40: =ROUND(J39*40%,4) -> 0.0013
A41: 4 | B41: Aviso prévio trabalhado | J41: =ROUND((7*0.6794*2%*27.7988%/220.2768),4) -> 0.0001
A42: 5 | B42: Encargos sociais incidentes sobre aviso prévio trabalhado | J42: =ROUND(J41*$J$25,4) -> 0
A43: 6 | B43: Multa FGTS sobre o aviso prévio trabalhado | J43: =ROUND(J41*8%*40%,4) -> 0
A44: 7 | B44: Indenização Adicional | J44: =ROUND((1%*(1/12)),4) -> 0.0008
A45: 8 | B45: Multa FGTS sobre os depósitos de FGTS | J45: =ROUND(8%*40%*27.7988%*(1+(0.944%+J56+J57+J58+J59)),5) -> 0.00921
A46: Total Módulo IV | J46: =SUM(J38:J45) -> 0.05551
A48: Módulo V - Multa de FGTS
A49: 1 | B49: Remuneração | J49: =ROUND(1*8%*40%*90%,4) -> 0.0288
A50: 2 | B50: Férias + Adicional de Férias | J50: =ROUND(($J$28+$J$29)*8%*40%*90%,4) -> 0.0034
A51: 3 | B51: 13º Salário | J51: =ROUND(J28*8%*40%*90%,4) -> 0.0026
A52: Total Módulo V | J52: =SUM(J49:J51) -> 0.0348
A54: Módulo VI - Custo de Reposição do Profissional Ausente
A55: 1 | B55: Férias | J55: =J28 -> 0.0893
A56: 2 | B56: Auxílio doença | J56: =ROUND((5*0.6794/220.2768),4) -> 0.0154
A57: 3 | B57: Licença paternidade | J57: =ROUND((5*0.6794*35.411%*99.9511%*5.5714%)/220.2768,4) -> 0.0003
A58: 4 | B58: Faltas legais | J58: 0.0091
A59: 5 | B59: Acidente de trabalho | J59: =ROUND((15*0.6794*1.754%)/220.2768,4) -> 0.0008
A60: 6 | B60: Encargos sociais incidentes | J60: =ROUND(SUM(J55:J59)*$J$25,4) -> 0.0388
A61: Total Módulo VI | J61: =SUM(J55:J60) -> 0.1537
A63: Total dos Encargos Sociais e Trabalhistas | J63: =J61+J52+J46+J35+J31+J25 -> 0.74216554
A65: PERCENTUAIS DE CONTINGENCIAMENTO MENSAL DE ENCARGOS TRABALHISTAS
A66: 1 | B66: 13º Salário | J66: =J28 -> 0.0893
A67: 2 | B67: Férias | J67: =J55 -> 0.0893
A68: 3 | B68: Abono de Férias | J68: =J29 -> 0.0298
A69: 4 | B69: Incidência de encargos trabalhistas: percentual total do Módulo I s/ os itens 1, 2 e 3 | I69: =$J$25 -> 0.338 | J69: =ROUND(I69*SUM(J66:J68),4) -> 0.0704
A70: 5 | B70: Multa FGTS | J70: =J52 -> 0.0348
A71: Percentual a ser contingenciado - Resolução CNJ nº 651/2025 | J71: =ROUND(SUM(J66:J70),4) -> 0.3136
A73: PARÂMETROS DE CÁLCULO
A74: 1 | B74: Dias Estimados por Mês - Trabalho de Segunda a Sexta | J74: 21
A75: 2 | B75: Dias Estimados por Mês - Trabalho de Segunda a Sábado | J75: 25.33
A76: 3 | B76: Dias Estimados por Mês - Trabalho de Plantonista em Domingos e Feriados | J76: 6
A77: 4 | B77: Dias Estimados por Mês - Trabalho de Plantonista aos Sábados | J77: 5
A78: 5 | B78: Adicional de Periculosidade | J78: 0.3
A79: 6 | B79: Adicional Noturno | J79: 0.2
A80: 7 | B80: Adicional de Insalubridade - Jardineiro e Auxiliar Área Médica | J80: 0.2
A81: 8 | B81: Adicional de Insalubridade - Agente de Higienização | J81: 0.4
A82: 9 | B82: Adicional de Acúmulo de Função | J82: 0.2
A83: 10 | B83: Valor do Salário Mínimo Federal - R$ | J83: 1518
A84: 12
A85: 13
A86: 14
A87: 15
A89: Código | B89: VALORES REFERENCIAIS - R$ por M² (sem BDI)
A90: 690020 | B90: Serviço de Jardinagem - m²
A91: 690021 | B91: Serviço de limpeza de vidros - Com exposição à situação de risco - m²
A92: 690029 | B92: Serviço de limpeza de vidros - Sem exposição à situação de risco - m²
A94: VALORES REFERENCIAIS - CONVENÇÃO COLETIVA DA CATEGORIA
A95: Grupo | B95: Descrição | F95: Salário Base | G95: Ad. Peric. | H95: Ad. Noturno + Hr. Reduzida | I95: Ad. Insalubr. | J95: Ad. Acum. Função
A96: 1 | B96: Auxiliar de Limpeza - 44 horas Semanais | G96: 0 | H96: =ROUND((6*$J$74)*(F96/220)*'Indicadores Financeiros'!$J$79,2)+ROUND((6*$J$74)*(F96/220)*((60/52.5)-1)*(1+'Indicadores Financeiros'!$J$79),2) -> 0 | I96: 0 | J96: =ROUND($F96*$J$82,2) -> 0
A97: 2 | B97: Auxiliar de Limpeza - 24 horas Semanais | G97: 0 | H97: 0 | I97: 0 | J97: =ROUND($F97*$J$82,2) -> 0
A98: 3 | B98: Auxiliar de Limpeza - 44 horas Semanais - Área Médica | G98: 0 | H98: 0 | I98: =IF(F98=0,0,ROUND($J$83*$J$80,2)) -> 0 | J98: 0
A99: 4 | B99: Agente de Higienização - 44 horas semanais | G99: 0 | H99: =ROUND((6*$J$74)*((F99+I99)/220)*'Indicadores Financeiros'!$J$79,2)+ROUND((6*$J$74)*((F99+I99)/220)*((60/52.5)-1)*(1+'Indicadores Financeiros'!$J$79),2) -> 0 | I99: =IF(F99=0,0,ROUND($J$83*$J$81,2)) -> 0 | J99: 0
A100: 7 | B100: Encarregado de Limpeza (11 ou mais subordinados) - 44 horas Semanais | G100: 0 | H100: =ROUND((6*$J$74)*(F100/220)*'Indicadores Financeiros'!$J$79,2)+ROUND((6*$J$74)*(F100/220)*((60/52.5)-1)*(1+'Indicadores Financeiros'!$J$79),2) -> 0 | I100: 0 | J100: 0
A102: BENEFÍCIOS - Convenção Coletiva de Trabalho
D103: Base | E103: Funções de Limpeza | H103: Jardineiro(a)
E104: Valor | F104: Parte do Empregado | G104: Valor Final | H104: Valor | I104: Parte do Empregado | J104: Valor Final
A105: 1 | B105: Assistência médica | D105: Valor Mensal | G105: =ROUND(E105-F105,2) -> 0 | J105: =ROUND(H105-I105,2) -> 0
A106: 2 | B106: Auxílio Creche | D106: Valor Mensal | G106: =ROUND(E106-F106,2) -> 0 | J106: =ROUND(H106-I106,2) -> 0
A107: 3 | B107: Benefício Social Sindical | D107: Valor Mensal | G107: =ROUND(E107-F107,2) -> 0 | J107: =ROUND(H107-I107,2) -> 0
A108: 4 | B108: Benefício Natalidade | D108: Valor Mensal | G108: =ROUND(E108-F108,2) -> 0 | J108: =ROUND(H108-I108,2) -> 0
A109: 5 | B109: Cesta básica | D109: Valor Mensal | G109: =ROUND(E109-F109,2) -> 0 | J109: =ROUND(H109-I109,2) -> 0
A110: 6 | B110: Dia do Trabalhador | D110: Valor Mensal | G110: =ROUND(E110-F110,2) -> 0 | J110: =ROUND(H110-I110,2) -> 0
A111: 7 | B111: Norma Regulamentadora Nº 07 | D111: Valor Mensal | G111: =ROUND(E111-F111,2) -> 0 | J111: =ROUND(H111-I111,2) -> 0
A112: 8 | B112: Seguro de vida | D112: Valor Mensal | G112: =ROUND(E112-F112,2) -> 0 | J112: =ROUND(H112-I112,2) -> 0
...

Sheet Relatório Custo
A1: Agrupador | B1: Código Local | C1: Descrição Local | D1: Comarca | E1: Código | F1: Função | G1: Unidade | H1: Periodicidade | I1: Dias Úteis Estimados | J1: Horas | K1: Quantidade - Horas/Posto/M2 | L1: Valor M2 | M1: REMUNERAÇÃO | N1: Encargos Sociais e Trabalhistas | O1: Benefícios | P1: Vale Transporte | Q1: Uniformes e EPI´s | R1: Materiais | S1: Valor Total Mensal Unitário | T1: BDI | U1: Valor Total Unitário com BDI | V1: Valor Total Mensal | W1: Mês de inicio da Prestação do Serviço | X1: Valor Total período contratual | Z1: Valor Total Mensal Remuneração | AA1: Valor Mensal a Contigenciar | AC1: Desconto - Falta sem reposição (por funcionário) | AD1: Desconto - Dia útil não trabalhado (por funcionário) | AE1: Desconto Mensal - Benefício Assiduidade (por funcionário)
A3: 1 | B3: =VLOOKUP($A3,'Indicadores Financeiros'!$A$127:$J$229,2,FALSE) -> 316 | C3: =VLOOKUP($A3,'Indicadores Financeiros'!$A$127:$J$229,3,FALSE) -> São Paulo - Fórum Fazenda Pública - Hely Lopes Meirelles | D3: =VLOOKUP($B3,BIP!A:E,5,FALSE) -> São Paulo | E3: 690001 | F3: =VLOOKUP($E3,'Tabela de Códigos e Valores'!$A:$M,2,FALSE) -> Auxiliar de limpeza - diurno - 44 horas semanais (segunda a sexta-feira) | G3: =VLOOKUP($E3,'Tabela de Códigos e Valores'!$A:$M,5,FALSE) -> Posto | H3: =VLOOKUP($E3,'Tabela de Códigos e Valores'!$A:$M,6,FALSE) -> Mensal | I3: =VLOOKUP($E3,'Tabela de Códigos e Valores'!$A:$M,7,FALSE) -> 21 | J3: =VLOOKUP($E3,'Tabela de Códigos e Valores'!$A:$M,8,FALSE) -> 0 | K3: 27 | L3: =IFERROR(VLOOKUP(E3,'Indicadores Financeiros'!$A$90:$J$92,10,FALSE),0) -> 0 | M3: =VLOOKUP($E3,'Tabela de Códigos e Valores'!$A:$Z,16,FALSE) -> 0 | N3: =VLOOKUP($E3,'Tabela de Códigos e Valores'!$A:$Z,17,FALSE) -> 0 | O3: =VLOOKUP($E3,'Tabela de Códigos e Valores'!$A:$AAB,28,FALSE) -> 0 | P3: =ROUND(IF($G3<>"M2",IF(VLOOKUP($E3,'Tabela de Códigos e Valores'!$A:$J,10,FALSE)*6%>=VLOOKUP('Relatório Custo'!$A3,'Indicadores Financeiros'!$A$127:$I$131,9,FALSE)*'Relatório Custo'!I3,0,VLOOKUP('Relatório Custo'!$A3,'Indicadores Financeiros'!$A$127:$I$131,9,FALSE)*'Relatório Custo'!I3-VLOOKUP($E3,'Tabela de Códigos e Valores'!$A:$J,10,FALSE)*6%),0),2) -> 0 | Q3: =VLOOKUP($E3,'Tabela de Códigos e Valores'!$A:$AAC,30,FALSE) -> 0 | R3: =ROUND(ROUND(($M3+$N3+$O3+$P3+$Q3),2)*VLOOKUP($E3,'Tabela de Códigos e Valores'!$A:$AE,31,FALSE)/(1-VLOOKUP($E3,'Tabela de Códigos e Valores'!$A:$AE,31,FALSE)),2) -> 0 | S3: =SUM(L3:R3) -> 0 | T3: =VLOOKUP($A3,'Indicadores Financeiros'!$A$127:$J$131,8,FALSE) -> 0.0204 | U3: =ROUND(S3*(1+T3),2) -> 0 | V3: =ROUND(U3*K3,2) -> 0 | W3: =VLOOKUP($A3,'Indicadores Financeiros'!$A$127:$J$131,10) -> 1 | X3: =U3*IF(H3="Mensal",('Indicadores Financeiros'!$F$14-W3+1),IF(H3="Trimestral",INT(('Indicadores Financeiros'!$F$14-W3+1)/3),INT(('Indicadores Financeiros'!$F$14-W3+1)/12)))*K3 -> 0 | Z3: =IF(G3="Posto",M3,0)*K3 -> 0 | AA3: =ROUND('Indicadores Financeiros'!$J$71*$Z3,4) -> 0 | AC3: =ROUND(IF(OR($G3="Posto",$G3="Plantão"),$U3/$I3,0),2) -> 0 | AD3: =ROUND((ROUND(VLOOKUP($E3,'Tabela de Códigos e Valores'!$A:$AB,26,FALSE)/I3,2)+ROUND(P3/I3,2)+ROUND(M3*'Indicadores Financeiros'!$J$61/I3,2)+ROUND(R3/I3,2))*(1+T3),2) -> 0 | AE3: =IF(G3="posto",IF(OR(E3=690018,E3=690019),'Indicadores Financeiros'!$J$108,IF(OR(E3=690002,E3=690016,E3=690019,E3=690035,E3=690038,E3=690064),'Indicadores Financeiros'!$G$108/2*(1+T3),'Indicadores Financeiros'!$G$108*(1+T3))),0) -> 0
A4: 1 | B4: =VLOOKUP($A4,'Indicadores Financeiros'!$A$127:$J$229,2,FALSE) -> 316 | C4: =VLOOKUP($A4,'Indicadores Financeiros'!$A$127:$J$229,3,FALSE) -> São Paulo - Fórum Fazenda Pública - Hely Lopes Meirelles | D4: =VLOOKUP($B4,BIP!A:E,5,FALSE) -> São Paulo | E4: 690020 | F4: =VLOOKUP($E4,'Tabela de Códigos e Valores'!$A:$M,2,FALSE) -> Serviço de Jardinagem | G4: =VLOOKUP($E4,'Tabela de Códigos e Valores'!$A:$M,5,FALSE) -> M2 | H4: =VLOOKUP($E4,'Tabela de Códigos e Valores'!$A:$M,6,FALSE) -> Mensal | I4: =VLOOKUP($E4,'Tabela de Códigos e Valores'!$A:$M,7,FALSE) -> 0 | J4: =VLOOKUP($E4,'Tabela de Códigos e Valores'!$A:$M,8,FALSE) -> 0 | K4: 90 | L4: =IFERROR(VLOOKUP(E4,'Indicadores Financeiros'!$A$90:$J$92,10,FALSE),0) -> 0 | M4: =VLOOKUP($E4,'Tabela de Códigos e Valores'!$A:$Z,16,FALSE) -> 0 | N4: =VLOOKUP($E4,'Tabela de Códigos e Valores'!$A:$Z,17,FALSE) -> 0 | O4: =VLOOKUP($E4,'Tabela de Códigos e Valores'!$A:$AAB,28,FALSE) -> 0 | P4: =ROUND(IF($G4<>"M2",IF(VLOOKUP($E4,'Tabela de Códigos e Valores'!$A:$J,10,FALSE)*6%>=VLOOKUP('Relatório Custo'!$A4,'Indicadores Financeiros'!$A$127:$I$131,9,FALSE)*'Relatório Custo'!I4,0,VLOOKUP('Relatório Custo'!$A4,'Indicadores Financeiros'!$A$127:$I$131,9,FALSE)*'Relatório Custo'!I4-VLOOKUP($E4,'Tabela de Códigos e Valores'!$A:$J,10,FALSE)*6%),0),2) -> 0 | Q4: =VLOOKUP($E4,'Tabela de Códigos e Valores'!$A:$AAC,30,FALSE) -> 0 | R4: =ROUND(ROUND(($M4+$N4+$O4+$P4+$Q4),2)*VLOOKUP($E4,'Tabela de Códigos e Valores'!$A:$AE,31,FALSE)/(1-VLOOKUP($E4,'Tabela de Códigos e Valores'!$A:$AE,31,FALSE)),2) -> 0 | S4: =SUM(L4:R4) -> 0 | T4: =VLOOKUP($A4,'Indicadores Financeiros'!$A$127:$J$131,8,FALSE) -> 0.0204 | U4: =ROUND(S4*(1+T4),2) -> 0 | V4: =ROUND(U4*K4,2) -> 0 | W4: =VLOOKUP($A4,'Indicadores Financeiros'!$A$127:$J$131,10) -> 1 | X4: =U4*IF(H4="Mensal",('Indicadores Financeiros'!$F$14-W4+1),IF(H4="Trimestral",INT(('Indicadores Financeiros'!$F$14-W4+1)/3),INT(('Indicadores Financeiros'!$F$14-W4+1)/12)))*K4 -> 0 | Z4: =IF(G4="Posto",M4,0)*K4 -> 0 | AA4: =ROUND('Indicadores Financeiros'!$J$71*$Z4,4) -> 0 | AC4: =ROUND(IF(OR($G4="Posto",$G4="Plantão"),$U4/$I4,0),2) -> 0 | AD4: =IF(G4="m2",0,ROUND((ROUND(VLOOKUP($E4,'Tabela de Códigos e Valores'!$A:$AB,26,FALSE)/I4,2)+ROUND(P4/I4,2)+ROUND(M4*'Indicadores Financeiros'!$J$61/I4,2)+ROUND(R4/I4,2))*(1+T4),2)) -> 0 | AE4: =IF(G4="posto",IF(OR(E4=690018,E4=690019),'Indicadores Financeiros'!$J$108,IF(OR(E4=690002,E4=690016,E4=690019,E4=690035,E4=690038,E4=690064),'Indicadores Financeiros'!$G$108/2*(1+T4),'Indicadores Financeiros'!$G$108*(1+T4))),0) -> 0
A5: 1 | B5: =VLOOKUP($A5,'Indicadores Financeiros'!$A$127:$J$229,2,FALSE) -> 316 | C5: =VLOOKUP($A5,'Indicadores Financeiros'!$A$127:$J$229,3,FALSE) -> São Paulo - Fórum Fazenda Pública - Hely Lopes Meirelles | D5: =VLOOKUP($B5,BIP!A:E,5,FALSE) -> São Paulo | E5: 690021 | F5: =VLOOKUP($E5,'Tabela de Códigos e Valores'!$A:$M,2,FALSE) -> Serviço de limpeza de vidros com exposição à situação de risco | G5: =VLOOKUP($E5,'Tabela de Códigos e Valores'!$A:$M,5,FALSE) -> M2 | H5: =VLOOKUP($E5,'Tabela de Códigos e Valores'!$A:$M,6,FALSE) -> Trimestral | I5: =VLOOKUP($E5,'Tabela de Códigos e Valores'!$A:$M,7,FALSE) -> 0 | J5: =VLOOKUP($E5,'Tabela de Códigos e Valores'!$A:$M,8,FALSE) -> 0 | K5: 280 | L5: =IFERROR(VLOOKUP(E5,'Indicadores Financeiros'!$A$90:$J$92,10,FALSE),0) -> 0 | M5: =VLOOKUP($E5,'Tabela de Códigos e Valores'!$A:$Z,16,FALSE) -> 0 | N5: =VLOOKUP($E5,'Tabela de Códigos e Valores'!$A:$Z,17,FALSE) -> 0 | O5: =VLOOKUP($E5,'Tabela de Códigos e Valores'!$A:$AAB,28,FALSE) -> 0 | P5: =ROUND(IF($G5<>"M2",IF(VLOOKUP($E5,'Tabela de Códigos e Valores'!$A:$J,10,FALSE)*6%>=VLOOKUP('Relatório Custo'!$A5,'Indicadores Financeiros'!$A$127:$I$131,9,FALSE)*'Relatório Custo'!I5,0,VLOOKUP('Relatório Custo'!$A5,'Indicadores Financeiros'!$A$127:$I$131,9,FALSE)*'Relatório Custo'!I5-VLOOKUP($E5,'Tabela de Códigos e Valores'!$A:$J,10,FALSE)*6%),0),2) -> 0 | Q5: =VLOOKUP($E5,'Tabela de Códigos e Valores'!$A:$AAC,30,FALSE) -> 0 | R5: =ROUND(ROUND(($M5+$N5+$O5+$P5+$Q5),2)*VLOOKUP($E5,'Tabela de Códigos e Valores'!$A:$AE,31,FALSE)/(1-VLOOKUP($E5,'Tabela de Códigos e Valores'!$A:$AE,31,FALSE)),2) -> 0 | S5: =SUM(L5:R5) -> 0 | T5: =VLOOKUP($A5,'Indicadores Financeiros'!$A$127:$J$131,8,FALSE) -> 0.0204 | U5: =ROUND(S5*(1+T5),2) -> 0 | V5: =ROUND(U5*K5,2) -> 0 | W5: =VLOOKUP($A5,'Indicadores Financeiros'!$A$127:$J$131,10) -> 1 | X5: =U5*IF(H5="Mensal",('Indicadores Financeiros'!$F$14-W5+1),IF(H5="Trimestral",INT(('Indicadores Financeiros'!$F$14-W5+1)/3),INT(('Indicadores Financeiros'!$F$14-W5+1)/12)))*K5 -> 0 | Z5: =IF(G5="Posto",M5,0)*K5 -> 0 | AA5: =ROUND('Indicadores Financeiros'!$J$71*$Z5,4) -> 0 | AC5: =ROUND(IF(OR($G5="Posto",$G5="Plantão"),$U5/$I5,0),2) -> 0 | AD5: =IF(G5="m2",0,ROUND((ROUND(VLOOKUP($E5,'Tabela de Códigos e Valores'!$A:$AB,26,FALSE)/I5,2)+ROUND(P5/I5,2)+ROUND(M5*'Indicadores Financeiros'!$J$61/I5,2)+ROUND(R5/I5,2))*(1+T5),2)) -> 0 | AE5: =IF(G5="posto",IF(OR(E5=690018,E5=690019),'Indicadores Financeiros'!$J$108,IF(OR(E5=690002,E5=690016,E5=690019,E5=690035,E5=690038,E5=690064),'Indicadores Financeiros'!$G$108/2*(1+T5),'Indicadores Financeiros'!$G$108*(1+T5))),0) -> 0
A6: 1 | B6: =VLOOKUP($A6,'Indicadores Financeiros'!$A$127:$J$229,2,FALSE) -> 316 | C6: =VLOOKUP($A6,'Indicadores Financeiros'!$A$127:$J$229,3,FALSE) -> São Paulo - Fórum Fazenda Pública - Hely Lopes Meirelles | D6: =VLOOKUP($B6,BIP!A:E,5,FALSE) -> São Paulo | E6: 690029 | F6: =VLOOKUP($E6,'Tabela de Códigos e Valores'!$A:$M,2,FALSE) -> Serviço de limpeza de vidros sem exposição à situação de risco | G6: =VLOOKUP($E6,'Tabela de Códigos e Valores'!$A:$M,5,FALSE) -> M2 | H6: =VLOOKUP($E6,'Tabela de Códigos e Valores'!$A:$M,6,FALSE) -> Trimestral | I6: =VLOOKUP($E6,'Tabela de Códigos e Valores'!$A:$M,7,FALSE) -> 0 | J6: =VLOOKUP($E6,'Tabela de Códigos e Valores'!$A:$M,8,FALSE) -> 0 | K6: 3556 | L6: =IFERROR(VLOOKUP(E6,'Indicadores Financeiros'!$A$90:$J$92,10,FALSE),0) -> 0 | M6: =VLOOKUP($E6,'Tabela de Códigos e Valores'!$A:$Z,16,FALSE) -> 0 | N6: =VLOOKUP($E6,'Tabela de Códigos e Valores'!$A:$Z,17,FALSE) -> 0 | O6: =VLOOKUP($E6,'Tabela de Códigos e Valores'!$A:$AAB,28,FALSE) -> 0 | P6: =ROUND(IF($G6<>"M2",IF(VLOOKUP($E6,'Tabela de Códigos e Valores'!$A:$J,10,FALSE)*6%>=VLOOKUP('Relatório Custo'!$A6,'Indicadores Financeiros'!$A$127:$I$131,9,FALSE)*'Relatório Custo'!I6,0,VLOOKUP('Relatório Custo'!$A6,'Indicadores Financeiros'!$A$127:$I$131,9,FALSE)*'Relatório Custo'!I6-VLOOKUP($E6,'Tabela de Códigos e Valores'!$A:$J,10,FALSE)*6%),0),2) -> 0 | Q6: =VLOOKUP($E6,'Tabela de Códigos e Valores'!$A:$AAC,30,FALSE) -> 0 | R6: =ROUND(ROUND(($M6+$N6+$O6+$P6+$Q6),2)*VLOOKUP($E6,'Tabela de Códigos e Valores'!$A:$AE,31,FALSE)/(1-VLOOKUP($E6,'Tabela de Códigos e Valores'!$A:$AE,31,FALSE)),2) -> 0 | S6: =SUM(L6:R6) -> 0 | T6: =VLOOKUP($A6,'Indicadores Financeiros'!$A$127:$J$131,8,FALSE) -> 0.0204 | U6: =ROUND(S6*(1+T6),2) -> 0 | V6: =ROUND(U6*K6,2) -> 0 | W6: =VLOOKUP($A6,'Indicadores Financeiros'!$A$127:$J$131,10) -> 1 | X6: =U6*IF(H6="Mensal",('Indicadores Financeiros'!$F$14-W6+1),IF(H6="Trimestral",INT(('Indicadores Financeiros'!$F$14-W6+1)/3),INT(('Indicadores Financeiros'!$F$14-W6+1)/12)))*K6 -> 0 | Z6: =IF(G6="Posto",M6,0)*K6 -> 0 | AA6: =ROUND('Indicadores Financeiros'!$J$71*$Z6,4) -> 0 | AC6: =ROUND(IF(OR($G6="Posto",$G6="Plantão"),$U6/$I6,0),2) -> 0 | AD6: =IF(G6="m2",0,ROUND((ROUND(VLOOKUP($E6,'Tabela de Códigos e Valores'!$A:$AB,26,FALSE)/I6,2)+ROUND(P6/I6,2)+ROUND(M6*'Indicadores Financeiros'!$J$61/I6,2)+ROUND(R6/I6,2))*(1+T6),2)) -> 0 | AE6: =IF(G6="posto",IF(OR(E6=690018,E6=690019),'Indicadores Financeiros'!$J$108,IF(OR(E6=690002,E6=690016,E6=690019,E6=690035,E6=690038,E6=690064),'Indicadores Financeiros'!$G$108/2*(1+T6),'Indicadores Financeiros'!$G$108*(1+T6))),0) -> 0
A7: 1 | B7: =VLOOKUP($A7,'Indicadores Financeiros'!$A$127:$J$229,2,FALSE) -> 316 | C7: =VLOOKUP($A7,'Indicadores Financeiros'!$A$127:$J$229,3,FALSE) -> São Paulo - Fórum Fazenda Pública - Hely Lopes Meirelles | D7: =VLOOKUP($B7,BIP!A:E,5,FALSE) -> São Paulo | E7: 690037 | F7: =VLOOKUP($E7,'Tabela de Códigos e Valores'!$A:$M,2,FALSE) -> Agente de Higienização (Tempo Integral) - (40%) - 44 horas semanais | G7: =VLOOKUP($E7,'Tabela de Códigos e Valores'!$A:$M,5,FALSE) -> Posto | H7: =VLOOKUP($E7,'Tabela de Códigos e Valores'!$A:$M,6,FALSE) -> Mensal | I7: =VLOOKUP($E7,'Tabela de Códigos e Valores'!$A:$M,7,FALSE) -> 21 | J7: =VLOOKUP($E7,'Tabela de Códigos e Valores'!$A:$M,8,FALSE) -> 0 | K7: 6 | L7: =IFERROR(VLOOKUP(E7,'Indicadores Financeiros'!$A$90:$J$92,10,FALSE),0) -> 0 | M7: =VLOOKUP($E7,'Tabela de Códigos e Valores'!$A:$Z,16,FALSE) -> 0 | N7: =VLOOKUP($E7,'Tabela de Códigos e Valores'!$A:$Z,17,FALSE) -> 0 | O7: =VLOOKUP($E7,'Tabela de Códigos e Valores'!$A:$AAB,28,FALSE) -> 0 | P7: =ROUND(IF($G7<>"M2",IF(VLOOKUP($E7,'Tabela de Códigos e Valores'!$A:$J,10,FALSE)*6%>=VLOOKUP('Relatório Custo'!$A7,'Indicadores Financeiros'!$A$127:$I$131,9,FALSE)*'Relatório Custo'!I7,0,VLOOKUP('Relatório Custo'!$A7,'Indicadores Financeiros'!$A$127:$I$131,9,FALSE)*'Relatório Custo'!I7-VLOOKUP($E7,'Tabela de Códigos e Valores'!$A:$J,10,FALSE)*6%),0),2) -> 0 | Q7: =VLOOKUP($E7,'Tabela de Códigos e Valores'!$A:$AAC,30,FALSE) -> 0 | R7: =ROUND(ROUND(($M7+$N7+$O7+$P7+$Q7),2)*VLOOKUP($E7,'Tabela de Códigos e Valores'!$A:$AE,31,FALSE)/(1-VLOOKUP($E7,'Tabela de Códigos e Valores'!$A:$AE,31,FALSE)),2) -> 0 | S7: =SUM(L7:R7) -> 0 | T7: =VLOOKUP($A7,'Indicadores Financeiros'!$A$127:$J$131,8,FALSE) -> 0.0204 | U7: =ROUND(S7*(1+T7),2) -> 0 | V7: =ROUND(U7*K7,2) -> 0 | W7: =VLOOKUP($A7,'Indicadores Financeiros'!$A$127:$J$131,10) -> 1 | X7: =U7*IF(H7="Mensal",('Indicadores Financeiros'!$F$14-W7+1),IF(H7="Trimestral",INT(('Indicadores Financeiros'!$F$14-W7+1)/3),INT(('Indicadores Financeiros'!$F$14-W7+1)/12)))*K7 -> 0 | Z7: =IF(G7="Posto",M7,0)*K7 -> 0 | AA7: =ROUND('Indicadores Financeiros'!$J$71*$Z7,4) -> 0 | AC7: =ROUND(IF(OR($G7="Posto",$G7="Plantão"),$U7/$I7,0),2) -> 0 | AD7: =ROUND((ROUND(VLOOKUP($E7,'Tabela de Códigos e Valores'!$A:$AB,26,FALSE)/I7,2)+ROUND(P7/I7,2)+ROUND(M7*'Indicadores Financeiros'!$J$61/I7,2)+ROUND(R7/I7,2))*(1+T7),2) -> 0 | AE7: =IF(G7="posto",IF(OR(E7=690018,E7=690019),'Indicadores Financeiros'!$J$108,IF(OR(E7=690002,E7=690016,E7=690019,E7=690035,E7=690038,E7=690064),'Indicadores Financeiros'!$G$108/2*(1+T7),'Indicadores Financeiros'!$G$108*(1+T7))),0) -> 0
A8: 1 | B8: =VLOOKUP($A8,'Indicadores Financeiros'!$A$127:$J$229,2,FALSE) -> 316 | C8: =VLOOKUP($A8,'Indicadores Financeiros'!$A$127:$J$229,3,FALSE) -> São Paulo - Fórum Fazenda Pública - Hely Lopes Meirelles | D8: =VLOOKUP($B8,BIP!A:E,5,FALSE) -> São Paulo | E8: 690056 | F8: =VLOOKUP($E8,'Tabela de Códigos e Valores'!$A:$M,2,FALSE) -> Encarregado(a) 11 ou mais subordinados - diurno - 44 horas semanais | G8: =VLOOKUP($E8,'Tabela de Códigos e Valores'!$A:$M,5,FALSE) -> Posto | H8: =VLOOKUP($E8,'Tabela de Códigos e Valores'!$A:$M,6,FALSE) -> Mensal | I8: =VLOOKUP($E8,'Tabela de Códigos e Valores'!$A:$M,7,FALSE) -> 21 | J8: =VLOOKUP($E8,'Tabela de Códigos e Valores'!$A:$M,8,FALSE) -> 0 | K8: 1 | L8: =IFERROR(VLOOKUP(E8,'Indicadores Financeiros'!$A$90:$J$92,10,FALSE),0) -> 0 | M8: =VLOOKUP($E8,'Tabela de Códigos e Valores'!$A:$Z,16,FALSE) -> 0 | N8: =VLOOKUP($E8,'Tabela de Códigos e Valores'!$A:$Z,17,FALSE) -> 0 | O8: =VLOOKUP($E8,'Tabela de Códigos e Valores'!$A:$AAB,28,FALSE) -> 0 | P8: =ROUND(IF($G8<>"M2",IF(VLOOKUP($E8,'Tabela de Códigos e Valores'!$A:$J,10,FALSE)*6%>=VLOOKUP('Relatório Custo'!$A8,'Indicadores Financeiros'!$A$127:$I$131,9,FALSE)*'Relatório Custo'!I8,0,VLOOKUP('Relatório Custo'!$A8,'Indicadores Financeiros'!$A$127:$I$131,9,FALSE)*'Relatório Custo'!I8-VLOOKUP($E8,'Tabela de Códigos e Valores'!$A:$J,10,FALSE)*6%),0),2) -> 0 | Q8: =VLOOKUP($E8,'Tabela de Códigos e Valores'!$A:$AAC,30,FALSE) -> 0 | R8: =ROUND(ROUND(($M8+$N8+$O8+$P8+$Q8),2)*VLOOKUP($E8,'Tabela de Códigos e Valores'!$A:$AE,31,FALSE)/(1-VLOOKUP($E8,'Tabela de Códigos e Valores'!$A:$AE,31,FALSE)),2) -> 0 | S8: =SUM(L8:R8) -> 0 | T8: =VLOOKUP($A8,'Indicadores Financeiros'!$A$127:$J$131,8,FALSE) -> 0.0204 | U8: =ROUND(S8*(1+T8),2) -> 0 | V8: =ROUND(U8*K8,2) -> 0 | W8: =VLOOKUP($A8,'Indicadores Financeiros'!$A$127:$J$131,10) -> 1 | X8: =U8*IF(H8="Mensal",('Indicadores Financeiros'!$F$14-W8+1),IF(H8="Trimestral",INT(('Indicadores Financeiros'!$F$14-W8+1)/3),INT(('Indicadores Financeiros'!$F$14-W8+1)/12)))*K8 -> 0 | Z8: =IF(G8="Posto",M8,0)*K8 -> 0 | AA8: =ROUND('Indicadores Financeiros'!$J$71*$Z8,4) -> 0 | AC8: =ROUND(IF(OR($G8="Posto",$G8="Plantão"),$U8/$I8,0),2) -> 0 | AD8: =ROUND((ROUND(VLOOKUP($E8,'Tabela de Códigos e Valores'!$A:$AB,26,FALSE)/I8,2)+ROUND(P8/I8,2)+ROUND(M8*'Indicadores Financeiros'!$J$61/I8,2)+ROUND(R8/I8,2))*(1+T8),2) -> 0 | AE8: =IF(G8="posto",IF(OR(E8=690018,E8=690019),'Indicadores Financeiros'!$J$108,IF(OR(E8=690002,E8=690016,E8=690019,E8=690035,E8=690038,E8=690064),'Indicadores Financeiros'!$G$108/2*(1+T8),'Indicadores Financeiros'!$G$108*(1+T8))),0) -> 0
A9: 2 | B9: =VLOOKUP($A9,'Indicadores Financeiros'!$A$127:$J$229,2,FALSE) -> 339 | C9: =VLOOKUP($A9,'Indicadores Financeiros'!$A$127:$J$229,3,FALSE) -> São Paulo - Consolação EPM | D9: =VLOOKUP($B9,BIP!A:E,5,FALSE) -> São Paulo | E9: 690001 | F9: =VLOOKUP($E9,'Tabela de Códigos e Valores'!$A:$M,2,FALSE) -> Auxiliar de limpeza - diurno - 44 horas semanais (segunda a sexta-feira) | G9: =VLOOKUP($E9,'Tabela de Códigos e Valores'!$A:$M,5,FALSE) -> Posto | H9: =VLOOKUP($E9,'Tabela de Códigos e Valores'!$A:$M,6,FALSE) -> Mensal | I9: =VLOOKUP($E9,'Tabela de Códigos e Valores'!$A:$M,7,FALSE) -> 21 | J9: =VLOOKUP($E9,'Tabela de Códigos e Valores'!$A:$M,8,FALSE) -> 0 | K9: 15 | L9: =IFERROR(VLOOKUP(E9,'Indicadores Financeiros'!$A$90:$J$92,10,FALSE),0) -> 0 | M9: =VLOOKUP($E9,'Tabela de Códigos e Valores'!$A:$Z,16,FALSE) -> 0 | N9: =VLOOKUP($E9,'Tabela de Códigos e Valores'!$A:$Z,17,FALSE) -> 0 | O9: =VLOOKUP($E9,'Tabela de Códigos e Valores'!$A:$AAB,28,FALSE) -> 0 | P9: =ROUND(IF($G9<>"M2",IF(VLOOKUP($E9,'Tabela de Códigos e Valores'!$A:$J,10,FALSE)*6%>=VLOOKUP('Relatório Custo'!$A9,'Indicadores Financeiros'!$A$127:$I$131,9,FALSE)*'Relatório Custo'!I9,0,VLOOKUP('Relatório Custo'!$A9,'Indicadores Financeiros'!$A$127:$I$131,9,FALSE)*'Relatório Custo'!I9-VLOOKUP($E9,'Tabela de Códigos e Valores'!$A:$J,10,FALSE)*6%),0),2) -> 0 | Q9: =VLOOKUP($E9,'Tabela de Códigos e Valores'!$A:$AAC,30,FALSE) -> 0 | R9: =ROUND(ROUND(($M9+$N9+$O9+$P9+$Q9),2)*VLOOKUP($E9,'Tabela de Códigos e Valores'!$A:$AE,31,FALSE)/(1-VLOOKUP($E9,'Tabela de Códigos e Valores'!$A:$AE,31,FALSE)),2) -> 0 | S9: =SUM(L9:R9) -> 0 | T9: =VLOOKUP($A9,'Indicadores Financeiros'!$A$127:$J$131,8,FALSE) -> 0.0204 | U9: =ROUND(S9*(1+T9),2) -> 0 | V9: =ROUND(U9*K9,2) -> 0 | W9: =VLOOKUP($A9,'Indicadores Financeiros'!$A$127:$J$131,10) -> 1 | X9: =U9*IF(H9="Mensal",('Indicadores Financeiros'!$F$14-W9+1),IF(H9="Trimestral",INT(('Indicadores Financeiros'!$F$14-W9+1)/3),INT(('Indicadores Financeiros'!$F$14-W9+1)/12)))*K9 -> 0 | Z9: =IF(G9="Posto",M9,0)*K9 -> 0 | AA9: =ROUND('Indicadores Financeiros'!$J$71*$Z9,4) -> 0 | AC9: =ROUND(IF(OR($G9="Posto",$G9="Plantão"),$U9/$I9,0),2) -> 0 | AD9: =ROUND((ROUND(VLOOKUP($E9,'Tabela de Códigos e Valores'!$A:$AB,26,FALSE)/I9,2)+ROUND(P9/I9,2)+ROUND(M9*'Indicadores Financeiros'!$J$61/I9,2)+ROUND(R9/I9,2))*(1+T9),2) -> 0 | AE9: =IF(G9="posto",IF(OR(E9=690018,E9=690019),'Indicadores Financeiros'!$J$108,IF(OR(E9=690002,E9=690016,E9=690019,E9=690035,E9=690038,E9=690064),'Indicadores Financeiros'!$G$108/2*(1+T9),'Indicadores Financeiros'!$G$108*(1+T9))),0) -> 0
A10: 2 | B10: =VLOOKUP($A10,'Indicadores Financeiros'!$A$127:$J$229,2,FALSE) -> 339 | C10: =VLOOKUP($A10,'Indicadores Financeiros'!$A$127:$J$229,3,FALSE) -> São Paulo - Consolação EPM | D10: =VLOOKUP($B10,BIP!A:E,5,FALSE) -> São Paulo | E10: 690020 | F10: =VLOOKUP($E10,'Tabela de Códigos e Valores'!$A:$M,2,FALSE) -> Serviço de Jardinagem | G10: =VLOOKUP($E10,'Tabela de Códigos e Valores'!$A:$M,5,FALSE) -> M2 | H10: =VLOOKUP($E10,'Tabela de Códigos e Valores'!$A:$M,6,FALSE) -> Mensal | I10: =VLOOKUP($E10,'Tabela de Códigos e Valores'!$A:$M,7,FALSE) -> 0 | J10: =VLOOKUP($E10,'Tabela de Códigos e Valores'!$A:$M,8,FALSE) -> 0 | K10: 100 | L10: =IFERROR(VLOOKUP(E10,'Indicadores Financeiros'!$A$90:$J$92,10,FALSE),0) -> 0 | M10: =VLOOKUP($E10,'Tabela de Códigos e Valores'!$A:$Z,16,FALSE) -> 0 | N10: =VLOOKUP($E10,'Tabela de Códigos e Valores'!$A:$Z,17,FALSE) -> 0 | O10: =VLOOKUP($E10,'Tabela de Códigos e Valores'!$A:$AAB,28,FALSE) -> 0 | P10: =ROUND(IF($G10<>"M2",IF(VLOOKUP($E10,'Tabela de Códigos e Valores'!$A:$J,10,FALSE)*6%>=VLOOKUP('Relatório Custo'!$A10,'Indicadores Financeiros'!$A$127:$I$131,9,FALSE)*'Relatório Custo'!I10,0,VLOOKUP('Relatório Custo'!$A10,'Indicadores Financeiros'!$A$127:$I$131,9,FALSE)*'Relatório Custo'!I10-VLOOKUP($E10,'Tabela de Códigos e Valores'!$A:$J,10,FALSE)*6%),0),2) -> 0 | Q10: =VLOOKUP($E10,'Tabela de Códigos e Valores'!$A:$AAC,30,FALSE) -> 0 | R10: =ROUND(ROUND(($M10+$N10+$O10+$P10+$Q10),2)*VLOOKUP($E10,'Tabela de Códigos e Valores'!$A:$AE,31,FALSE)/(1-VLOOKUP($E10,'Tabela de Códigos e Valores'!$A:$AE,31,FALSE)),2) -> 0 | S10: =SUM(L10:R10) -> 0 | T10: =VLOOKUP($A10,'Indicadores Financeiros'!$A$127:$J$131,8,FALSE) -> 0.0204 | U10: =ROUND(S10*(1+T10),2) -> 0 | V10: =ROUND(U10*K10,2) -> 0 | W10: =VLOOKUP($A10,'Indicadores Financeiros'!$A$127:$J$131,10) -> 1 | X10: =U10*IF(H10="Mensal",('Indicadores Financeiros'!$F$14-W10+1),IF(H10="Trimestral",INT(('Indicadores Financeiros'!$F$14-W10+1)/3),INT(('Indicadores Financeiros'!$F$14-W10+1)/12)))*K10 -> 0 | Z10: =IF(G10="Posto",M10,0)*K10 -> 0 | AA10: =ROUND('Indicadores Financeiros'!$J$71*$Z10,4) -> 0 | AC10: =ROUND(IF(OR($G10="Posto",$G10="Plantão"),$U10/$I10,0),2) -> 0 | AD10: =IF(G10="m2",0,ROUND((ROUND(VLOOKUP($E10,'Tabela de Códigos e Valores'!$A:$AB,26,FALSE)/I10,2)+ROUND(P10/I10,2)+ROUND(M10*'Indicadores Financeiros'!$J$61/I10,2)+ROUND(R10/I10,2))*(1+T10),2)) -> 0 | AE10: =IF(G10="posto",IF(OR(E10=690018,E10=690019),'Indicadores Financeiros'!$J$108,IF(OR(E10=690002,E10=690016,E10=690019,E10=690035,E10=690038,E10=690064),'Indicadores Financeiros'!$G$108/2*(1+T10),'Indicadores Financeiros'!$G$108*(1+T10))),0) -> 0
A11: 2 | B11: =VLOOKUP($A11,'Indicadores Financeiros'!$A$127:$J$229,2,FALSE) -> 339 | C11: =VLOOKUP($A11,'Indicadores Financeiros'!$A$127:$J$229,3,FALSE) -> São Paulo - Consolação EPM | D11: =VLOOKUP($B11,BIP!A:E,5,FALSE) -> São Paulo | E11: 690021 | F11: =VLOOKUP($E11,'Tabela de Códigos e Valores'!$A:$M,2,FALSE) -> Serviço de limpeza de vidros com exposição à situação de risco | G11: =VLOOKUP($E11,'Tabela de Códigos e Valores'!$A:$M,5,FALSE) -> M2 | H11: =VLOOKUP($E11,'Tabela de Códigos e Valores'!$A:$M,6,FALSE) -> Trimestral | I11: =VLOOKUP($E11,'Tabela de Códigos e Valores'!$A:$M,7,FALSE) -> 0 | J11: =VLOOKUP($E11,'Tabela de Códigos e Valores'!$A:$M,8,FALSE) -> 0 | K11: 1900 | L11: =IFERROR(VLOOKUP(E11,'Indicadores Financeiros'!$A$90:$J$92,10,FALSE),0) -> 0 | M11: =VLOOKUP($E11,'Tabela de Códigos e Valores'!$A:$Z,16,FALSE) -> 0 | N11: =VLOOKUP($E11,'Tabela de Códigos e Valores'!$A:$Z,17,FALSE) -> 0 | O11: =VLOOKUP($E11,'Tabela de Códigos e Valores'!$A:$AAB,28,FALSE) -> 0 | P11: =ROUND(IF($G11<>"M2",IF(VLOOKUP($E11,'Tabela de Códigos e Valores'!$A:$J,10,FALSE)*6%>=VLOOKUP('Relatório Custo'!$A11,'Indicadores Financeiros'!$A$127:$I$131,9,FALSE)*'Relatório Custo'!I11,0,VLOOKUP('Relatório Custo'!$A11,'Indicadores Financeiros'!$A$127:$I$131,9,FALSE)*'Relatório Custo'!I11-VLOOKUP($E11,'Tabela de Códigos e Valores'!$A:$J,10,FALSE)*6%),0),2) -> 0 | Q11: =VLOOKUP($E11,'Tabela de Códigos e Valores'!$A:$AAC,30,FALSE) -> 0 | R11: =ROUND(ROUND(($M11+$N11+$O11+$P11+$Q11),2)*VLOOKUP($E11,'Tabela de Códigos e Valores'!$A:$AE,31,FALSE)/(1-VLOOKUP($E11,'Tabela de Códigos e Valores'!$A:$AE,31,FALSE)),2) -> 0 | S11: =SUM(L11:R11) -> 0 | T11: =VLOOKUP($A11,'Indicadores Financeiros'!$A$127:$J$131,8,FALSE) -> 0.0204 | U11: =ROUND(S11*(1+T11),2) -> 0 | V11: =ROUND(U11*K11,2) -> 0 | W11: =VLOOKUP($A11,'Indicadores Financeiros'!$A$127:$J$131,10) -> 1 | X11: =U11*IF(H11="Mensal",('Indicadores Financeiros'!$F$14-W11+1),IF(H11="Trimestral",INT(('Indicadores Financeiros'!$F$14-W11+1)/3),INT(('Indicadores Financeiros'!$F$14-W11+1)/12)))*K11 -> 0 | Z11: =IF(G11="Posto",M11,0)*K11 -> 0 | AA11: =ROUND('Indicadores Financeiros'!$J$71*$Z11,4) -> 0 | AC11: =ROUND(IF(OR($G11="Posto",$G11="Plantão"),$U11/$I11,0),2) -> 0 | AD11: =IF(G11="m2",0,ROUND((ROUND(VLOOKUP($E11,'Tabela de Códigos e Valores'!$A:$AB,26,FALSE)/I11,2)+ROUND(P11/I11,2)+ROUND(M11*'Indicadores Financeiros'!$J$61/I11,2)+ROUND(R11/I11,2))*(1+T11),2)) -> 0 | AE11: =IF(G11="posto",IF(OR(E11=690018,E11=690019),'Indicadores Financeiros'!$J$108,IF(OR(E11=690002,E11=690016,E11=690019,E11=690035,E11=690038,E11=690064),'Indicadores Financeiros'!$G$108/2*(1+T11),'Indicadores Financeiros'!$G$108*(1+T11))),0) -> 0
A12: 2 | B12: =VLOOKUP($A12,'Indicadores Financeiros'!$A$127:$J$229,2,FALSE) -> 339 | C12: =VLOOKUP($A12,'Indicadores Financeiros'!$A$127:$J$229,3,FALSE) -> São Paulo - Consolação EPM | D12: =VLOOKUP($B12,BIP!A:E,5,FALSE) -> São Paulo | E12: 690022 | F12: =VLOOKUP($E12,'Tabela de Códigos e Valores'!$A:$M,2,FALSE) -> Auxiliar de limpeza área médica - diurno - 44 horas semanais | G12: =VLOOKUP($E12,'Tabela de Códigos e Valores'!$A:$M,5,FALSE) -> Posto | H12: =VLOOKUP($E12,'Tabela de Códigos e Valores'!$A:$M,6,FALSE) -> Mensal | I12: =VLOOKUP($E12,'Tabela de Códigos e Valores'!$A:$M,7,FALSE) -> 21 | J12: =VLOOKUP($E12,'Tabela de Códigos e Valores'!$A:$M,8,FALSE) -> 0 | K12: 1 | L12: =IFERROR(VLOOKUP(E12,'Indicadores Financeiros'!$A$90:$J$92,10,FALSE),0) -> 0 | M12: =VLOOKUP($E12,'Tabela de Códigos e Valores'!$A:$Z,16,FALSE) -> 0 | N12: =VLOOKUP($E12,'Tabela de Códigos e Valores'!$A:$Z,17,FALSE) -> 0 | O12: =VLOOKUP($E12,'Tabela de Códigos e Valores'!$A:$AAB,28,FALSE) -> 0 | P12: =ROUND(IF($G12<>"M2",IF(VLOOKUP($E12,'Tabela de Códigos e Valores'!$A:$J,10,FALSE)*6%>=VLOOKUP('Relatório Custo'!$A12,'Indicadores Financeiros'!$A$127:$I$131,9,FALSE)*'Relatório Custo'!I12,0,VLOOKUP('Relatório Custo'!$A12,'Indicadores Financeiros'!$A$127:$I$131,9,FALSE)*'Relatório Custo'!I12-VLOOKUP($E12,'Tabela de Códigos e Valores'!$A:$J,10,FALSE)*6%),0),2) -> 0 | Q12: =VLOOKUP($E12,'Tabela de Códigos e Valores'!$A:$AAC,30,FALSE) -> 0 | R12: =ROUND(ROUND(($M12+$N12+$O12+$P12+$Q12),2)*VLOOKUP($E12,'Tabela de Códigos e Valores'!$A:$AE,31,FALSE)/(1-VLOOKUP($E12,'Tabela de Códigos e Valores'!$A:$AE,31,FALSE)),2) -> 0 | S12: =SUM(L12:R12) -> 0 | T12: =VLOOKUP($A12,'Indicadores Financeiros'!$A$127:$J$131,8,FALSE) -> 0.0204 | U12: =ROUND(S12*(1+T12),2) -> 0 | V12: =ROUND(U12*K12,2) -> 0 | W12: =VLOOKUP($A12,'Indicadores Financeiros'!$A$127:$J$131,10) -> 1 | X12: =U12*IF(H12="Mensal",('Indicadores Financeiros'!$F$14-W12+1),IF(H12="Trimestral",INT(('Indicadores Financeiros'!$F$14-W12+1)/3),INT(('Indicadores Financeiros'!$F$14-W12+1)/12)))*K12 -> 0 | Z12: =IF(G12="Posto",M12,0)*K12 -> 0 | AA12: =ROUND('Indicadores Financeiros'!$J$71*$Z12,4) -> 0 | AC12: =ROUND(IF(OR($G12="Posto",$G12="Plantão"),$U12/$I12,0),2) -> 0 | AD12: =ROUND((ROUND(VLOOKUP($E12,'Tabela de Códigos e Valores'!$A:$AB,26,FALSE)/I12,2)+ROUND(P12/I12,2)+ROUND(M12*'Indicadores Financeiros'!$J$61/I12,2)+ROUND(R12/I12,2))*(1+T12),2) -> 0 | AE12: =IF(G12="posto",IF(OR(E12=690018,E12=690019),'Indicadores Financeiros'!$J$108,IF(OR(E12=690002,E12=690016,E12=690019,E12=690035,E12=690038,E12=690064),'Indicadores Financeiros'!$G$108/2*(1+T12),'Indicadores Financeiros'!$G$108*(1+T12))),0) -> 0
A13: 2 | B13: =VLOOKUP($A13,'Indicadores Financeiros'!$A$127:$J$229,2,FALSE) -> 339 | C13: =VLOOKUP($A13,'Indicadores Financeiros'!$A$127:$J$229,3,FALSE) -> São Paulo - Consolação EPM | D13: =VLOOKUP($B13,BIP!A:E,5,FALSE) -> São Paulo | E13: 690037 | F13: =VLOOKUP($E13,'Tabela de Códigos e Valores'!$A:$M,2,FALSE) -> Agente de Higienização (Tempo Integral) - (40%) - 44 horas semanais | G13: =VLOOKUP($E13,'Tabela de Códigos e Valores'!$A:$M,5,FALSE) -> Posto | H13: =VLOOKUP($E13,'Tabela de Códigos e Valores'!$A:$M,6,FALSE) -> Mensal | I13: =VLOOKUP($E13,'Tabela de Códigos e Valores'!$A:$M,7,FALSE) -> 21 | J13: =VLOOKUP($E13,'Tabela de Códigos e Valores'!$A:$M,8,FALSE) -> 0 | K13: 2 | L13: =IFERROR(VLOOKUP(E13,'Indicadores Financeiros'!$A$90:$J$92,10,FALSE),0) -> 0 | M13: =VLOOKUP($E13,'Tabela de Códigos e Valores'!$A:$Z,16,FALSE) -> 0 | N13: =VLOOKUP($E13,'Tabela de Códigos e Valores'!$A:$Z,17,FALSE) -> 0 | O13: =VLOOKUP($E13,'Tabela de Códigos e Valores'!$A:$AAB,28,FALSE) -> 0 | P13: =ROUND(IF($G13<>"M2",IF(VLOOKUP($E13,'Tabela de Códigos e Valores'!$A:$J,10,FALSE)*6%>=VLOOKUP('Relatório Custo'!$A13,'Indicadores Financeiros'!$A$127:$I$131,9,FALSE)*'Relatório Custo'!I13,0,VLOOKUP('Relatório Custo'!$A13,'Indicadores Financeiros'!$A$127:$I$131,9,FALSE)*'Relatório Custo'!I13-VLOOKUP($E13,'Tabela de Códigos e Valores'!$A:$J,10,FALSE)*6%),0),2) -> 0 | Q13: =VLOOKUP($E13,'Tabela de Códigos e Valores'!$A:$AAC,30,FALSE) -> 0 | R13: =ROUND(ROUND(($M13+$N13+$O13+$P13+$Q13),2)*VLOOKUP($E13,'Tabela de Códigos e Valores'!$A:$AE,31,FALSE)/(1-VLOOKUP($E13,'Tabela de Códigos e Valores'!$A:$AE,31,FALSE)),2) -> 0 | S13: =SUM(L13:R13) -> 0 | T13: =VLOOKUP($A13,'Indicadores Financeiros'!$A$127:$J$131,8,FALSE) -> 0.0204 | U13: =ROUND(S13*(1+T13),2) -> 0 | V13: =ROUND(U13*K13,2) -> 0 | W13: =VLOOKUP($A13,'Indicadores Financeiros'!$A$127:$J$131,10) -> 1 | X13: =U13*IF(H13="Mensal",('Indicadores Financeiros'!$F$14-W13+1),IF(H13="Trimestral",INT(('Indicadores Financeiros'!$F$14-W13+1)/3),INT(('Indicadores Financeiros'!$F$14-W13+1)/12)))*K13 -> 0 | Z13: =IF(G13="Posto",M13,0)*K13 -> 0 | AA13: =ROUND('Indicadores Financeiros'!$J$71*$Z13,4) -> 0 | AC13: =ROUND(IF(OR($G13="Posto",$G13="Plantão"),$U13/$I13,0),2) -> 0 | AD13: =ROUND((ROUND(VLOOKUP($E13,'Tabela de Códigos e Valores'!$A:$AB,26,FALSE)/I13,2)+ROUND(P13/I13,2)+ROUND(M13*'Indicadores Financeiros'!$J$61/I13,2)+ROUND(R13/I13,2))*(1+T13),2) -> 0 | AE13: =IF(G13="posto",IF(OR(E13=690018,E13=690019),'Indicadores Financeiros'!$J$108,IF(OR(E13=690002,E13=690016,E13=690019,E13=690035,E13=690038,E13=690064),'Indicadores Financeiros'!$G$108/2*(1+T13),'Indicadores Financeiros'!$G$108*(1+T13))),0) -> 0
A14: 2 | B14: =VLOOKUP($A14,'Indicadores Financeiros'!$A$127:$J$229,2,FALSE) -> 339 | C14: =VLOOKUP($A14,'Indicadores Financeiros'!$A$127:$J$229,3,FALSE) -> São Paulo - Consolação EPM | D14: =VLOOKUP($B14,BIP!A:E,5,FALSE) -> São Paulo | E14: 690056 | F14: =VLOOKUP($E14,'Tabela de Códigos e Valores'!$A:$M,2,FALSE) -> Encarregado(a) 11 ou mais subordinados - diurno - 44 horas semanais | G14: =VLOOKUP($E14,'Tabela de Códigos e Valores'!$A:$M,5,FALSE) -> Posto | H14: =VLOOKUP($E14,'Tabela de Códigos e Valores'!$A:$M,6,FALSE) -> Mensal | I14: =VLOOKUP($E14,'Tabela de Códigos e Valores'!$A:$M,7,FALSE) -> 21 | J14: =VLOOKUP($E14,'Tabela de Códigos e Valores'!$A:$M,8,FALSE) -> 0 | K14: 1 | L14: =IFERROR(VLOOKUP(E14,'Indicadores Financeiros'!$A$90:$J$92,10,FALSE),0) -> 0 | M14: =VLOOKUP($E14,'Tabela de Códigos e Valores'!$A:$Z,16,FALSE) -> 0 | N14: =VLOOKUP($E14,'Tabela de Códigos e Valores'!$A:$Z,17,FALSE) -> 0 | O14: =VLOOKUP($E14,'Tabela de Códigos e Valores'!$A:$AAB,28,FALSE) -> 0 | P14: =ROUND(IF($G14<>"M2",IF(VLOOKUP($E14,'Tabela de Códigos e Valores'!$A:$J,10,FALSE)*6%>=VLOOKUP('Relatório Custo'!$A14,'Indicadores Financeiros'!$A$127:$I$131,9,FALSE)*'Relatório Custo'!I14,0,VLOOKUP('Relatório Custo'!$A14,'Indicadores Financeiros'!$A$127:$I$131,9,FALSE)*'Relatório Custo'!I14-VLOOKUP($E14,'Tabela de Códigos e Valores'!$A:$J,10,FALSE)*6%),0),2) -> 0 | Q14: =VLOOKUP($E14,'Tabela de Códigos e Valores'!$A:$AAC,30,FALSE) -> 0 | R14: =ROUND(ROUND(($M14+$N14+$O14+$P14+$Q14),2)*VLOOKUP($E14,'Tabela de Códigos e Valores'!$A:$AE,31,FALSE)/(1-VLOOKUP($E14,'Tabela de Códigos e Valores'!$A:$AE,31,FALSE)),2) -> 0 | S14: =SUM(L14:R14) -> 0 | T14: =VLOOKUP($A14,'Indicadores Financeiros'!$A$127:$J$131,8,FALSE) -> 0.0204 | U14: =ROUND(S14*(1+T14),2) -> 0 | V14: =ROUND(U14*K14,2) -> 0 | W14: =VLOOKUP($A14,'Indicadores Financeiros'!$A$127:$J$131,10) -> 1 | X14: =U14*IF(H14="Mensal",('Indicadores Financeiros'!$F$14-W14+1),IF(H14="Trimestral",INT(('Indicadores Financeiros'!$F$14-W14+1)/3),INT(('Indicadores Financeiros'!$F$14-W14+1)/12)))*K14 -> 0 | Z14: =IF(G14="Posto",M14,0)*K14 -> 0 | AA14: =ROUND('Indicadores Financeiros'!$J$71*$Z14,4) -> 0 | AC14: =ROUND(IF(OR($G14="Posto",$G14="Plantão"),$U14/$I14,0),2) -> 0 | AD14: =ROUND((ROUND(VLOOKUP($E14,'Tabela de Códigos e Valores'!$A:$AB,26,FALSE)/I14,2)+ROUND(P14/I14,2)+ROUND(M14*'Indicadores Financeiros'!$J$61/I14,2)+ROUND(R14/I14,2))*(1+T14),2) -> 0 | AE14: =IF(G14="posto",IF(OR(E14=690018,E14=690019),'Indicadores Financeiros'!$J$108,IF(OR(E14=690002,E14=690016,E14=690019,E14=690035,E14=690038,E14=690064),'Indicadores Financeiros'!$G$108/2*(1+T14),'Indicadores Financeiros'!$G$108*(1+T14))),0) -> 0
A15: 3 | B15: =VLOOKUP($A15,'Indicadores Financeiros'!$A$127:$J$229,2,FALSE) -> 629 | C15: =VLOOKUP($A15,'Indicadores Financeiros'!$A$127:$J$229,3,FALSE) -> São Paulo - JEC / JECRIM I - Central | D15: =VLOOKUP($B15,BIP!A:E,5,FALSE) -> São Paulo | E15: 690001 | F15: =VLOOKUP($E15,'Tabela de Códigos e Valores'!$A:$M,2,FALSE) -> Auxiliar de limpeza - diurno - 44 horas semanais (segunda a sexta-feira) | G15: =VLOOKUP($E15,'Tabela de Códigos e Valores'!$A:$M,5,FALSE) -> Posto | H15: =VLOOKUP($E15,'Tabela de Códigos e Valores'!$A:$M,6,FALSE) -> Mensal | I15: =VLOOKUP($E15,'Tabela de Códigos e Valores'!$A:$M,7,FALSE) -> 21 | J15: =VLOOKUP($E15,'Tabela de Códigos e Valores'!$A:$M,8,FALSE) -> 0 | K15: 3 | L15: =IFERROR(VLOOKUP(E15,'Indicadores Financeiros'!$A$90:$J$92,10,FALSE),0) -> 0 | M15: =VLOOKUP($E15,'Tabela de Códigos e Valores'!$A:$Z,16,FALSE) -> 0 | N15: =VLOOKUP($E15,'Tabela de Códigos e Valores'!$A:$Z,17,FALSE) -> 0 | O15: =VLOOKUP($E15,'Tabela de Códigos e Valores'!$A:$AAB,28,FALSE) -> 0 | P15: =ROUND(IF($G15<>"M2",IF(VLOOKUP($E15,'Tabela de Códigos e Valores'!$A:$J,10,FALSE)*6%>=VLOOKUP('Relatório Custo'!$A15,'Indicadores Financeiros'!$A$127:$I$131,9,FALSE)*'Relatório Custo'!I15,0,VLOOKUP('Relatório Custo'!$A15,'Indicadores Financeiros'!$A$127:$I$131,9,FALSE)*'Relatório Custo'!I15-VLOOKUP($E15,'Tabela de Códigos e Valores'!$A:$J,10,FALSE)*6%),0),2) -> 0 | Q15: =VLOOKUP($E15,'Tabela de Códigos e Valores'!$A:$AAC,30,FALSE) -> 0 | R15: =ROUND(ROUND(($M15+$N15+$O15+$P15+$Q15),2)*VLOOKUP($E15,'Tabela de Códigos e Valores'!$A:$AE,31,FALSE)/(1-VLOOKUP($E15,'Tabela de Códigos e Valores'!$A:$AE,31,FALSE)),2) -> 0 | S15: =SUM(L15:R15) -> 0 | T15: =VLOOKUP($A15,'Indicadores Financeiros'!$A$127:$J$131,8,FALSE) -> 0.0204 | U15: =ROUND(S15*(1+T15),2) -> 0 | V15: =ROUND(U15*K15,2) -> 0 | W15: =VLOOKUP($A15,'Indicadores Financeiros'!$A$127:$J$131,10) -> 1 | X15: =U15*IF(H15="Mensal",('Indicadores Financeiros'!$F$14-W15+1),IF(H15="Trimestral",INT(('Indicadores Financeiros'!$F$14-W15+1)/3),INT(('Indicadores Financeiros'!$F$14-W15+1)/12)))*K15 -> 0 | Z15: =IF(G15="Posto",M15,0)*K15 -> 0 | AA15: =ROUND('Indicadores Financeiros'!$J$71*$Z15,4) -> 0 | AC15: =ROUND(IF(OR($G15="Posto",$G15="Plantão"),$U15/$I15,0),2) -> 0 | AD15: =ROUND((ROUND(VLOOKUP($E15,'Tabela de Códigos e Valores'!$A:$AB,26,FALSE)/I15,2)+ROUND(P15/I15,2)+ROUND(M15*'Indicadores Financeiros'!$J$61/I15,2)+ROUND(R15/I15,2))*(1+T15),2) -> 0 | AE15: =IF(G15="posto",IF(OR(E15=690018,E15=690019),'Indicadores Financeiros'!$J$108,IF(OR(E15=690002,E15=690016,E15=690019,E15=690035,E15=690038,E15=690064),'Indicadores Financeiros'!$G$108/2*(1+T15),'Indicadores Financeiros'!$G$108*(1+T15))),0) -> 0
A16: 3 | B16: =VLOOKUP($A16,'Indicadores Financeiros'!$A$127:$J$229,2,FALSE) -> 629 | C16: =VLOOKUP($A16,'Indicadores Financeiros'!$A$127:$J$229,3,FALSE) -> São Paulo - JEC / JECRIM I - Central | D16: =VLOOKUP($B16,BIP!A:E,5,FALSE) -> São Paulo | E16: 690002 | F16: =VLOOKUP($E16,'Tabela de Códigos e Valores'!$A:$M,2,FALSE) -> Auxiliar de limpeza - diurno - 24 horas semanais | G16: =VLOOKUP($E16,'Tabela de Códigos e Valores'!$A:$M,5,FALSE) -> Posto | H16: =VLOOKUP($E16,'Tabela de Códigos e Valores'!$A:$M,6,FALSE) -> Mensal | I16: =VLOOKUP($E16,'Tabela de Códigos e Valores'!$A:$M,7,FALSE) -> 21 | J16: =VLOOKUP($E16,'Tabela de Códigos e Valores'!$A:$M,8,FALSE) -> 0 | K16: 1 | L16: =IFERROR(VLOOKUP(E16,'Indicadores Financeiros'!$A$90:$J$92,10,FALSE),0) -> 0 | M16: =VLOOKUP($E16,'Tabela de Códigos e Valores'!$A:$Z,16,FALSE) -> 0 | N16: =VLOOKUP($E16,'Tabela de Códigos e Valores'!$A:$Z,17,FALSE) -> 0 | O16: =VLOOKUP($E16,'Tabela de Códigos e Valores'!$A:$AAB,28,FALSE) -> 0 | P16: =ROUND(IF($G16<>"M2",IF(VLOOKUP($E16,'Tabela de Códigos e Valores'!$A:$J,10,FALSE)*6%>=VLOOKUP('Relatório Custo'!$A16,'Indicadores Financeiros'!$A$127:$I$131,9,FALSE)*'Relatório Custo'!I16,0,VLOOKUP('Relatório Custo'!$A16,'Indicadores Financeiros'!$A$127:$I$131,9,FALSE)*'Relatório Custo'!I16-VLOOKUP($E16,'Tabela de Códigos e Valores'!$A:$J,10,FALSE)*6%),0),2) -> 0 | Q16: =VLOOKUP($E16,'Tabela de Códigos e Valores'!$A:$AAC,30,FALSE) -> 0 | R16: =ROUND(ROUND(($M16+$N16+$O16+$P16+$Q16),2)*VLOOKUP($E16,'Tabela de Códigos e Valores'!$A:$AE,31,FALSE)/(1-VLOOKUP($E16,'Tabela de Códigos e Valores'!$A:$AE,31,FALSE)),2) -> 0 | S16: =SUM(L16:R16) -> 0 | T16: =VLOOKUP($A16,'Indicadores Financeiros'!$A$127:$J$131,8,FALSE) -> 0.0204 | U16: =ROUND(S16*(1+T16),2) -> 0 | V16: =ROUND(U16*K16,2) -> 0 | W16: =VLOOKUP($A16,'Indicadores Financeiros'!$A$127:$J$131,10) -> 1 | X16: =U16*IF(H16="Mensal",('Indicadores Financeiros'!$F$14-W16+1),IF(H16="Trimestral",INT(('Indicadores Financeiros'!$F$14-W16+1)/3),INT(('Indicadores Financeiros'!$F$14-W16+1)/12)))*K16 -> 0 | Z16: =IF(G16="Posto",M16,0)*K16 -> 0 | AA16: =ROUND('Indicadores Financeiros'!$J$71*$Z16,4) -> 0 | AC16: =ROUND(IF(OR($G16="Posto",$G16="Plantão"),$U16/$I16,0),2) -> 0 | AD16: =ROUND((ROUND(VLOOKUP($E16,'Tabela de Códigos e Valores'!$A:$AB,26,FALSE)/I16,2)+ROUND(P16/I16,2)+ROUND(M16*'Indicadores Financeiros'!$J$61/I16,2)+ROUND(R16/I16,2))*(1+T16),2) -> 0 | AE16: =IF(G16="posto",IF(OR(E16=690018,E16=690019),'Indicadores Financeiros'!$J$108,IF(OR(E16=690002,E16=690016,E16=690019,E16=690035,E16=690038,E16=690064),'Indicadores Financeiros'!$G$108/2*(1+T16),'Indicadores Financeiros'!$G$108*(1+T16))),0) -> 0
A17: 3 | B17: =VLOOKUP($A17,'Indicadores Financeiros'!$A$127:$J$229,2,FALSE) -> 629 | C17: =VLOOKUP($A17,'Indicadores Financeiros'!$A$127:$J$229,3,FALSE) -> São Paulo - JEC / JECRIM I - Central | D17: =VLOOKUP($B17,BIP!A:E,5,FALSE) -> São Paulo | E17: 690020 | F17: =VLOOKUP($E17,'Tabela de Códigos e Valores'!$A:$M,2,FALSE) -> Serviço de Jardinagem | G17: =VLOOKUP($E17,'Tabela de Códigos e Valores'!$A:$M,5,FALSE) -> M2 | H17: =VLOOKUP($E17,'Tabela de Códigos e Valores'!$A:$M,6,FALSE) -> Mensal | I17: =VLOOKUP($E17,'Tabela de Códigos e Valores'!$A:$M,7,FALSE) -> 0 | J17: =VLOOKUP($E17,'Tabela de Códigos e Valores'!$A:$M,8,FALSE) -> 0 | K17: 150 | L17: =IFERROR(VLOOKUP(E17,'Indicadores Financeiros'!$A$90:$J$92,10,FALSE),0) -> 0 | M17: =VLOOKUP($E17,'Tabela de Códigos e Valores'!$A:$Z,16,FALSE) -> 0 | N17: =VLOOKUP($E17,'Tabela de Códigos e Valores'!$A:$Z,17,FALSE) -> 0 | O17: =VLOOKUP($E17,'Tabela de Códigos e Valores'!$A:$AAB,28,FALSE) -> 0 | P17: =ROUND(IF($G17<>"M2",IF(VLOOKUP($E17,'Tabela de Códigos e Valores'!$A:$J,10,FALSE)*6%>=VLOOKUP('Relatório Custo'!$A17,'Indicadores Financeiros'!$A$127:$I$131,9,FALSE)*'Relatório Custo'!I17,0,VLOOKUP('Relatório Custo'!$A17,'Indicadores Financeiros'!$A$127:$I$131,9,FALSE)*'Relatório Custo'!I17-VLOOKUP($E17,'Tabela de Códigos e Valores'!$A:$J,10,FALSE)*6%),0),2) -> 0 | Q17: =VLOOKUP($E17,'Tabela de Códigos e Valores'!$A:$AAC,30,FALSE) -> 0 | R17: =ROUND(ROUND(($M17+$N17+$O17+$P17+$Q17),2)*VLOOKUP($E17,'Tabela de Códigos e Valores'!$A:$AE,31,FALSE)/(1-VLOOKUP($E17,'Tabela de Códigos e Valores'!$A:$AE,31,FALSE)),2) -> 0 | S17: =SUM(L17:R17) -> 0 | T17: =VLOOKUP($A17,'Indicadores Financeiros'!$A$127:$J$131,8,FALSE) -> 0.0204 | U17: =ROUND(S17*(1+T17),2) -> 0 | V17: =ROUND(U17*K17,2) -> 0 | W17: =VLOOKUP($A17,'Indicadores Financeiros'!$A$127:$J$131,10) -> 1 | X17: =U17*IF(H17="Mensal",('Indicadores Financeiros'!$F$14-W17+1),IF(H17="Trimestral",INT(('Indicadores Financeiros'!$F$14-W17+1)/3),INT(('Indicadores Financeiros'!$F$14-W17+1)/12)))*K17 -> 0 | Z17: =IF(G17="Posto",M17,0)*K17 -> 0 | AA17: =ROUND('Indicadores Financeiros'!$J$71*$Z17,4) -> 0 | AC17: =ROUND(IF(OR($G17="Posto",$G17="Plantão"),$U17/$I17,0),2) -> 0 | AD17: =IF(G17="m2",0,ROUND((ROUND(VLOOKUP($E17,'Tabela de Códigos e Valores'!$A:$AB,26,FALSE)/I17,2)+ROUND(P17/I17,2)+ROUND(M17*'Indicadores Financeiros'!$J$61/I17,2)+ROUND(R17/I17,2))*(1+T17),2)) -> 0 | AE17: =IF(G17="posto",IF(OR(E17=690018,E17=690019),'Indicadores Financeiros'!$J$108,IF(OR(E17=690002,E17=690016,E17=690019,E17=690035,E17=690038,E17=690064),'Indicadores Financeiros'!$G$108/2*(1+T17),'Indicadores Financeiros'!$G$108*(1+T17))),0) -> 0
A18: 3 | B18: =VLOOKUP($A18,'Indicadores Financeiros'!$A$127:$J$229,2,FALSE) -> 629 | C18: =VLOOKUP($A18,'Indicadores Financeiros'!$A$127:$J$229,3,FALSE) -> São Paulo - JEC / JECRIM I - Central | D18: =VLOOKUP($B18,BIP!A:E,5,FALSE) -> São Paulo | E18: 690021 | F18: =VLOOKUP($E18,'Tabela de Códigos e Valores'!$A:$M,2,FALSE) -> Serviço de limpeza de vidros com exposição à situação de risco | G18: =VLOOKUP($E18,'Tabela de Códigos e Valores'!$A:$M,5,FALSE) -> M2 | H18: =VLOOKUP($E18,'Tabela de Códigos e Valores'!$A:$M,6,FALSE) -> Trimestral | I18: =VLOOKUP($E18,'Tabela de Códigos e Valores'!$A:$M,7,FALSE) -> 0 | J18: =VLOOKUP($E18,'Tabela de Códigos e Valores'!$A:$M,8,FALSE) -> 0 | K18: 790 | L18: =IFERROR(VLOOKUP(E18,'Indicadores Financeiros'!$A$90:$J$92,10,FALSE),0) -> 0 | M18: =VLOOKUP($E18,'Tabela de Códigos e Valores'!$A:$Z,16,FALSE) -> 0 | N18: =VLOOKUP($E18,'Tabela de Códigos e Valores'!$A:$Z,17,FALSE) -> 0 | O18: =VLOOKUP($E18,'Tabela de Códigos e Valores'!$A:$AAB,28,FALSE) -> 0 | P18: =ROUND(IF($G18<>"M2",IF(VLOOKUP($E18,'Tabela de Códigos e Valores'!$A:$J,10,FALSE)*6%>=VLOOKUP('Relatório Custo'!$A18,'Indicadores Financeiros'!$A$127:$I$131,9,FALSE)*'Relatório Custo'!I18,0,VLOOKUP('Relatório Custo'!$A18,'Indicadores Financeiros'!$A$127:$I$131,9,FALSE)*'Relatório Custo'!I18-VLOOKUP($E18,'Tabela de Códigos e Valores'!$A:$J,10,FALSE)*6%),0),2) -> 0 | Q18: =VLOOKUP($E18,'Tabela de Códigos e Valores'!$A:$AAC,30,FALSE) -> 0 | R18: =ROUND(ROUND(($M18+$N18+$O18+$P18+$Q18),2)*VLOOKUP($E18,'Tabela de Códigos e Valores'!$A:$AE,31,FALSE)/(1-VLOOKUP($E18,'Tabela de Códigos e Valores'!$A:$AE,31,FALSE)),2) -> 0 | S18: =SUM(L18:R18) -> 0 | T18: =VLOOKUP($A18,'Indicadores Financeiros'!$A$127:$J$131,8,FALSE) -> 0.0204 | U18: =ROUND(S18*(1+T18),2) -> 0 | V18: =ROUND(U18*K18,2) -> 0 | W18: =VLOOKUP($A18,'Indicadores Financeiros'!$A$127:$J$131,10) -> 1 | X18: =U18*IF(H18="Mensal",('Indicadores Financeiros'!$F$14-W18+1),IF(H18="Trimestral",INT(('Indicadores Financeiros'!$F$14-W18+1)/3),INT(('Indicadores Financeiros'!$F$14-W18+1)/12)))*K18 -> 0 | Z18: =IF(G18="Posto",M18,0)*K18 -> 0 | AA18: =ROUND('Indicadores Financeiros'!$J$71*$Z18,4) -> 0 | AC18: =ROUND(IF(OR($G18="Posto",$G18="Plantão"),$U18/$I18,0),2) -> 0 | AD18: =IF(G18="m2",0,ROUND((ROUND(VLOOKUP($E18,'Tabela de Códigos e Valores'!$A:$AB,26,FALSE)/I18,2)+ROUND(P18/I18,2)+ROUND(M18*'Indicadores Financeiros'!$J$61/I18,2)+ROUND(R18/I18,2))*(1+T18),2)) -> 0 | AE18: =IF(G18="posto",IF(OR(E18=690018,E18=690019),'Indicadores Financeiros'!$J$108,IF(OR(E18=690002,E18=690016,E18=690019,E18=690035,E18=690038,E18=690064),'Indicadores Financeiros'!$G$108/2*(1+T18),'Indicadores Financeiros'!$G$108*(1+T18))),0) -> 0
A19: 3 | B19: =VLOOKUP($A19,'Indicadores Financeiros'!$A$127:$J$229,2,FALSE) -> 629 | C19: =VLOOKUP($A19,'Indicadores Financeiros'!$A$127:$J$229,3,FALSE) -> São Paulo - JEC / JECRIM I - Central | D19: =VLOOKUP($B19,BIP!A:E,5,FALSE) -> São Paulo | E19: 690029 | F19: =VLOOKUP($E19,'Tabela de Códigos e Valores'!$A:$M,2,FALSE) -> Serviço de limpeza de vidros sem exposição à situação de risco | G19: =VLOOKUP($E19,'Tabela de Códigos e Valores'!$A:$M,5,FALSE) -> M2 | H19: =VLOOKUP($E19,'Tabela de Códigos e Valores'!$A:$M,6,FALSE) -> Trimestral | I19: =VLOOKUP($E19,'Tabela de Códigos e Valores'!$A:$M,7,FALSE) -> 0 | J19: =VLOOKUP($E19,'Tabela de Códigos e Valores'!$A:$M,8,FALSE) -> 0 | K19: 120 | L19: =IFERROR(VLOOKUP(E19,'Indicadores Financeiros'!$A$90:$J$92,10,FALSE),0) -> 0 | M19: =VLOOKUP($E19,'Tabela de Códigos e Valores'!$A:$Z,16,FALSE) -> 0 | N19: =VLOOKUP($E19,'Tabela de Códigos e Valores'!$A:$Z,17,FALSE) -> 0 | O19: =VLOOKUP($E19,'Tabela de Códigos e Valores'!$A:$AAB,28,FALSE) -> 0 | P19: =ROUND(IF($G19<>"M2",IF(VLOOKUP($E19,'Tabela de Códigos e Valores'!$A:$J,10,FALSE)*6%>=VLOOKUP('Relatório Custo'!$A19,'Indicadores Financeiros'!$A$127:$I$131,9,FALSE)*'Relatório Custo'!I19,0,VLOOKUP('Relatório Custo'!$A19,'Indicadores Financeiros'!$A$127:$I$131,9,FALSE)*'Relatório Custo'!I19-VLOOKUP($E19,'Tabela de Códigos e Valores'!$A:$J,10,FALSE)*6%),0),2) -> 0 | Q19: =VLOOKUP($E19,'Tabela de Códigos e Valores'!$A:$AAC,30,FALSE) -> 0 | R19: =ROUND(ROUND(($M19+$N19+$O19+$P19+$Q19),2)*VLOOKUP($E19,'Tabela de Códigos e Valores'!$A:$AE,31,FALSE)/(1-VLOOKUP($E19,'Tabela de Códigos e Valores'!$A:$AE,31,FALSE)),2) -> 0 | S19: =SUM(L19:R19) -> 0 | T19: =VLOOKUP($A19,'Indicadores Financeiros'!$A$127:$J$131,8,FALSE) -> 0.0204 | U19: =ROUND(S19*(1+T19),2) -> 0 | V19: =ROUND(U19*K19,2) -> 0 | W19: =VLOOKUP($A19,'Indicadores Financeiros'!$A$127:$J$131,10) -> 1 | X19: =U19*IF(H19="Mensal",('Indicadores Financeiros'!$F$14-W19+1),IF(H19="Trimestral",INT(('Indicadores Financeiros'!$F$14-W19+1)/3),INT(('Indicadores Financeiros'!$F$14-W19+1)/12)))*K19 -> 0 | Z19: =IF(G19="Posto",M19,0)*K19 -> 0 | AA19: =ROUND('Indicadores Financeiros'!$J$71*$Z19,4) -> 0 | AC19: =ROUND(IF(OR($G19="Posto",$G19="Plantão"),$U19/$I19,0),2) -> 0 | AD19: =IF(G19="m2",0,ROUND((ROUND(VLOOKUP($E19,'Tabela de Códigos e Valores'!$A:$AB,26,FALSE)/I19,2)+ROUND(P19/I19,2)+ROUND(M19*'Indicadores Financeiros'!$J$61/I19,2)+ROUND(R19/I19,2))*(1+T19),2)) -> 0 | AE19: =IF(G19="posto",IF(OR(E19=690018,E19=690019),'Indicadores Financeiros'!$J$108,IF(OR(E19=690002,E19=690016,E19=690019,E19=690035,E19=690038,E19=690064),'Indicadores Financeiros'!$G$108/2*(1+T19),'Indicadores Financeiros'!$G$108*(1+T19))),0) -> 0
A20: 3 | B20: =VLOOKUP($A20,'Indicadores Financeiros'!$A$127:$J$229,2,FALSE) -> 629 | C20: =VLOOKUP($A20,'Indicadores Financeiros'!$A$127:$J$229,3,FALSE) -> São Paulo - JEC / JECRIM I - Central | D20: =VLOOKUP($B20,BIP!A:E,5,FALSE) -> São Paulo | E20: 690037 | F20: =VLOOKUP($E20,'Tabela de Códigos e Valores'!$A:$M,2,FALSE) -> Agente de Higienização (Tempo Integral) - (40%) - 44 horas semanais | G20: =VLOOKUP($E20,'Tabela de Códigos e Valores'!$A:$M,5,FALSE) -> Posto | H20: =VLOOKUP($E20,'Tabela de Códigos e Valores'!$A:$M,6,FALSE) -> Mensal | I20: =VLOOKUP($E20,'Tabela de Códigos e Valores'!$A:$M,7,FALSE) -> 21 | J20: =VLOOKUP($E20,'Tabela de Códigos e Valores'!$A:$M,8,FALSE) -> 0 | K20: 1 | L20: =IFERROR(VLOOKUP(E20,'Indicadores Financeiros'!$A$90:$J$92,10,FALSE),0) -> 0 | M20: =VLOOKUP($E20,'Tabela de Códigos e Valores'!$A:$Z,16,FALSE) -> 0 | N20: =VLOOKUP($E20,'Tabela de Códigos e Valores'!$A:$Z,17,FALSE) -> 0 | O20: =VLOOKUP($E20,'Tabela de Códigos e Valores'!$A:$AAB,28,FALSE) -> 0 | P20: =ROUND(IF($G20<>"M2",IF(VLOOKUP($E20,'Tabela de Códigos e Valores'!$A:$J,10,FALSE)*6%>=VLOOKUP('Relatório Custo'!$A20,'Indicadores Financeiros'!$A$127:$I$131,9,FALSE)*'Relatório Custo'!I20,0,VLOOKUP('Relatório Custo'!$A20,'Indicadores Financeiros'!$A$127:$I$131,9,FALSE)*'Relatório Custo'!I20-VLOOKUP($E20,'Tabela de Códigos e Valores'!$A:$J,10,FALSE)*6%),0),2) -> 0 | Q20: =VLOOKUP($E20,'Tabela de Códigos e Valores'!$A:$AAC,30,FALSE) -> 0 | R20: =ROUND(ROUND(($M20+$N20+$O20+$P20+$Q20),2)*VLOOKUP($E20,'Tabela de Códigos e Valores'!$A:$AE,31,FALSE)/(1-VLOOKUP($E20,'Tabela de Códigos e Valores'!$A:$AE,31,FALSE)),2) -> 0 | S20: =SUM(L20:R20) -> 0 | T20: =VLOOKUP($A20,'Indicadores Financeiros'!$A$127:$J$131,8,FALSE) -> 0.0204 | U20: =ROUND(S20*(1+T20),2) -> 0 | V20: =ROUND(U20*K20,2) -> 0 | W20: =VLOOKUP($A20,'Indicadores Financeiros'!$A$127:$J$131,10) -> 1 | X20: =U20*IF(H20="Mensal",('Indicadores Financeiros'!$F$14-W20+1),IF(H20="Trimestral",INT(('Indicadores Financeiros'!$F$14-W20+1)/3),INT(('Indicadores Financeiros'!$F$14-W20+1)/12)))*K20 -> 0 | Z20: =IF(G20="Posto",M20,0)*K20 -> 0 | AA20: =ROUND('Indicadores Financeiros'!$J$71*$Z20,4) -> 0 | AC20: =ROUND(IF(OR($G20="Posto",$G20="Plantão"),$U20/$I20,0),2) -> 0 | AD20: =ROUND((ROUND(VLOOKUP($E20,'Tabela de Códigos e Valores'!$A:$AB,26,FALSE)/I20,2)+ROUND(P20/I20,2)+ROUND(M20*'Indicadores Financeiros'!$J$61/I20,2)+ROUND(R20/I20,2))*(1+T20),2) -> 0 | AE20: =IF(G20="posto",IF(OR(E20=690018,E20=690019),'Indicadores Financeiros'!$J$108,IF(OR(E20=690002,E20=690016,E20=690019,E20=690035,E20=690038,E20=690064),'Indicadores Financeiros'!$G$108/2*(1+T20),'Indicadores Financeiros'!$G$108*(1+T20))),0) -> 0
A21: 4 | B21: =VLOOKUP($A21,'Indicadores Financeiros'!$A$127:$J$229,2,FALSE) -> 353 | C21: =VLOOKUP($A21,'Indicadores Financeiros'!$A$127:$J$229,3,FALSE) -> São Paulo - JEC / JECRIM II - Central Vergueiro | D21: =VLOOKUP($B21,BIP!A:E,5,FALSE) -> São Paulo | E21: 690001 | F21: =VLOOKUP($E21,'Tabela de Códigos e Valores'!$A:$M,2,FALSE) -> Auxiliar de limpeza - diurno - 44 horas semanais (segunda a sexta-feira) | G21: =VLOOKUP($E21,'Tabela de Códigos e Valores'!$A:$M,5,FALSE) -> Posto | H21: =VLOOKUP($E21,'Tabela de Códigos e Valores'!$A:$M,6,FALSE) -> Mensal | I21: =VLOOKUP($E21,'Tabela de Códigos e Valores'!$A:$M,7,FALSE) -> 21 | J21: =VLOOKUP($E21,'Tabela de Códigos e Valores'!$A:$M,8,FALSE) -> 0 | K21: 5 | L21: =IFERROR(VLOOKUP(E21,'Indicadores Financeiros'!$A$90:$J$92,10,FALSE),0) -> 0 | M21: =VLOOKUP($E21,'Tabela de Códigos e Valores'!$A:$Z,16,FALSE) -> 0 | N21: =VLOOKUP($E21,'Tabela de Códigos e Valores'!$A:$Z,17,FALSE) -> 0 | O21: =VLOOKUP($E21,'Tabela de Códigos e Valores'!$A:$AAB,28,FALSE) -> 0 | P21: =ROUND(IF($G21<>"M2",IF(VLOOKUP($E21,'Tabela de Códigos e Valores'!$A:$J,10,FALSE)*6%>=VLOOKUP('Relatório Custo'!$A21,'Indicadores Financeiros'!$A$127:$I$131,9,FALSE)*'Relatório Custo'!I21,0,VLOOKUP('Relatório Custo'!$A21,'Indicadores Financeiros'!$A$127:$I$131,9,FALSE)*'Relatório Custo'!I21-VLOOKUP($E21,'Tabela de Códigos e Valores'!$A:$J,10,FALSE)*6%),0),2) -> 0 | Q21: =VLOOKUP($E21,'Tabela de Códigos e Valores'!$A:$AAC,30,FALSE) -> 0 | R21: =ROUND(ROUND(($M21+$N21+$O21+$P21+$Q21),2)*VLOOKUP($E21,'Tabela de Códigos e Valores'!$A:$AE,31,FALSE)/(1-VLOOKUP($E21,'Tabela de Códigos e Valores'!$A:$AE,31,FALSE)),2) -> 0 | S21: =SUM(L21:R21) -> 0 | T21: =VLOOKUP($A21,'Indicadores Financeiros'!$A$127:$J$131,8,FALSE) -> 0.0204 | U21: =ROUND(S21*(1+T21),2) -> 0 | V21: =ROUND(U21*K21,2) -> 0 | W21: =VLOOKUP($A21,'Indicadores Financeiros'!$A$127:$J$131,10) -> 1 | X21: =U21*IF(H21="Mensal",('Indicadores Financeiros'!$F$14-W21+1),IF(H21="Trimestral",INT(('Indicadores Financeiros'!$F$14-W21+1)/3),INT(('Indicadores Financeiros'!$F$14-W21+1)/12)))*K21 -> 0 | Z21: =IF(G21="Posto",M21,0)*K21 -> 0 | AA21: =ROUND('Indicadores Financeiros'!$J$71*$Z21,4) -> 0 | AC21: =ROUND(IF(OR($G21="Posto",$G21="Plantão"),$U21/$I21,0),2) -> 0 | AD21: =ROUND((ROUND(VLOOKUP($E21,'Tabela de Códigos e Valores'!$A:$AB,26,FALSE)/I21,2)+ROUND(P21/I21,2)+ROUND(M21*'Indicadores Financeiros'!$J$61/I21,2)+ROUND(R21/I21,2))*(1+T21),2) -> 0 | AE21: =IF(G21="posto",IF(OR(E21=690018,E21=690019),'Indicadores Financeiros'!$J$108,IF(OR(E21=690002,E21=690016,E21=690019,E21=690035,E21=690038,E21=690064),'Indicadores Financeiros'!$G$108/2*(1+T21),'Indicadores Financeiros'!$G$108*(1+T21))),0) -> 0
A22: 4 | B22: =VLOOKUP($A22,'Indicadores Financeiros'!$A$127:$J$229,2,FALSE) -> 353 | C22: =VLOOKUP($A22,'Indicadores Financeiros'!$A$127:$J$229,3,FALSE) -> São Paulo - JEC / JECRIM II - Central Vergueiro | D22: =VLOOKUP($B22,BIP!A:E,5,FALSE) -> São Paulo | E22: 690002 | F22: =VLOOKUP($E22,'Tabela de Códigos e Valores'!$A:$M,2,FALSE) -> Auxiliar de limpeza - diurno - 24 horas semanais | G22: =VLOOKUP($E22,'Tabela de Códigos e Valores'!$A:$M,5,FALSE) -> Posto | H22: =VLOOKUP($E22,'Tabela de Códigos e Valores'!$A:$M,6,FALSE) -> Mensal | I22: =VLOOKUP($E22,'Tabela de Códigos e Valores'!$A:$M,7,FALSE) -> 21 | J22: =VLOOKUP($E22,'Tabela de Códigos e Valores'!$A:$M,8,FALSE) -> 0 | K22: 1 | L22: =IFERROR(VLOOKUP(E22,'Indicadores Financeiros'!$A$90:$J$92,10,FALSE),0) -> 0 | M22: =VLOOKUP($E22,'Tabela de Códigos e Valores'!$A:$Z,16,FALSE) -> 0 | N22: =VLOOKUP($E22,'Tabela de Códigos e Valores'!$A:$Z,17,FALSE) -> 0 | O22: =VLOOKUP($E22,'Tabela de Códigos e Valores'!$A:$AAB,28,FALSE) -> 0 | P22: =ROUND(IF($G22<>"M2",IF(VLOOKUP($E22,'Tabela de Códigos e Valores'!$A:$J,10,FALSE)*6%>=VLOOKUP('Relatório Custo'!$A22,'Indicadores Financeiros'!$A$127:$I$131,9,FALSE)*'Relatório Custo'!I22,0,VLOOKUP('Relatório Custo'!$A22,'Indicadores Financeiros'!$A$127:$I$131,9,FALSE)*'Relatório Custo'!I22-VLOOKUP($E22,'Tabela de Códigos e Valores'!$A:$J,10,FALSE)*6%),0),2) -> 0 | Q22: =VLOOKUP($E22,'Tabela de Códigos e Valores'!$A:$AAC,30,FALSE) -> 0 | R22: =ROUND(ROUND(($M22+$N22+$O22+$P22+$Q22),2)*VLOOKUP($E22,'Tabela de Códigos e Valores'!$A:$AE,31,FALSE)/(1-VLOOKUP($E22,'Tabela de Códigos e Valores'!$A:$AE,31,FALSE)),2) -> 0 | S22: =SUM(L22:R22) -> 0 | T22: =VLOOKUP($A22,'Indicadores Financeiros'!$A$127:$J$131,8,FALSE) -> 0.0204 | U22: =ROUND(S22*(1+T22),2) -> 0 | V22: =ROUND(U22*K22,2) -> 0 | W22: =VLOOKUP($A22,'Indicadores Financeiros'!$A$127:$J$131,10) -> 1 | X22: =U22*IF(H22="Mensal",('Indicadores Financeiros'!$F$14-W22+1),IF(H22="Trimestral",INT(('Indicadores Financeiros'!$F$14-W22+1)/3),INT(('Indicadores Financeiros'!$F$14-W22+1)/12)))*K22 -> 0 | Z22: =IF(G22="Posto",M22,0)*K22 -> 0 | AA22: =ROUND('Indicadores Financeiros'!$J$71*$Z22,4) -> 0 | AC22: =ROUND(IF(OR($G22="Posto",$G22="Plantão"),$U22/$I22,0),2) -> 0 | AD22: =ROUND((ROUND(VLOOKUP($E22,'Tabela de Códigos e Valores'!$A:$AB,26,FALSE)/I22,2)+ROUND(P22/I22,2)+ROUND(M22*'Indicadores Financeiros'!$J$61/I22,2)+ROUND(R22/I22,2))*(1+T22),2) -> 0 | AE22: =IF(G22="posto",IF(OR(E22=690018,E22=690019),'Indicadores Financeiros'!$J$108,IF(OR(E22=690002,E22=690016,E22=690019,E22=690035,E22=690038,E22=690064),'Indicadores Financeiros'!$G$108/2*(1+T22),'Indicadores Financeiros'!$G$108*(1+T22))),0) -> 0
A23: 4 | B23: =VLOOKUP($A23,'Indicadores Financeiros'!$A$127:$J$229,2,FALSE) -> 353 | C23: =VLOOKUP($A23,'Indicadores Financeiros'!$A$127:$J$229,3,FALSE) -> São Paulo - JEC / JECRIM II - Central Vergueiro | D23: =VLOOKUP($B23,BIP!A:E,5,FALSE) -> São Paulo | E23: 690021 | F23: =VLOOKUP($E23,'Tabela de Códigos e Valores'!$A:$M,2,FALSE) -> Serviço de limpeza de vidros com exposição à situação de risco | G23: =VLOOKUP($E23,'Tabela de Códigos e Valores'!$A:$M,5,FALSE) -> M2 | H23: =VLOOKUP($E23,'Tabela de Códigos e Valores'!$A:$M,6,FALSE) -> Trimestral | I23: =VLOOKUP($E23,'Tabela de Códigos e Valores'!$A:$M,7,FALSE) -> 0 | J23: =VLOOKUP($E23,'Tabela de Códigos e Valores'!$A:$M,8,FALSE) -> 0 | K23: 481 | L23: =IFERROR(VLOOKUP(E23,'Indicadores Financeiros'!$A$90:$J$92,10,FALSE),0) -> 0 | M23: =VLOOKUP($E23,'Tabela de Códigos e Valores'!$A:$Z,16,FALSE) -> 0 | N23: =VLOOKUP($E23,'Tabela de Códigos e Valores'!$A:$Z,17,FALSE) -> 0 | O23: =VLOOKUP($E23,'Tabela de Códigos e Valores'!$A:$AAB,28,FALSE) -> 0 | P23: =ROUND(IF($G23<>"M2",IF(VLOOKUP($E23,'Tabela de Códigos e Valores'!$A:$J,10,FALSE)*6%>=VLOOKUP('Relatório Custo'!$A23,'Indicadores Financeiros'!$A$127:$I$131,9,FALSE)*'Relatório Custo'!I23,0,VLOOKUP('Relatório Custo'!$A23,'Indicadores Financeiros'!$A$127:$I$131,9,FALSE)*'Relatório Custo'!I23-VLOOKUP($E23,'Tabela de Códigos e Valores'!$A:$J,10,FALSE)*6%),0),2) -> 0 | Q23: =VLOOKUP($E23,'Tabela de Códigos e Valores'!$A:$AAC,30,FALSE) -> 0 | R23: =ROUND(ROUND(($M23+$N23+$O23+$P23+$Q23),2)*VLOOKUP($E23,'Tabela de Códigos e Valores'!$A:$AE,31,FALSE)/(1-VLOOKUP($E23,'Tabela de Códigos e Valores'!$A:$AE,31,FALSE)),2) -> 0 | S23: =SUM(L23:R23) -> 0 | T23: =VLOOKUP($A23,'Indicadores Financeiros'!$A$127:$J$131,8,FALSE) -> 0.0204 | U23: =ROUND(S23*(1+T23),2) -> 0 | V23: =ROUND(U23*K23,2) -> 0 | W23: =VLOOKUP($A23,'Indicadores Financeiros'!$A$127:$J$131,10) -> 1 | X23: =U23*IF(H23="Mensal",('Indicadores Financeiros'!$F$14-W23+1),IF(H23="Trimestral",INT(('Indicadores Financeiros'!$F$14-W23+1)/3),INT(('Indicadores Financeiros'!$F$14-W23+1)/12)))*K23 -> 0 | Z23: =IF(G23="Posto",M23,0)*K23 -> 0 | AA23: =ROUND('Indicadores Financeiros'!$J$71*$Z23,4) -> 0 | AC23: =ROUND(IF(OR($G23="Posto",$G23="Plantão"),$U23/$I23,0),2) -> 0 | AD23: =IF(G23="m2",0,ROUND((ROUND(VLOOKUP($E23,'Tabela de Códigos e Valores'!$A:$AB,26,FALSE)/I23,2)+ROUND(P23/I23,2)+ROUND(M23*'Indicadores Financeiros'!$J$61/I23,2)+ROUND(R23/I23,2))*(1+T23),2)) -> 0 | AE23: =IF(G23="posto",IF(OR(E23=690018,E23=690019),'Indicadores Financeiros'!$J$108,IF(OR(E23=690002,E23=690016,E23=690019,E23=690035,E23=690038,E23=690064),'Indicadores Financeiros'!$G$108/2*(1+T23),'Indicadores Financeiros'!$G$108*(1+T23))),0) -> 0
A24: 4 | B24: =VLOOKUP($A24,'Indicadores Financeiros'!$A$127:$J$229,2,FALSE) -> 353 | C24: =VLOOKUP($A24,'Indicadores Financeiros'!$A$127:$J$229,3,FALSE) -> São Paulo - JEC / JECRIM II - Central Vergueiro | D24: =VLOOKUP($B24,BIP!A:E,5,FALSE) -> São Paulo | E24: 690029 | F24: =VLOOKUP($E24,'Tabela de Códigos e Valores'!$A:$M,2,FALSE) -> Serviço de limpeza de vidros sem exposição à situação de risco | G24: =VLOOKUP($E24,'Tabela de Códigos e Valores'!$A:$M,5,FALSE) -> M2 | H24: =VLOOKUP($E24,'Tabela de Códigos e Valores'!$A:$M,6,FALSE) -> Trimestral | I24: =VLOOKUP($E24,'Tabela de Códigos e Valores'!$A:$M,7,FALSE) -> 0 | J24: =VLOOKUP($E24,'Tabela de Códigos e Valores'!$A:$M,8,FALSE) -> 0 | K24: 284 | L24: =IFERROR(VLOOKUP(E24,'Indicadores Financeiros'!$A$90:$J$92,10,FALSE),0) -> 0 | M24: =VLOOKUP($E24,'Tabela de Códigos e Valores'!$A:$Z,16,FALSE) -> 0 | N24: =VLOOKUP($E24,'Tabela de Códigos e Valores'!$A:$Z,17,FALSE) -> 0 | O24: =VLOOKUP($E24,'Tabela de Códigos e Valores'!$A:$AAB,28,FALSE) -> 0 | P24: =ROUND(IF($G24<>"M2",IF(VLOOKUP($E24,'Tabela de Códigos e Valores'!$A:$J,10,FALSE)*6%>=VLOOKUP('Relatório Custo'!$A24,'Indicadores Financeiros'!$A$127:$I$131,9,FALSE)*'Relatório Custo'!I24,0,VLOOKUP('Relatório Custo'!$A24,'Indicadores Financeiros'!$A$127:$I$131,9,FALSE)*'Relatório Custo'!I24-VLOOKUP($E24,'Tabela de Códigos e Valores'!$A:$J,10,FALSE)*6%),0),2) -> 0 | Q24: =VLOOKUP($E24,'Tabela de Códigos e Valores'!$A:$AAC,30,FALSE) -> 0 | R24: =ROUND(ROUND(($M24+$N24+$O24+$P24+$Q24),2)*VLOOKUP($E24,'Tabela de Códigos e Valores'!$A:$AE,31,FALSE)/(1-VLOOKUP($E24,'Tabela de Códigos e Valores'!$A:$AE,31,FALSE)),2) -> 0 | S24: =SUM(L24:R24) -> 0 | T24: =VLOOKUP($A24,'Indicadores Financeiros'!$A$127:$J$131,8,FALSE) -> 0.0204 | U24: =ROUND(S24*(1+T24),2) -> 0 | V24: =ROUND(U24*K24,2) -> 0 | W24: =VLOOKUP($A24,'Indicadores Financeiros'!$A$127:$J$131,10) -> 1 | X24: =U24*IF(H24="Mensal",('Indicadores Financeiros'!$F$14-W24+1),IF(H24="Trimestral",INT(('Indicadores Financeiros'!$F$14-W24+1)/3),INT(('Indicadores Financeiros'!$F$14-W24+1)/12)))*K24 -> 0 | Z24: =IF(G24="Posto",M24,0)*K24 -> 0 | AA24: =ROUND('Indicadores Financeiros'!$J$71*$Z24,4) -> 0 | AC24: =ROUND(IF(OR($G24="Posto",$G24="Plantão"),$U24/$I24,0),2) -> 0 | AD24: =IF(G24="m2",0,ROUND((ROUND(VLOOKUP($E24,'Tabela de Códigos e Valores'!$A:$AB,26,FALSE)/I24,2)+ROUND(P24/I24,2)+ROUND(M24*'Indicadores Financeiros'!$J$61/I24,2)+ROUND(R24/I24,2))*(1+T24),2)) -> 0 | AE24: =IF(G24="posto",IF(OR(E24=690018,E24=690019),'Indicadores Financeiros'!$J$108,IF(OR(E24=690002,E24=690016,E24=690019,E24=690035,E24=690038,E24=690064),'Indicadores Financeiros'!$G$108/2*(1+T24),'Indicadores Financeiros'!$G$108*(1+T24))),0) -> 0
A25: 4 | B25: =VLOOKUP($A25,'Indicadores Financeiros'!$A$127:$J$229,2,FALSE) -> 353 | C25: =VLOOKUP($A25,'Indicadores Financeiros'!$A$127:$J$229,3,FALSE) -> São Paulo - JEC / JECRIM II - Central Vergueiro | D25: =VLOOKUP($B25,BIP!A:E,5,FALSE) -> São Paulo | E25: 690037 | F25: =VLOOKUP($E25,'Tabela de Códigos e Valores'!$A:$M,2,FALSE) -> Agente de Higienização (Tempo Integral) - (40%) - 44 horas semanais | G25: =VLOOKUP($E25,'Tabela de Códigos e Valores'!$A:$M,5,FALSE) -> Posto | H25: =VLOOKUP($E25,'Tabela de Códigos e Valores'!$A:$M,6,FALSE) -> Mensal | I25: =VLOOKUP($E25,'Tabela de Códigos e Valores'!$A:$M,7,FALSE) -> 21 | J25: =VLOOKUP($E25,'Tabela de Códigos e Valores'!$A:$M,8,FALSE) -> 0 | K25: 1 | L25: =IFERROR(VLOOKUP(E25,'Indicadores Financeiros'!$A$90:$J$92,10,FALSE),0) -> 0 | M25: =VLOOKUP($E25,'Tabela de Códigos e Valores'!$A:$Z,16,FALSE) -> 0 | N25: =VLOOKUP($E25,'Tabela de Códigos e Valores'!$A:$Z,17,FALSE) -> 0 | O25: =VLOOKUP($E25,'Tabela de Códigos e Valores'!$A:$AAB,28,FALSE) -> 0 | P25: =ROUND(IF($G25<>"M2",IF(VLOOKUP($E25,'Tabela de Códigos e Valores'!$A:$J,10,FALSE)*6%>=VLOOKUP('Relatório Custo'!$A25,'Indicadores Financeiros'!$A$127:$I$131,9,FALSE)*'Relatório Custo'!I25,0,VLOOKUP('Relatório Custo'!$A25,'Indicadores Financeiros'!$A$127:$I$131,9,FALSE)*'Relatório Custo'!I25-VLOOKUP($E25,'Tabela de Códigos e Valores'!$A:$J,10,FALSE)*6%),0),2) -> 0 | Q25: =VLOOKUP($E25,'Tabela de Códigos e Valores'!$A:$AAC,30,FALSE) -> 0 | R25: =ROUND(ROUND(($M25+$N25+$O25+$P25+$Q25),2)*VLOOKUP($E25,'Tabela de Códigos e Valores'!$A:$AE,31,FALSE)/(1-VLOOKUP($E25,'Tabela de Códigos e Valores'!$A:$AE,31,FALSE)),2) -> 0 | S25: =SUM(L25:R25) -> 0 | T25: =VLOOKUP($A25,'Indicadores Financeiros'!$A$127:$J$131,8,FALSE) -> 0.0204 | U25: =ROUND(S25*(1+T25),2) -> 0 | V25: =ROUND(U25*K25,2) -> 0 | W25: =VLOOKUP($A25,'Indicadores Financeiros'!$A$127:$J$131,10) -> 1 | X25: =U25*IF(H25="Mensal",('Indicadores Financeiros'!$F$14-W25+1),IF(H25="Trimestral",INT(('Indicadores Financeiros'!$F$14-W25+1)/3),INT(('Indicadores Financeiros'!$F$14-W25+1)/12)))*K25 -> 0 | Z25: =IF(G25="Posto",M25,0)*K25 -> 0 | AA25: =ROUND('Indicadores Financeiros'!$J$71*$Z25,4) -> 0 | AC25: =ROUND(IF(OR($G25="Posto",$G25="Plantão"),$U25/$I25,0),2) -> 0 | AD25: =ROUND((ROUND(VLOOKUP($E25,'Tabela de Códigos e Valores'!$A:$AB,26,FALSE)/I25,2)+ROUND(P25/I25,2)+ROUND(M25*'Indicadores Financeiros'!$J$61/I25,2)+ROUND(R25/I25,2))*(1+T25),2) -> 0 | AE25: =IF(G25="posto",IF(OR(E25=690018,E25=690019),'Indicadores Financeiros'!$J$108,IF(OR(E25=690002,E25=690016,E25=690019,E25=690035,E25=690038,E25=690064),'Indicadores Financeiros'!$G$108/2*(1+T25),'Indicadores Financeiros'!$G$108*(1+T25))),0) -> 0
A26: 4 | B26: =VLOOKUP($A26,'Indicadores Financeiros'!$A$127:$J$229,2,FALSE) -> 353 | C26: =VLOOKUP($A26,'Indicadores Financeiros'!$A$127:$J$229,3,FALSE) -> São Paulo - JEC / JECRIM II - Central Vergueiro | D26: =VLOOKUP($B26,BIP!A:E,5,FALSE) -> São Paulo | E26: 690056 | F26: =VLOOKUP($E26,'Tabela de Códigos e Valores'!$A:$M,2,FALSE) -> Encarregado(a) 11 ou mais subordinados - diurno - 44 horas semanais | G26: =VLOOKUP($E26,'Tabela de Códigos e Valores'!$A:$M,5,FALSE) -> Posto | H26: =VLOOKUP($E26,'Tabela de Códigos e Valores'!$A:$M,6,FALSE) -> Mensal | I26: =VLOOKUP($E26,'Tabela de Códigos e Valores'!$A:$M,7,FALSE) -> 21 | J26: =VLOOKUP($E26,'Tabela de Códigos e Valores'!$A:$M,8,FALSE) -> 0 | K26: 1 | L26: =IFERROR(VLOOKUP(E26,'Indicadores Financeiros'!$A$90:$J$92,10,FALSE),0) -> 0 | M26: =VLOOKUP($E26,'Tabela de Códigos e Valores'!$A:$Z,16,FALSE) -> 0 | N26: =VLOOKUP($E26,'Tabela de Códigos e Valores'!$A:$Z,17,FALSE) -> 0 | O26: =VLOOKUP($E26,'Tabela de Códigos e Valores'!$A:$AAB,28,FALSE) -> 0 | P26: =ROUND(IF($G26<>"M2",IF(VLOOKUP($E26,'Tabela de Códigos e Valores'!$A:$J,10,FALSE)*6%>=VLOOKUP('Relatório Custo'!$A26,'Indicadores Financeiros'!$A$127:$I$131,9,FALSE)*'Relatório Custo'!I26,0,VLOOKUP('Relatório Custo'!$A26,'Indicadores Financeiros'!$A$127:$I$131,9,FALSE)*'Relatório Custo'!I26-VLOOKUP($E26,'Tabela de Códigos e Valores'!$A:$J,10,FALSE)*6%),0),2) -> 0 | Q26: =VLOOKUP($E26,'Tabela de Códigos e Valores'!$A:$AAC,30,FALSE) -> 0 | R26: =ROUND(ROUND(($M26+$N26+$O26+$P26+$Q26),2)*VLOOKUP($E26,'Tabela de Códigos e Valores'!$A:$AE,31,FALSE)/(1-VLOOKUP($E26,'Tabela de Códigos e Valores'!$A:$AE,31,FALSE)),2) -> 0 | S26: =SUM(L26:R26) -> 0 | T26: =VLOOKUP($A26,'Indicadores Financeiros'!$A$127:$J$131,8,FALSE) -> 0.0204 | U26: =ROUND(S26*(1+T26),2) -> 0 | V26: =ROUND(U26*K26,2) -> 0 | W26: =VLOOKUP($A26,'Indicadores Financeiros'!$A$127:$J$131,10) -> 1 | X26: =U26*IF(H26="Mensal",('Indicadores Financeiros'!$F$14-W26+1),IF(H26="Trimestral",INT(('Indicadores Financeiros'!$F$14-W26+1)/3),INT(('Indicadores Financeiros'!$F$14-W26+1)/12)))*K26 -> 0 | Z26: =IF(G26="Posto",M26,0)*K26 -> 0 | AA26: =ROUND('Indicadores Financeiros'!$J$71*$Z26,4) -> 0 | AC26: =ROUND(IF(OR($G26="Posto",$G26="Plantão"),$U26/$I26,0),2) -> 0 | AD26: =ROUND((ROUND(VLOOKUP($E26,'Tabela de Códigos e Valores'!$A:$AB,26,FALSE)/I26,2)+ROUND(P26/I26,2)+ROUND(M26*'Indicadores Financeiros'!$J$61/I26,2)+ROUND(R26/I26,2))*(1+T26),2) -> 0 | AE26: =IF(G26="posto",IF(OR(E26=690018,E26=690019),'Indicadores Financeiros'!$J$108,IF(OR(E26=690002,E26=690016,E26=690019,E26=690035,E26=690038,E26=690064),'Indicadores Financeiros'!$G$108/2*(1+T26),'Indicadores Financeiros'!$G$108*(1+T26))),0) -> 0
A27: 5 | B27: =VLOOKUP($A27,'Indicadores Financeiros'!$A$127:$J$229,2,FALSE) -> 615 | C27: =VLOOKUP($A27,'Indicadores Financeiros'!$A$127:$J$229,3,FALSE) -> São Paulo - Unidade(s) Administrativa(s) I - Praça do Patriarca | D27: =VLOOKUP($B27,BIP!A:E,5,FALSE) -> São Paulo | E27: 690001 | F27: =VLOOKUP($E27,'Tabela de Códigos e Valores'!$A:$M,2,FALSE) -> Auxiliar de limpeza - diurno - 44 horas semanais (segunda a sexta-feira) | G27: =VLOOKUP($E27,'Tabela de Códigos e Valores'!$A:$M,5,FALSE) -> Posto | H27: =VLOOKUP($E27,'Tabela de Códigos e Valores'!$A:$M,6,FALSE) -> Mensal | I27: =VLOOKUP($E27,'Tabela de Códigos e Valores'!$A:$M,7,FALSE) -> 21 | J27: =VLOOKUP($E27,'Tabela de Códigos e Valores'!$A:$M,8,FALSE) -> 0 | K27: 31 | L27: =IFERROR(VLOOKUP(E27,'Indicadores Financeiros'!$A$90:$J$92,10,FALSE),0) -> 0 | M27: =VLOOKUP($E27,'Tabela de Códigos e Valores'!$A:$Z,16,FALSE) -> 0 | N27: =VLOOKUP($E27,'Tabela de Códigos e Valores'!$A:$Z,17,FALSE) -> 0 | O27: =VLOOKUP($E27,'Tabela de Códigos e Valores'!$A:$AAB,28,FALSE) -> 0 | P27: =ROUND(IF($G27<>"M2",IF(VLOOKUP($E27,'Tabela de Códigos e Valores'!$A:$J,10,FALSE)*6%>=VLOOKUP('Relatório Custo'!$A27,'Indicadores Financeiros'!$A$127:$I$131,9,FALSE)*'Relatório Custo'!I27,0,VLOOKUP('Relatório Custo'!$A27,'Indicadores Financeiros'!$A$127:$I$131,9,FALSE)*'Relatório Custo'!I27-VLOOKUP($E27,'Tabela de Códigos e Valores'!$A:$J,10,FALSE)*6%),0),2) -> 0 | Q27: =VLOOKUP($E27,'Tabela de Códigos e Valores'!$A:$AAC,30,FALSE) -> 0 | R27: =ROUND(ROUND(($M27+$N27+$O27+$P27+$Q27),2)*VLOOKUP($E27,'Tabela de Códigos e Valores'!$A:$AE,31,FALSE)/(1-VLOOKUP($E27,'Tabela de Códigos e Valores'!$A:$AE,31,FALSE)),2) -> 0 | S27: =SUM(L27:R27) -> 0 | T27: =VLOOKUP($A27,'Indicadores Financeiros'!$A$127:$J$131,8,FALSE) -> 0.0204 | U27: =ROUND(S27*(1+T27),2) -> 0 | V27: =ROUND(U27*K27,2) -> 0 | W27: =VLOOKUP($A27,'Indicadores Financeiros'!$A$127:$J$131,10) -> 1 | X27: =U27*IF(H27="Mensal",('Indicadores Financeiros'!$F$14-W27+1),IF(H27="Trimestral",INT(('Indicadores Financeiros'!$F$14-W27+1)/3),INT(('Indicadores Financeiros'!$F$14-W27+1)/12)))*K27 -> 0 | Z27: =IF(G27="Posto",M27,0)*K27 -> 0 | AA27: =ROUND('Indicadores Financeiros'!$J$71*$Z27,4) -> 0 | AC27: =ROUND(IF(OR($G27="Posto",$G27="Plantão"),$U27/$I27,0),2) -> 0 | AD27: =ROUND((ROUND(VLOOKUP($E27,'Tabela de Códigos e Valores'!$A:$AB,26,FALSE)/I27,2)+ROUND(P27/I27,2)+ROUND(M27*'Indicadores Financeiros'!$J$61/I27,2)+ROUND(R27/I27,2))*(1+T27),2) -> 0 | AE27: =IF(G27="posto",IF(OR(E27=690018,E27=690019),'Indicadores Financeiros'!$J$108,IF(OR(E27=690002,E27=690016,E27=690019,E27=690035,E27=690038,E27=690064),'Indicadores Financeiros'!$G$108/2*(1+T27),'Indicadores Financeiros'!$G$108*(1+T27))),0) -> 0
A28: 5 | B28: =VLOOKUP($A28,'Indicadores Financeiros'!$A$127:$J$229,2,FALSE) -> 615 | C28: =VLOOKUP($A28,'Indicadores Financeiros'!$A$127:$J$229,3,FALSE) -> São Paulo - Unidade(s) Administrativa(s) I - Praça do Patriarca | D28: =VLOOKUP($B28,BIP!A:E,5,FALSE) -> São Paulo | E28: 690002 | F28: =VLOOKUP($E28,'Tabela de Códigos e Valores'!$A:$M,2,FALSE) -> Auxiliar de limpeza - diurno - 24 horas semanais | G28: =VLOOKUP($E28,'Tabela de Códigos e Valores'!$A:$M,5,FALSE) -> Posto | H28: =VLOOKUP($E28,'Tabela de Códigos e Valores'!$A:$M,6,FALSE) -> Mensal | I28: =VLOOKUP($E28,'Tabela de Códigos e Valores'!$A:$M,7,FALSE) -> 21 | J28: =VLOOKUP($E28,'Tabela de Códigos e Valores'!$A:$M,8,FALSE) -> 0 | K28: 1 | L28: =IFERROR(VLOOKUP(E28,'Indicadores Financeiros'!$A$90:$J$92,10,FALSE),0) -> 0 | M28: =VLOOKUP($E28,'Tabela de Códigos e Valores'!$A:$Z,16,FALSE) -> 0 | N28: =VLOOKUP($E28,'Tabela de Códigos e Valores'!$A:$Z,17,FALSE) -> 0 | O28: =VLOOKUP($E28,'Tabela de Códigos e Valores'!$A:$AAB,28,FALSE) -> 0 | P28: =ROUND(IF($G28<>"M2",IF(VLOOKUP($E28,'Tabela de Códigos e Valores'!$A:$J,10,FALSE)*6%>=VLOOKUP('Relatório Custo'!$A28,'Indicadores Financeiros'!$A$127:$I$131,9,FALSE)*'Relatório Custo'!I28,0,VLOOKUP('Relatório Custo'!$A28,'Indicadores Financeiros'!$A$127:$I$131,9,FALSE)*'Relatório Custo'!I28-VLOOKUP($E28,'Tabela de Códigos e Valores'!$A:$J,10,FALSE)*6%),0),2) -> 0 | Q28: =VLOOKUP($E28,'Tabela de Códigos e Valores'!$A:$AAC,30,FALSE) -> 0 | R28: =ROUND(ROUND(($M28+$N28+$O28+$P28+$Q28),2)*VLOOKUP($E28,'Tabela de Códigos e Valores'!$A:$AE,31,FALSE)/(1-VLOOKUP($E28,'Tabela de Códigos e Valores'!$A:$AE,31,FALSE)),2) -> 0 | S28: =SUM(L28:R28) -> 0 | T28: =VLOOKUP($A28,'Indicadores Financeiros'!$A$127:$J$131,8,FALSE) -> 0.0204 | U28: =ROUND(S28*(1+T28),2) -> 0 | V28: =ROUND(U28*K28,2) -> 0 | W28: =VLOOKUP($A28,'Indicadores Financeiros'!$A$127:$J$131,10) -> 1 | X28: =U28*IF(H28="Mensal",('Indicadores Financeiros'!$F$14-W28+1),IF(H28="Trimestral",INT(('Indicadores Financeiros'!$F$14-W28+1)/3),INT(('Indicadores Financeiros'!$F$14-W28+1)/12)))*K28 -> 0 | Z28: =IF(G28="Posto",M28,0)*K28 -> 0 | AA28: =ROUND('Indicadores Financeiros'!$J$71*$Z28,4) -> 0 | AC28: =ROUND(IF(OR($G28="Posto",$G28="Plantão"),$U28/$I28,0),2) -> 0 | AD28: =ROUND((ROUND(VLOOKUP($E28,'Tabela de Códigos e Valores'!$A:$AB,26,FALSE)/I28,2)+ROUND(P28/I28,2)+ROUND(M28*'Indicadores Financeiros'!$J$61/I28,2)+ROUND(R28/I28,2))*(1+T28),2) -> 0 | AE28: =IF(G28="posto",IF(OR(E28=690018,E28=690019),'Indicadores Financeiros'!$J$108,IF(OR(E28=690002,E28=690016,E28=690019,E28=690035,E28=690038,E28=690064),'Indicadores Financeiros'!$G$108/2*(1+T28),'Indicadores Financeiros'!$G$108*(1+T28))),0) -> 0
A29: 5 | B29: =VLOOKUP($A29,'Indicadores Financeiros'!$A$127:$J$229,2,FALSE) -> 615 | C29: =VLOOKUP($A29,'Indicadores Financeiros'!$A$127:$J$229,3,FALSE) -> São Paulo - Unidade(s) Administrativa(s) I - Praça do Patriarca | D29: =VLOOKUP($B29,BIP!A:E,5,FALSE) -> São Paulo | E29: 690004 | F29: =VLOOKUP($E29,'Tabela de Códigos e Valores'!$A:$M,2,FALSE) -> Serviço de limpeza - plantonista - domingos e feriados (5 horas) | G29: =VLOOKUP($E29,'Tabela de Códigos e Valores'!$A:$M,5,FALSE) -> Plantão - Dom/Fer | H29: =VLOOKUP($E29,'Tabela de Códigos e Valores'!$A:$M,6,FALSE) -> Mensal | I29: =VLOOKUP($E29,'Tabela de Códigos e Valores'!$A:$M,7,FALSE) -> 6 | J29: =VLOOKUP($E29,'Tabela de Códigos e Valores'!$A:$M,8,FALSE) -> 30 | K29: 1 | L29: =IFERROR(VLOOKUP(E29,'Indicadores Financeiros'!$A$90:$J$92,10,FALSE),0) -> 0 | M29: =VLOOKUP($E29,'Tabela de Códigos e Valores'!$A:$Z,16,FALSE) -> 0 | N29: =VLOOKUP($E29,'Tabela de Códigos e Valores'!$A:$Z,17,FALSE) -> 0 | O29: =VLOOKUP($E29,'Tabela de Códigos e Valores'!$A:$AAB,28,FALSE) -> 0 | P29: =ROUND(IF($G29<>"M2",IF(VLOOKUP($E29,'Tabela de Códigos e Valores'!$A:$J,10,FALSE)*6%>=VLOOKUP('Relatório Custo'!$A29,'Indicadores Financeiros'!$A$127:$I$131,9,FALSE)*'Relatório Custo'!I29,0,VLOOKUP('Relatório Custo'!$A29,'Indicadores Financeiros'!$A$127:$I$131,9,FALSE)*'Relatório Custo'!I29-VLOOKUP($E29,'Tabela de Códigos e Valores'!$A:$J,10,FALSE)*6%),0),2) -> 0 | Q29: =VLOOKUP($E29,'Tabela de Códigos e Valores'!$A:$AAC,30,FALSE) -> 0 | R29: =ROUND(ROUND(($M29+$N29+$O29+$P29+$Q29),2)*VLOOKUP($E29,'Tabela de Códigos e Valores'!$A:$AE,31,FALSE)/(1-VLOOKUP($E29,'Tabela de Códigos e Valores'!$A:$AE,31,FALSE)),2) -> 0 | S29: =SUM(L29:R29) -> 0 | T29: =VLOOKUP($A29,'Indicadores Financeiros'!$A$127:$J$131,8,FALSE) -> 0.0204 | U29: =ROUND(S29*(1+T29),2) -> 0 | V29: =ROUND(U29*K29,2) -> 0 | W29: =VLOOKUP($A29,'Indicadores Financeiros'!$A$127:$J$131,10) -> 1 | X29: =U29*IF(H29="Mensal",('Indicadores Financeiros'!$F$14-W29+1),IF(H29="Trimestral",INT(('Indicadores Financeiros'!$F$14-W29+1)/3),INT(('Indicadores Financeiros'!$F$14-W29+1)/12)))*K29 -> 0 | Z29: =IF(G29="Posto",M29,0)*K29 -> 0 | AA29: =ROUND('Indicadores Financeiros'!$J$71*$Z29,4) -> 0 | AC29: =ROUND(IF(OR($G29="Posto",$G29="Plantão - Dom/Fer",$G29="Plantão - Sábado",$G29="Plantão - Recesso"),$U29/$I29,0),2) -> 0 | AD29: =ROUND((ROUND(VLOOKUP($E29,'Tabela de Códigos e Valores'!$A:$AB,26,FALSE)/I29,2)+ROUND(P29/I29,2)+ROUND(M29*'Indicadores Financeiros'!$J$61/I29,2)+ROUND(R29/I29,2))*(1+T29),2) -> 0 | AE29: =IF(G29="posto",IF(OR(E29=690018,E29=690019),'Indicadores Financeiros'!$J$108,IF(OR(E29=690002,E29=690016,E29=690019,E29=690035,E29=690038,E29=690064),'Indicadores Financeiros'!$G$108/2*(1+T29),'Indicadores Financeiros'!$G$108*(1+T29))),0) -> 0
A30: 5 | B30: =VLOOKUP($A30,'Indicadores Financeiros'!$A$127:$J$229,2,FALSE) -> 615 | C30: =VLOOKUP($A30,'Indicadores Financeiros'!$A$127:$J$229,3,FALSE) -> São Paulo - Unidade(s) Administrativa(s) I - Praça do Patriarca | D30: =VLOOKUP($B30,BIP!A:E,5,FALSE) -> São Paulo | E30: 690020 | F30: =VLOOKUP($E30,'Tabela de Códigos e Valores'!$A:$M,2,FALSE) -> Serviço de Jardinagem | G30: =VLOOKUP($E30,'Tabela de Códigos e Valores'!$A:$M,5,FALSE) -> M2 | H30: =VLOOKUP($E30,'Tabela de Códigos e Valores'!$A:$M,6,FALSE) -> Mensal | I30: =VLOOKUP($E30,'Tabela de Códigos e Valores'!$A:$M,7,FALSE) -> 0 | J30: =VLOOKUP($E30,'Tabela de Códigos e Valores'!$A:$M,8,FALSE) -> 0 | K30: 90 | L30: =IFERROR(VLOOKUP(E30,'Indicadores Financeiros'!$A$90:$J$92,10,FALSE),0) -> 0 | M30: =VLOOKUP($E30,'Tabela de Códigos e Valores'!$A:$Z,16,FALSE) -> 0 | N30: =VLOOKUP($E30,'Tabela de Códigos e Valores'!$A:$Z,17,FALSE) -> 0 | O30: =VLOOKUP($E30,'Tabela de Códigos e Valores'!$A:$AAB,28,FALSE) -> 0 | P30: =ROUND(IF($G30<>"M2",IF(VLOOKUP($E30,'Tabela de Códigos e Valores'!$A:$J,10,FALSE)*6%>=VLOOKUP('Relatório Custo'!$A30,'Indicadores Financeiros'!$A$127:$I$131,9,FALSE)*'Relatório Custo'!I30,0,VLOOKUP('Relatório Custo'!$A30,'Indicadores Financeiros'!$A$127:$I$131,9,FALSE)*'Relatório Custo'!I30-VLOOKUP($E30,'Tabela de Códigos e Valores'!$A:$J,10,FALSE)*6%),0),2) -> 0 | Q30: =VLOOKUP($E30,'Tabela de Códigos e Valores'!$A:$AAC,30,FALSE) -> 0 | R30: =ROUND(ROUND(($M30+$N30+$O30+$P30+$Q30),2)*VLOOKUP($E30,'Tabela de Códigos e Valores'!$A:$AE,31,FALSE)/(1-VLOOKUP($E30,'Tabela de Códigos e Valores'!$A:$AE,31,FALSE)),2) -> 0 | S30: =SUM(L30:R30) -> 0 | T30: =VLOOKUP($A30,'Indicadores Financeiros'!$A$127:$J$131,8,FALSE) -> 0.0204 | U30: =ROUND(S30*(1+T30),2) -> 0 | V30: =ROUND(U30*K30,2) -> 0 | W30: =VLOOKUP($A30,'Indicadores Financeiros'!$A$127:$J$131,10) -> 1 | X30: =U30*IF(H30="Mensal",('Indicadores Financeiros'!$F$14-W30+1),IF(H30="Trimestral",INT(('Indicadores Financeiros'!$F$14-W30+1)/3),INT(('Indicadores Financeiros'!$F$14-W30+1)/12)))*K30 -> 0 | Z30: =IF(G30="Posto",M30,0)*K30 -> 0 | AA30: =ROUND('Indicadores Financeiros'!$J$71*$Z30,4) -> 0 | AC30: =ROUND(IF(OR($G30="Posto",$G30="Plantão"),$U30/$I30,0),2) -> 0 | AD30: =IF(G30="m2",0,ROUND((ROUND(VLOOKUP($E30,'Tabela de Códigos e Valores'!$A:$AB,26,FALSE)/I30,2)+ROUND(P30/I30,2)+ROUND(M30*'Indicadores Financeiros'!$J$61/I30,2)+ROUND(R30/I30,2))*(1+T30),2)) -> 0 | AE30: =IF(G30="posto",IF(OR(E30=690018,E30=690019),'Indicadores Financeiros'!$J$108,IF(OR(E30=690002,E30=690016,E30=690019,E30=690035,E30=690038,E30=690064),'Indicadores Financeiros'!$G$108/2*(1+T30),'Indicadores Financeiros'!$G$108*(1+T30))),0) -> 0
A31: 5 | B31: =VLOOKUP($A31,'Indicadores Financeiros'!$A$127:$J$229,2,FALSE) -> 615 | C31: =VLOOKUP($A31,'Indicadores Financeiros'!$A$127:$J$229,3,FALSE) -> São Paulo - Unidade(s) Administrativa(s) I - Praça do Patriarca | D31: =VLOOKUP($B31,BIP!A:E,5,FALSE) -> São Paulo | E31: 690021 | F31: =VLOOKUP($E31,'Tabela de Códigos e Valores'!$A:$M,2,FALSE) -> Serviço de limpeza de vidros com exposição à situação de risco | G31: =VLOOKUP($E31,'Tabela de Códigos e Valores'!$A:$M,5,FALSE) -> M2 | H31: =VLOOKUP($E31,'Tabela de Códigos e Valores'!$A:$M,6,FALSE) -> Trimestral | I31: =VLOOKUP($E31,'Tabela de Códigos e Valores'!$A:$M,7,FALSE) -> 0 | J31: =VLOOKUP($E31,'Tabela de Códigos e Valores'!$A:$M,8,FALSE) -> 0 | K31: 963 | L31: =IFERROR(VLOOKUP(E31,'Indicadores Financeiros'!$A$90:$J$92,10,FALSE),0) -> 0 | M31: =VLOOKUP($E31,'Tabela de Códigos e Valores'!$A:$Z,16,FALSE) -> 0 | N31: =VLOOKUP($E31,'Tabela de Códigos e Valores'!$A:$Z,17,FALSE) -> 0 | O31: =VLOOKUP($E31,'Tabela de Códigos e Valores'!$A:$AAB,28,FALSE) -> 0 | P31: =ROUND(IF($G31<>"M2",IF(VLOOKUP($E31,'Tabela de Códigos e Valores'!$A:$J,10,FALSE)*6%>=VLOOKUP('Relatório Custo'!$A31,'Indicadores Financeiros'!$A$127:$I$131,9,FALSE)*'Relatório Custo'!I31,0,VLOOKUP('Relatório Custo'!$A31,'Indicadores Financeiros'!$A$127:$I$131,9,FALSE)*'Relatório Custo'!I31-VLOOKUP($E31,'Tabela de Códigos e Valores'!$A:$J,10,FALSE)*6%),0),2) -> 0 | Q31: =VLOOKUP($E31,'Tabela de Códigos e Valores'!$A:$AAC,30,FALSE) -> 0 | R31: =ROUND(ROUND(($M31+$N31+$O31+$P31+$Q31),2)*VLOOKUP($E31,'Tabela de Códigos e Valores'!$A:$AE,31,FALSE)/(1-VLOOKUP($E31,'Tabela de Códigos e Valores'!$A:$AE,31,FALSE)),2) -> 0 | S31: =SUM(L31:R31) -> 0 | T31: =VLOOKUP($A31,'Indicadores Financeiros'!$A$127:$J$131,8,FALSE) -> 0.0204 | U31: =ROUND(S31*(1+T31),2) -> 0 | V31: =ROUND(U31*K31,2) -> 0 | W31: =VLOOKUP($A31,'Indicadores Financeiros'!$A$127:$J$131,10) -> 1 | X31: =U31*IF(H31="Mensal",('Indicadores Financeiros'!$F$14-W31+1),IF(H31="Trimestral",INT(('Indicadores Financeiros'!$F$14-W31+1)/3),INT(('Indicadores Financeiros'!$F$14-W31+1)/12)))*K31 -> 0 | Z31: =IF(G31="Posto",M31,0)*K31 -> 0 | AA31: =ROUND('Indicadores Financeiros'!$J$71*$Z31,4) -> 0 | AC31: =ROUND(IF(OR($G31="Posto",$G31="Plantão"),$U31/$I31,0),2) -> 0 | AD31: =IF(G31="m2",0,ROUND((ROUND(VLOOKUP($E31,'Tabela de Códigos e Valores'!$A:$AB,26,FALSE)/I31,2)+ROUND(P31/I31,2)+ROUND(M31*'Indicadores Financeiros'!$J$61/I31,2)+ROUND(R31/I31,2))*(1+T31),2)) -> 0 | AE31: =IF(G31="posto",IF(OR(E31=690018,E31=690019),'Indicadores Financeiros'!$J$108,IF(OR(E31=690002,E31=690016,E31=690019,E31=690035,E31=690038,E31=690064),'Indicadores Financeiros'!$G$108/2*(1+T31),'Indicadores Financeiros'!$G$108*(1+T31))),0) -> 0
A32: 5 | B32: =VLOOKUP($A32,'Indicadores Financeiros'!$A$127:$J$229,2,FALSE) -> 615 | C32: =VLOOKUP($A32,'Indicadores Financeiros'!$A$127:$J$229,3,FALSE) -> São Paulo - Unidade(s) Administrativa(s) I - Praça do Patriarca | D32: =VLOOKUP($B32,BIP!A:E,5,FALSE) -> São Paulo | E32: 690029 | F32: =VLOOKUP($E32,'Tabela de Códigos e Valores'!$A:$M,2,FALSE) -> Serviço de limpeza de vidros sem exposição à situação de risco | G32: =VLOOKUP($E32,'Tabela de Códigos e Valores'!$A:$M,5,FALSE) -> M2 | H32: =VLOOKUP($E32,'Tabela de Códigos e Valores'!$A:$M,6,FALSE) -> Trimestral | I32: =VLOOKUP($E32,'Tabela de Códigos e Valores'!$A:$M,7,FALSE) -> 0 | J32: =VLOOKUP($E32,'Tabela de Códigos e Valores'!$A:$M,8,FALSE) -> 0 | K32: 4553 | L32: =IFERROR(VLOOKUP(E32,'Indicadores Financeiros'!$A$90:$J$92,10,FALSE),0) -> 0 | M32: =VLOOKUP($E32,'Tabela de Códigos e Valores'!$A:$Z,16,FALSE) -> 0 | N32: =VLOOKUP($E32,'Tabela de Códigos e Valores'!$A:$Z,17,FALSE) -> 0 | O32: =VLOOKUP($E32,'Tabela de Códigos e Valores'!$A:$AAB,28,FALSE) -> 0 | P32: =ROUND(IF($G32<>"M2",IF(VLOOKUP($E32,'Tabela de Códigos e Valores'!$A:$J,10,FALSE)*6%>=VLOOKUP('Relatório Custo'!$A32,'Indicadores Financeiros'!$A$127:$I$131,9,FALSE)*'Relatório Custo'!I32,0,VLOOKUP('Relatório Custo'!$A32,'Indicadores Financeiros'!$A$127:$I$131,9,FALSE)*'Relatório Custo'!I32-VLOOKUP($E32,'Tabela de Códigos e Valores'!$A:$J,10,FALSE)*6%),0),2) -> 0 | Q32: =VLOOKUP($E32,'Tabela de Códigos e Valores'!$A:$AAC,30,FALSE) -> 0 | R32: =ROUND(ROUND(($M32+$N32+$O32+$P32+$Q32),2)*VLOOKUP($E32,'Tabela de Códigos e Valores'!$A:$AE,31,FALSE)/(1-VLOOKUP($E32,'Tabela de Códigos e Valores'!$A:$AE,31,FALSE)),2) -> 0 | S32: =SUM(L32:R32) -> 0 | T32: =VLOOKUP($A32,'Indicadores Financeiros'!$A$127:$J$131,8,FALSE) -> 0.0204 | U32: =ROUND(S32*(1+T32),2) -> 0 | V32: =ROUND(U32*K32,2) -> 0 | W32: =VLOOKUP($A32,'Indicadores Financeiros'!$A$127:$J$131,10) -> 1 | X32: =U32*IF(H32="Mensal",('Indicadores Financeiros'!$F$14-W32+1),IF(H32="Trimestral",INT(('Indicadores Financeiros'!$F$14-W32+1)/3),INT(('Indicadores Financeiros'!$F$14-W32+1)/12)))*K32 -> 0 | Z32: =IF(G32="Posto",M32,0)*K32 -> 0 | AA32: =ROUND('Indicadores Financeiros'!$J$71*$Z32,4) -> 0 | AC32: =ROUND(IF(OR($G32="Posto",$G32="Plantão"),$U32/$I32,0),2) -> 0 | AD32: =IF(G32="m2",0,ROUND((ROUND(VLOOKUP($E32,'Tabela de Códigos e Valores'!$A:$AB,26,FALSE)/I32,2)+ROUND(P32/I32,2)+ROUND(M32*'Indicadores Financeiros'!$J$61/I32,2)+ROUND(R32/I32,2))*(1+T32),2)) -> 0 | AE32: =IF(G32="posto",IF(OR(E32=690018,E32=690019),'Indicadores Financeiros'!$J$108,IF(OR(E32=690002,E32=690016,E32=690019,E32=690035,E32=690038,E32=690064),'Indicadores Financeiros'!$G$108/2*(1+T32),'Indicadores Financeiros'!$G$108*(1+T32))),0) -> 0
A33: 5 | B33: =VLOOKUP($A33,'Indicadores Financeiros'!$A$127:$J$229,2,FALSE) -> 615 | C33: =VLOOKUP($A33,'Indicadores Financeiros'!$A$127:$J$229,3,FALSE) -> São Paulo - Unidade(s) Administrativa(s) I - Praça do Patriarca | D33: =VLOOKUP($B33,BIP!A:E,5,FALSE) -> São Paulo | E33: 690032 | F33: =VLOOKUP($E33,'Tabela de Códigos e Valores'!$A:$M,2,FALSE) -> Auxiliar de limpeza - diurno - 44 horas semanais (segunda a sábado) | G33: =VLOOKUP($E33,'Tabela de Códigos e Valores'!$A:$M,5,FALSE) -> Posto | H33: =VLOOKUP($E33,'Tabela de Códigos e Valores'!$A:$M,6,FALSE) -> Mensal | I33: =VLOOKUP($E33,'Tabela de Códigos e Valores'!$A:$M,7,FALSE) -> 25.33 | J33: =VLOOKUP($E33,'Tabela de Códigos e Valores'!$A:$M,8,FALSE) -> 0 | K33: 1 | L33: =IFERROR(VLOOKUP(E33,'Indicadores Financeiros'!$A$90:$J$92,10,FALSE),0) -> 0 | M33: =VLOOKUP($E33,'Tabela de Códigos e Valores'!$A:$Z,16,FALSE) -> 0 | N33: =VLOOKUP($E33,'Tabela de Códigos e Valores'!$A:$Z,17,FALSE) -> 0 | O33: =VLOOKUP($E33,'Tabela de Códigos e Valores'!$A:$AAB,28,FALSE) -> 0 | P33: =ROUND(IF($G33<>"M2",IF(VLOOKUP($E33,'Tabela de Códigos e Valores'!$A:$J,10,FALSE)*6%>=VLOOKUP('Relatório Custo'!$A33,'Indicadores Financeiros'!$A$127:$I$131,9,FALSE)*'Relatório Custo'!I33,0,VLOOKUP('Relatório Custo'!$A33,'Indicadores Financeiros'!$A$127:$I$131,9,FALSE)*'Relatório Custo'!I33-VLOOKUP($E33,'Tabela de Códigos e Valores'!$A:$J,10,FALSE)*6%),0),2) -> 0 | Q33: =VLOOKUP($E33,'Tabela de Códigos e Valores'!$A:$AAC,30,FALSE) -> 0 | R33: =ROUND(ROUND(($M33+$N33+$O33+$P33+$Q33),2)*VLOOKUP($E33,'Tabela de Códigos e Valores'!$A:$AE,31,FALSE)/(1-VLOOKUP($E33,'Tabela de Códigos e Valores'!$A:$AE,31,FALSE)),2) -> 0 | S33: =SUM(L33:R33) -> 0 | T33: =VLOOKUP($A33,'Indicadores Financeiros'!$A$127:$J$131,8,FALSE) -> 0.0204 | U33: =ROUND(S33*(1+T33),2) -> 0 | V33: =ROUND(U33*K33,2) -> 0 | W33: =VLOOKUP($A33,'Indicadores Financeiros'!$A$127:$J$131,10) -> 1 | X33: =U33*IF(H33="Mensal",('Indicadores Financeiros'!$F$14-W33+1),IF(H33="Trimestral",INT(('Indicadores Financeiros'!$F$14-W33+1)/3),INT(('Indicadores Financeiros'!$F$14-W33+1)/12)))*K33 -> 0 | Z33: =IF(G33="Posto",M33,0)*K33 -> 0 | AA33: =ROUND('Indicadores Financeiros'!$J$71*$Z33,4) -> 0 | AC33: =ROUND(IF(OR($G33="Posto",$G33="Plantão"),$U33/$I33,0),2) -> 0 | AD33: =ROUND((ROUND(VLOOKUP($E33,'Tabela de Códigos e Valores'!$A:$AB,26,FALSE)/I33,2)+ROUND(P33/I33,2)+ROUND(M33*'Indicadores Financeiros'!$J$61/I33,2)+ROUND(R33/I33,2))*(1+T33),2) -> 0 | AE33: =IF(G33="posto",IF(OR(E33=690018,E33=690019),'Indicadores Financeiros'!$J$108,IF(OR(E33=690002,E33=690016,E33=690019,E33=690035,E33=690038,E33=690064),'Indicadores Financeiros'!$G$108/2*(1+T33),'Indicadores Financeiros'!$G$108*(1+T33))),0) -> 0
A34: 5 | B34: =VLOOKUP($A34,'Indicadores Financeiros'!$A$127:$J$229,2,FALSE) -> 615 | C34: =VLOOKUP($A34,'Indicadores Financeiros'!$A$127:$J$229,3,FALSE) -> São Paulo - Unidade(s) Administrativa(s) I - Praça do Patriarca | D34: =VLOOKUP($B34,BIP!A:E,5,FALSE) -> São Paulo | E34: 690037 | F34: =VLOOKUP($E34,'Tabela de Códigos e Valores'!$A:$M,2,FALSE) -> Agente de Higienização (Tempo Integral) - (40%) - 44 horas semanais | G34: =VLOOKUP($E34,'Tabela de Códigos e Valores'!$A:$M,5,FALSE) -> Posto | H34: =VLOOKUP($E34,'Tabela de Códigos e Valores'!$A:$M,6,FALSE) -> Mensal | I34: =VLOOKUP($E34,'Tabela de Códigos e Valores'!$A:$M,7,FALSE) -> 21 | J34: =VLOOKUP($E34,'Tabela de Códigos e Valores'!$A:$M,8,FALSE) -> 0 | K34: 4 | L34: =IFERROR(VLOOKUP(E34,'Indicadores Financeiros'!$A$90:$J$92,10,FALSE),0) -> 0 | M34: =VLOOKUP($E34,'Tabela de Códigos e Valores'!$A:$Z,16,FALSE) -> 0 | N34: =VLOOKUP($E34,'Tabela de Códigos e Valores'!$A:$Z,17,FALSE) -> 0 | O34: =VLOOKUP($E34,'Tabela de Códigos e Valores'!$A:$AAB,28,FALSE) -> 0 | P34: =ROUND(IF($G34<>"M2",IF(VLOOKUP($E34,'Tabela de Códigos e Valores'!$A:$J,10,FALSE)*6%>=VLOOKUP('Relatório Custo'!$A34,'Indicadores Financeiros'!$A$127:$I$131,9,FALSE)*'Relatório Custo'!I34,0,VLOOKUP('Relatório Custo'!$A34,'Indicadores Financeiros'!$A$127:$I$131,9,FALSE)*'Relatório Custo'!I34-VLOOKUP($E34,'Tabela de Códigos e Valores'!$A:$J,10,FALSE)*6%),0),2) -> 0 | Q34: =VLOOKUP($E34,'Tabela de Códigos e Valores'!$A:$AAC,30,FALSE) -> 0 | R34: =ROUND(ROUND(($M34+$N34+$O34+$P34+$Q34),2)*VLOOKUP($E34,'Tabela de Códigos e Valores'!$A:$AE,31,FALSE)/(1-VLOOKUP($E34,'Tabela de Códigos e Valores'!$A:$AE,31,FALSE)),2) -> 0 | S34: =SUM(L34:R34) -> 0 | T34: =VLOOKUP($A34,'Indicadores Financeiros'!$A$127:$J$131,8,FALSE) -> 0.0204 | U34: =ROUND(S34*(1+T34),2) -> 0 | V34: =ROUND(U34*K34,2) -> 0 | W34: =VLOOKUP($A34,'Indicadores Financeiros'!$A$127:$J$131,10) -> 1 | X34: =U34*IF(H34="Mensal",('Indicadores Financeiros'!$F$14-W34+1),IF(H34="Trimestral",INT(('Indicadores Financeiros'!$F$14-W34+1)/3),INT(('Indicadores Financeiros'!$F$14-W34+1)/12)))*K34 -> 0 | Z34: =IF(G34="Posto",M34,0)*K34 -> 0 | AA34: =ROUND('Indicadores Financeiros'!$J$71*$Z34,4) -> 0 | AC34: =ROUND(IF(OR($G34="Posto",$G34="Plantão"),$U34/$I34,0),2) -> 0 | AD34: =ROUND((ROUND(VLOOKUP($E34,'Tabela de Códigos e Valores'!$A:$AB,26,FALSE)/I34,2)+ROUND(P34/I34,2)+ROUND(M34*'Indicadores Financeiros'!$J$61/I34,2)+ROUND(R34/I34,2))*(1+T34),2) -> 0 | AE34: =IF(G34="posto",IF(OR(E34=690018,E34=690019),'Indicadores Financeiros'!$J$108,IF(OR(E34=690002,E34=690016,E34=690019,E34=690035,E34=690038,E34=690064),'Indicadores Financeiros'!$G$108/2*(1+T34),'Indicadores Financeiros'!$G$108*(1+T34))),0) -> 0
A35: 5 | B35: =VLOOKUP($A35,'Indicadores Financeiros'!$A$127:$J$229,2,FALSE) -> 615 | C35: =VLOOKUP($A35,'Indicadores Financeiros'!$A$127:$J$229,3,FALSE) -> São Paulo - Unidade(s) Administrativa(s) I - Praça do Patriarca | D35: =VLOOKUP($B35,BIP!A:E,5,FALSE) -> São Paulo | E35: 690056 | F35: =VLOOKUP($E35,'Tabela de Códigos e Valores'!$A:$M,2,FALSE) -> Encarregado(a) 11 ou mais subordinados - diurno - 44 horas semanais | G35: =VLOOKUP($E35,'Tabela de Códigos e Valores'!$A:$M,5,FALSE) -> Posto | H35: =VLOOKUP($E35,'Tabela de Códigos e Valores'!$A:$M,6,FALSE) -> Mensal | I35: =VLOOKUP($E35,'Tabela de Códigos e Valores'!$A:$M,7,FALSE) -> 21 | J35: =VLOOKUP($E35,'Tabela de Códigos e Valores'!$A:$M,8,FALSE) -> 0 | K35: 1 | L35: =IFERROR(VLOOKUP(E35,'Indicadores Financeiros'!$A$90:$J$92,10,FALSE),0) -> 0 | M35: =VLOOKUP($E35,'Tabela de Códigos e Valores'!$A:$Z,16,FALSE) -> 0 | N35: =VLOOKUP($E35,'Tabela de Códigos e Valores'!$A:$Z,17,FALSE) -> 0 | O35: =VLOOKUP($E35,'Tabela de Códigos e Valores'!$A:$AAB,28,FALSE) -> 0 | P35: =ROUND(IF($G35<>"M2",IF(VLOOKUP($E35,'Tabela de Códigos e Valores'!$A:$J,10,FALSE)*6%>=VLOOKUP('Relatório Custo'!$A35,'Indicadores Financeiros'!$A$127:$I$131,9,FALSE)*'Relatório Custo'!I35,0,VLOOKUP('Relatório Custo'!$A35,'Indicadores Financeiros'!$A$127:$I$131,9,FALSE)*'Relatório Custo'!I35-VLOOKUP($E35,'Tabela de Códigos e Valores'!$A:$J,10,FALSE)*6%),0),2) -> 0 | Q35: =VLOOKUP($E35,'Tabela de Códigos e Valores'!$A:$AAC,30,FALSE) -> 0 | R35: =ROUND(ROUND(($M35+$N35+$O35+$P35+$Q35),2)*VLOOKUP($E35,'Tabela de Códigos e Valores'!$A:$AE,31,FALSE)/(1-VLOOKUP($E35,'Tabela de Códigos e Valores'!$A:$AE,31,FALSE)),2) -> 0 | S35: =SUM(L35:R35) -> 0 | T35: =VLOOKUP($A35,'Indicadores Financeiros'!$A$127:$J$131,8,FALSE) -> 0.0204 | U35: =ROUND(S35*(1+T35),2) -> 0 | V35: =ROUND(U35*K35,2) -> 0 | W35: =VLOOKUP($A35,'Indicadores Financeiros'!$A$127:$J$131,10) -> 1 | X35: =U35*IF(H35="Mensal",('Indicadores Financeiros'!$F$14-W35+1),IF(H35="Trimestral",INT(('Indicadores Financeiros'!$F$14-W35+1)/3),INT(('Indicadores Financeiros'!$F$14-W35+1)/12)))*K35 -> 0 | Z35: =IF(G35="Posto",M35,0)*K35 -> 0 | AA35: =ROUND('Indicadores Financeiros'!$J$71*$Z35,4) -> 0 | AC35: =ROUND(IF(OR($G35="Posto",$G35="Plantão"),$U35/$I35,0),2) -> 0 | AD35: =ROUND((ROUND(VLOOKUP($E35,'Tabela de Códigos e Valores'!$A:$AB,26,FALSE)/I35,2)+ROUND(P35/I35,2)+ROUND(M35*'Indicadores Financeiros'!$J$61/I35,2)+ROUND(R35/I35,2))*(1+T35),2) -> 0 | AE35: =IF(G35="posto",IF(OR(E35=690018,E35=690019),'Indicadores Financeiros'!$J$108,IF(OR(E35=690002,E35=690016,E35=690019,E35=690035,E35=690038,E35=690064),'Indicadores Financeiros'!$G$108/2*(1+T35),'Indicadores Financeiros'!$G$108*(1+T35))),0) -> 0
X36: =SUBTOTAL(9,X3:X35) -> 0 | Z36: =SUBTOTAL(9,Z3:Z35) -> 0 | AA36: =SUBTOTAL(9,AA3:AA35) -> 0
A40: Fórmulas
A42: 1. Desconto por ausência - posto mensal | M42: 5. Cálculo para o serviço de limpeza/encarregado - plantonista - domingos e feriados
A43: Valor do desconto = (valor unitário mensal) / dias úteis (estimados por mês de acordo com a função estabelecida na tabela de remuneração) | M43: [Valor da Hora]=(Valor do Salário Base) / 220 * (1+100%)
M44: [Valor dos encargos trabalhistas]=(Valor da Hora)*%Encargos Trabalhistas
A45: 2. Desconto por ausência - plantão mensal | M45: [Vale Refeição]=[(Valor do Vale Refeição)-(Dedução do funcionário)] * 6 (nº de domingos e feriados estimados no mês)
A46: Valor do desconto = (valor unitário mensal) / (dias estimados por mês) | M46: [Vale Transporte]=(Valor do Vale Transporte ida e volta) *6 (nº de domingos e feriados estimados no mês)
M47: [Valor do BDI]=[(Valor da Hora)+(Valor dos encargos trabalhistas)+(Vale Refeição)+(Vale Transporte)] * % do BDI
A48: 3. Desconto dia útil não trabalhado | M48: [Valor Unitário p/ jornada de 5 horas] = [(Valor da Hora)*5*6]+(Valor dos encargos trabalhistas)+(Vale Refeição)+(Vale Transporte) + (Valor do BDI)
A49: Valor do desconto A = | E49: (Valor do vale alimentação - valor da dedução) / dias úteis
E50: {[(Valor do vale transporte - ida e volta)* dias úteis] - [(Valor do salário base * 6%)] }/ dias úteis + | M50: 6. Cálculo para o serviço de limpeza/encarregado - plantonista - sábados ou domingos
E51: (Valor dos materiais e sua depreciação) / dias úteis + | M51: [Valor da Hora]=(Valor do Salário Base) / 220 * (1+50%)
E52: (Valor da Remuneração) * (% Custo de reposição por ausências legais) | M52: [Valor dos encargos trabalhistas]=(Valor da Hora)*%Encargos Trabalhistas
A53: Valor do desconto B = | E53: (Valor do desconto A) * (% do BDI) | M53: [Vale Refeição]=[(Valor do Vale Refeição)-(Dedução do funcionário)] * 5 (nº de sábados estimados no mês)
A54: Valor Total do desconto = | E54: (Valor do desconto A) +(Valor do desconto B) | M54: [Vale Transporte]=(Valor do Vale Transporte ida e volta) *5 (nº de sábados estimados no mês)
M55: [Valor do BDI]=[(Valor da Hora)+(Valor dos encargos trabalhistas)+(Vale Refeição)+(Vale Transporte)] * % do BDI
M56: [Valor Unitário p/ jornada de 5 horas] = [(Valor da Hora)*5*5]+(Valor dos encargos trabalhistas)+(Vale Refeição)+(Vale Transporte) + (Valor do BDI)
M57: [Valor Unitário p/ jornada de 8 horas] = [(Valor da Hora)*8*5]+(Valor dos encargos trabalhistas)+(Vale Refeição)+(Vale Transporte) + (Valor do BDI)

Sheet Custo  Resumido
A1: QUADRO RESUMO
A2: Código | B2: Função | F2: Unidade | G2: Periodicidade | H2: Quantidade | I2: Remuneração Mensal * | J2: Valor Mensal | K2: Valor Total
A3: 690001 | B3: =VLOOKUP(A3,'Tabela de Códigos e Valores'!A:B,2,FALSE) -> Auxiliar de limpeza - diurno - 44 horas semanais (segunda a sexta-feira) | F3: =VLOOKUP($A3,'Tabela de Códigos e Valores'!$A:$M,5,FALSE) -> Posto | G3: =VLOOKUP($A3,'Tabela de Códigos e Valores'!$A:$M,6,FALSE) -> Mensal | H3: =SUMIF('Relatório Custo'!$E:$E,$A3,'Relatório Custo'!$K:$K) -> 81 | I3: =IF(F3="Posto",SUMIF('Relatório Custo'!$E:$E,$A3,'Relatório Custo'!$Z:$Z),0) -> 0 | J3: =SUMIF('Relatório Custo'!$E:$E,$A3,'Relatório Custo'!$V:$V) -> 0 | K3: =SUMIF('Relatório Custo'!$E:$E,$A3,'Relatório Custo'!$X:$X) -> 0
A4: 690002 | B4: =VLOOKUP(A4,'Tabela de Códigos e Valores'!A:B,2,FALSE) -> Auxiliar de limpeza - diurno - 24 horas semanais | F4: =VLOOKUP($A4,'Tabela de Códigos e Valores'!$A:$M,5,FALSE) -> Posto | G4: =VLOOKUP($A4,'Tabela de Códigos e Valores'!$A:$M,6,FALSE) -> Mensal | H4: =SUMIF('Relatório Custo'!$E:$E,$A4,'Relatório Custo'!$K:$K) -> 3 | I4: =IF(F4="Posto",SUMIF('Relatório Custo'!$E:$E,$A4,'Relatório Custo'!$Z:$Z),0) -> 0 | J4: =SUMIF('Relatório Custo'!$E:$E,$A4,'Relatório Custo'!$V:$V) -> 0 | K4: =SUMIF('Relatório Custo'!$E:$E,$A4,'Relatório Custo'!$X:$X) -> 0
A5: 690004 | B5: =VLOOKUP(A5,'Tabela de Códigos e Valores'!A:B,2,FALSE) -> Serviço de limpeza - plantonista - domingos e feriados (5 horas) | F5: =VLOOKUP($A5,'Tabela de Códigos e Valores'!$A:$M,5,FALSE) -> Plantão - Dom/Fer | G5: =VLOOKUP($A5,'Tabela de Códigos e Valores'!$A:$M,6,FALSE) -> Mensal | H5: =SUMIF('Relatório Custo'!$E:$E,$A5,'Relatório Custo'!$K:$K) -> 1 | I5: =IF(F5="Posto",SUMIF('Relatório Custo'!$E:$E,$A5,'Relatório Custo'!$Z:$Z),0) -> 0 | J5: =SUMIF('Relatório Custo'!$E:$E,$A5,'Relatório Custo'!$V:$V) -> 0 | K5: =SUMIF('Relatório Custo'!$E:$E,$A5,'Relatório Custo'!$X:$X) -> 0
A6: 690020 | B6: =VLOOKUP(A6,'Tabela de Códigos e Valores'!A:B,2,FALSE) -> Serviço de Jardinagem | F6: =VLOOKUP($A6,'Tabela de Códigos e Valores'!$A:$M,5,FALSE) -> M2 | G6: =VLOOKUP($A6,'Tabela de Códigos e Valores'!$A:$M,6,FALSE) -> Mensal | H6: =SUMIF('Relatório Custo'!$E:$E,$A6,'Relatório Custo'!$K:$K) -> 430 | I6: =IF(F6="Posto",SUMIF('Relatório Custo'!$E:$E,$A6,'Relatório Custo'!$Z:$Z),0) -> 0 | J6: =SUMIF('Relatório Custo'!$E:$E,$A6,'Relatório Custo'!$V:$V) -> 0 | K6: =SUMIF('Relatório Custo'!$E:$E,$A6,'Relatório Custo'!$X:$X) -> 0
A7: 690021 | B7: =VLOOKUP(A7,'Tabela de Códigos e Valores'!A:B,2,FALSE) -> Serviço de limpeza de vidros com exposição à situação de risco | F7: =VLOOKUP($A7,'Tabela de Códigos e Valores'!$A:$M,5,FALSE) -> M2 | G7: =VLOOKUP($A7,'Tabela de Códigos e Valores'!$A:$M,6,FALSE) -> Trimestral | H7: =SUMIF('Relatório Custo'!$E:$E,$A7,'Relatório Custo'!$K:$K) -> 4414 | I7: =IF(F7="Posto",SUMIF('Relatório Custo'!$E:$E,$A7,'Relatório Custo'!$Z:$Z),0) -> 0 | J7: =SUMIF('Relatório Custo'!$E:$E,$A7,'Relatório Custo'!$V:$V) -> 0 | K7: =SUMIF('Relatório Custo'!$E:$E,$A7,'Relatório Custo'!$X:$X) -> 0
A8: 690022 | B8: =VLOOKUP(A8,'Tabela de Códigos e Valores'!A:B,2,FALSE) -> Auxiliar de limpeza área médica - diurno - 44 horas semanais | F8: =VLOOKUP($A8,'Tabela de Códigos e Valores'!$A:$M,5,FALSE) -> Posto | G8: =VLOOKUP($A8,'Tabela de Códigos e Valores'!$A:$M,6,FALSE) -> Mensal | H8: =SUMIF('Relatório Custo'!$E:$E,$A8,'Relatório Custo'!$K:$K) -> 1 | I8: =IF(F8="Posto",SUMIF('Relatório Custo'!$E:$E,$A8,'Relatório Custo'!$Z:$Z),0) -> 0 | J8: =SUMIF('Relatório Custo'!$E:$E,$A8,'Relatório Custo'!$V:$V) -> 0 | K8: =SUMIF('Relatório Custo'!$E:$E,$A8,'Relatório Custo'!$X:$X) -> 0
A9: 690029 | B9: =VLOOKUP(A9,'Tabela de Códigos e Valores'!A:B,2,FALSE) -> Serviço de limpeza de vidros sem exposição à situação de risco | F9: =VLOOKUP($A9,'Tabela de Códigos e Valores'!$A:$M,5,FALSE) -> M2 | G9: =VLOOKUP($A9,'Tabela de Códigos e Valores'!$A:$M,6,FALSE) -> Trimestral | H9: =SUMIF('Relatório Custo'!$E:$E,$A9,'Relatório Custo'!$K:$K) -> 8513 | I9: =IF(F9="Posto",SUMIF('Relatório Custo'!$E:$E,$A9,'Relatório Custo'!$Z:$Z),0) -> 0 | J9: =SUMIF('Relatório Custo'!$E:$E,$A9,'Relatório Custo'!$V:$V) -> 0 | K9: =SUMIF('Relatório Custo'!$E:$E,$A9,'Relatório Custo'!$X:$X) -> 0
A10: 690032 | B10: =VLOOKUP(A10,'Tabela de Códigos e Valores'!A:B,2,FALSE) -> Auxiliar de limpeza - diurno - 44 horas semanais (segunda a sábado) | F10: =VLOOKUP($A10,'Tabela de Códigos e Valores'!$A:$M,5,FALSE) -> Posto | G10: =VLOOKUP($A10,'Tabela de Códigos e Valores'!$A:$M,6,FALSE) -> Mensal | H10: =SUMIF('Relatório Custo'!$E:$E,$A10,'Relatório Custo'!$K:$K) -> 1 | I10: =IF(F10="Posto",SUMIF('Relatório Custo'!$E:$E,$A10,'Relatório Custo'!$Z:$Z),0) -> 0 | J10: =SUMIF('Relatório Custo'!$E:$E,$A10,'Relatório Custo'!$V:$V) -> 0 | K10: =SUMIF('Relatório Custo'!$E:$E,$A10,'Relatório Custo'!$X:$X) -> 0
A11: 690037 | B11: =VLOOKUP(A11,'Tabela de Códigos e Valores'!A:B,2,FALSE) -> Agente de Higienização (Tempo Integral) - (40%) - 44 horas semanais | F11: =VLOOKUP($A11,'Tabela de Códigos e Valores'!$A:$M,5,FALSE) -> Posto | G11: =VLOOKUP($A11,'Tabela de Códigos e Valores'!$A:$M,6,FALSE) -> Mensal | H11: =SUMIF('Relatório Custo'!$E:$E,$A11,'Relatório Custo'!$K:$K) -> 14 | I11: =IF(F11="Posto",SUMIF('Relatório Custo'!$E:$E,$A11,'Relatório Custo'!$Z:$Z),0) -> 0 | J11: =SUMIF('Relatório Custo'!$E:$E,$A11,'Relatório Custo'!$V:$V) -> 0 | K11: =SUMIF('Relatório Custo'!$E:$E,$A11,'Relatório Custo'!$X:$X) -> 0
A12: 690056 | B12: =VLOOKUP(A12,'Tabela de Códigos e Valores'!A:B,2,FALSE) -> Encarregado(a) 11 ou mais subordinados - diurno - 44 horas semanais | F12: =VLOOKUP($A12,'Tabela de Códigos e Valores'!$A:$M,5,FALSE) -> Posto | G12: =VLOOKUP($A12,'Tabela de Códigos e Valores'!$A:$M,6,FALSE) -> Mensal | H12: =SUMIF('Relatório Custo'!$E:$E,$A12,'Relatório Custo'!$K:$K) -> 4 | I12: =IF(F12="Posto",SUMIF('Relatório Custo'!$E:$E,$A12,'Relatório Custo'!$Z:$Z),0) -> 0 | J12: =SUMIF('Relatório Custo'!$E:$E,$A12,'Relatório Custo'!$V:$V) -> 0 | K12: =SUMIF('Relatório Custo'!$E:$E,$A12,'Relatório Custo'!$X:$X) -> 0
H13: TOTAL | I13: =SUBTOTAL(9,I3:I12) -> 0 | K13: =SUBTOTAL(9,K3:K12) -> 0
A14: * Remuneração mensal para cálculo do contingenciamento de encargos trabalhistas | K14: =K13-'Relatório Custo'!$X$36 -> 0
A15: PERCENTUAIS DE CONTINGENCIAMENTO MENSAL DE ENCARGOS TRABALHISTAS
A16: A | B16: Total da Mão de Obra (remuneração Mensal) | K16: =$I$13 -> 0
A17: B | B17: 13º Salário | J17: ='Indicadores Financeiros'!$J$28 -> 0.0893
A18: C | B18: Férias | J18: ='Indicadores Financeiros'!$J$55 -> 0.0893
A19: D | B19: Abono de Férias | J19: ='Indicadores Financeiros'!$J$29 -> 0.0298
A20: F | B20: Incidência de encargos trabalhistas: percentual total do Módulo I s/ os itens A,B, C e D | H20: Percentual | I20: ='Indicadores Financeiros'!$J$25 -> 0.338 | J20: =ROUND(I20*SUM(J17:J19),4) -> 0.0704
A21: G | B21: Multa FGTS | J21: ='Indicadores Financeiros'!$J$52 -> 0.0348
A22: Valor total mensal a contingenciar | J22: =ROUND(SUM(J17:J21),4) -> 0.3136 | K22: =ROUND($K$16*$J$22,2) -> 0
A24: CRONOGRAMA FÍSICO FINANCEIRO
A25: Mês | C25: Periodicidade | I25: Total Mensal Contratação | J25: Total Mensal Remuneração | K25: Total Mensal Contingenciamento
C26: Mensal | E26: Trimestral | G26: Anual
A27: 1 | C27: =IF(A27<='Indicadores Financeiros'!$F$14,SUMIFS('Relatório Custo'!$V:$V,'Relatório Custo'!$H:$H,'Custo Resumido'!$C$26,'Relatório Custo'!$W:$W,"<="&'Custo Resumido'!$A27),0) -> 0 | I27: =C27+E27+G27 -> 0 | J27: =IF(A27<='Indicadores Financeiros'!$F$14,SUMIFS('Relatório Custo'!$Z:$Z,'Relatório Custo'!$W:$W,"<="&'Custo Resumido'!$A27),0) -> 0 | K27: =ROUND(J27*$J$22,2) -> 0
A28: 2 | C28: =IF(A28<='Indicadores Financeiros'!$F$14,SUMIFS('Relatório Custo'!$V:$V,'Relatório Custo'!$H:$H,'Custo Resumido'!$C$26,'Relatório Custo'!$W:$W,"<="&'Custo Resumido'!$A28),0) -> 0 | E28: =IF(A28<='Indicadores Financeiros'!$F$14,SUMIFS('Relatório Custo'!$V:$V,'Relatório Custo'!$H:$H,'Custo Resumido'!$E$26,'Relatório Custo'!$W:$W,"<="&'Custo Resumido'!$A28),0) -> 0 | I28: =C28+E28+G28 -> 0 | J28: =IF(A28<='Indicadores Financeiros'!$F$14,SUMIFS('Relatório Custo'!$Z:$Z,'Relatório Custo'!$W:$W,"<="&'Custo Resumido'!$A28),0) -> 0 | K28: =ROUND(J28*$J$22,2) -> 0
A29: 3 | C29: =IF(A29<='Indicadores Financeiros'!$F$14,SUMIFS('Relatório Custo'!$V:$V,'Relatório Custo'!$H:$H,'Custo Resumido'!$C$26,'Relatório Custo'!$W:$W,"<="&'Custo Resumido'!$A29),0) -> 0 | I29: =C29+E29+G29 -> 0 | J29: =IF(A29<='Indicadores Financeiros'!$F$14,SUMIFS('Relatório Custo'!$Z:$Z,'Relatório Custo'!$W:$W,"<="&'Custo Resumido'!$A29),0) -> 0 | K29: =ROUND(J29*$J$22,2) -> 0
A30: 4 | C30: =IF(A30<='Indicadores Financeiros'!$F$14,SUMIFS('Relatório Custo'!$V:$V,'Relatório Custo'!$H:$H,'Custo Resumido'!$C$26,'Relatório Custo'!$W:$W,"<="&'Custo Resumido'!$A30),0) -> 0 | I30: =C30+E30+G30 -> 0 | J30: =IF(A30<='Indicadores Financeiros'!$F$14,SUMIFS('Relatório Custo'!$Z:$Z,'Relatório Custo'!$W:$W,"<="&'Custo Resumido'!$A30),0) -> 0 | K30: =ROUND(J30*$J$22,2) -> 0
A31: 5 | C31: =IF(A31<='Indicadores Financeiros'!$F$14,SUMIFS('Relatório Custo'!$V:$V,'Relatório Custo'!$H:$H,'Custo Resumido'!$C$26,'Relatório Custo'!$W:$W,"<="&'Custo Resumido'!$A31),0) -> 0 | E31: =IF(A31<='Indicadores Financeiros'!$F$14,SUMIFS('Relatório Custo'!$V:$V,'Relatório Custo'!$H:$H,'Custo Resumido'!$E$26,'Relatório Custo'!$W:$W,"<="&'Custo Resumido'!$A31),0) -> 0 | I31: =C31+E31+G31 -> 0 | J31: =IF(A31<='Indicadores Financeiros'!$F$14,SUMIFS('Relatório Custo'!$Z:$Z,'Relatório Custo'!$W:$W,"<="&'Custo Resumido'!$A31),0) -> 0 | K31: =ROUND(J31*$J$22,2) -> 0
A32: 6 | C32: =IF(A32<='Indicadores Financeiros'!$F$14,SUMIFS('Relatório Custo'!$V:$V,'Relatório Custo'!$H:$H,'Custo Resumido'!$C$26,'Relatório Custo'!$W:$W,"<="&'Custo Resumido'!$A32),0) -> 0 | I32: =C32+E32+G32 -> 0 | J32: =IF(A32<='Indicadores Financeiros'!$F$14,SUMIFS('Relatório Custo'!$Z:$Z,'Relatório Custo'!$W:$W,"<="&'Custo Resumido'!$A32),0) -> 0 | K32: =ROUND(J32*$J$22,2) -> 0
A33: 7 | C33: =IF(A33<='Indicadores Financeiros'!$F$14,SUMIFS('Relatório Custo'!$V:$V,'Relatório Custo'!$H:$H,'Custo Resumido'!$C$26,'Relatório Custo'!$W:$W,"<="&'Custo Resumido'!$A33),0) -> 0 | I33: =C33+E33+G33 -> 0 | J33: =IF(A33<='Indicadores Financeiros'!$F$14,SUMIFS('Relatório Custo'!$Z:$Z,'Relatório Custo'!$W:$W,"<="&'Custo Resumido'!$A33),0) -> 0 | K33: =ROUND(J33*$J$22,2) -> 0
A34: 8 | C34: =IF(A34<='Indicadores Financeiros'!$F$14,SUMIFS('Relatório Custo'!$V:$V,'Relatório Custo'!$H:$H,'Custo Resumido'!$C$26,'Relatório Custo'!$W:$W,"<="&'Custo Resumido'!$A34),0) -> 0 | E34: =IF(A34<='Indicadores Financeiros'!$F$14,SUMIFS('Relatório Custo'!$V:$V,'Relatório Custo'!$H:$H,'Custo Resumido'!$E$26,'Relatório Custo'!$W:$W,"<="&'Custo Resumido'!$A34),0) -> 0 | I34: =C34+E34+G34 -> 0 | J34: =IF(A34<='Indicadores Financeiros'!$F$14,SUMIFS('Relatório Custo'!$Z:$Z,'Relatório Custo'!$W:$W,"<="&'Custo Resumido'!$A34),0) -> 0 | K34: =ROUND(J34*$J$22,2) -> 0
A35: 9 | C35: =IF(A35<='Indicadores Financeiros'!$F$14,SUMIFS('Relatório Custo'!$V:$V,'Relatório Custo'!$H:$H,'Custo Resumido'!$C$26,'Relatório Custo'!$W:$W,"<="&'Custo Resumido'!$A35),0) -> 0 | I35: =C35+E35+G35 -> 0 | J35: =IF(A35<='Indicadores Financeiros'!$F$14,SUMIFS('Relatório Custo'!$Z:$Z,'Relatório Custo'!$W:$W,"<="&'Custo Resumido'!$A35),0) -> 0 | K35: =ROUND(J35*$J$22,2) -> 0
A36: 10 | C36: =IF(A36<='Indicadores Financeiros'!$F$14,SUMIFS('Relatório Custo'!$V:$V,'Relatório Custo'!$H:$H,'Custo Resumido'!$C$26,'Relatório Custo'!$W:$W,"<="&'Custo Resumido'!$A36),0) -> 0 | I36: =C36+E36+G36 -> 0 | J36: =IF(A36<='Indicadores Financeiros'!$F$14,SUMIFS('Relatório Custo'!$Z:$Z,'Relatório Custo'!$W:$W,"<="&'Custo Resumido'!$A36),0) -> 0 | K36: =ROUND(J36*$J$22,2) -> 0
A37: 11 | C37: =IF(A37<='Indicadores Financeiros'!$F$14,SUMIFS('Relatório Custo'!$V:$V,'Relatório Custo'!$H:$H,'Custo Resumido'!$C$26,'Relatório Custo'!$W:$W,"<="&'Custo Resumido'!$A37),0) -> 0 | E37: =IF(A37<='Indicadores Financeiros'!$F$14,SUMIFS('Relatório Custo'!$V:$V,'Relatório Custo'!$H:$H,'Custo Resumido'!$E$26,'Relatório Custo'!$W:$W,"<="&'Custo Resumido'!$A37),0) -> 0 | I37: =C37+E37+G37 -> 0 | J37: =IF(A37<='Indicadores Financeiros'!$F$14,SUMIFS('Relatório Custo'!$Z:$Z,'Relatório Custo'!$W:$W,"<="&'Custo Resumido'!$A37),0) -> 0 | K37: =ROUND(J37*$J$22,2) -> 0
A38: 12 | C38: =IF(A38<='Indicadores Financeiros'!$F$14,SUMIFS('Relatório Custo'!$V:$V,'Relatório Custo'!$H:$H,'Custo Resumido'!$C$26,'Relatório Custo'!$W:$W,"<="&'Custo Resumido'!$A38),0) -> 0 | G38: =IF(A38<='Indicadores Financeiros'!$F$14,SUMIFS('Relatório Custo'!$V:$V,'Relatório Custo'!$H:$H,'Custo Resumido'!$G$26,'Relatório Custo'!$W:$W,"<="&'Custo Resumido'!$A38),0) -> 0 | I38: =C38+E38+G38 -> 0 | J38: =IF(A38<='Indicadores Financeiros'!$F$14,SUMIFS('Relatório Custo'!$Z:$Z,'Relatório Custo'!$W:$W,"<="&'Custo Resumido'!$A38),0) -> 0 | K38: =ROUND(J38*$J$22,2) -> 0
A39: Total Geral | C39: =ROUND(SUM(C27:D38),2) -> 0 | E39: =ROUND(SUM(E27:F38),2) -> 0 | G39: =ROUND(SUM(G27:H38),2) -> 0 | I39: =ROUND(SUM(I27:I38),2) -> 0 | J39: =ROUND(SUM(J27:J38),2) -> 0 | K39: =ROUND(SUM(K27:K38),2) -> 0
I40: =I39-'Relatório Custo'!$X$36 -> 0

Sheet Custo  Resumido por local
B1: Localidade: | C1: São Paulo - Fórum Fazenda Pública - Hely Lopes Meirelles
A3: QUADRO RESUMO
A4: Código | B4: Função | F4: Unidade | G4: Periodicidade | H4: Quantidade | I4: Remuneração Mensal * | J4: Valor Mensal | K4: Valor Total
A5: 690001 | B5: =VLOOKUP(A5,'Tabela de Códigos e Valores'!A:B,2,FALSE) -> Auxiliar de limpeza - diurno - 44 horas semanais (segunda a sexta-feira) | F5: =VLOOKUP($A5,'Tabela de Códigos e Valores'!$A:$M,5,FALSE) -> Posto | G5: =VLOOKUP($A5,'Tabela de Códigos e Valores'!$A:$M,6,FALSE) -> Mensal | H5: =SUMIFS('Relatório Custo'!$K:$K,'Relatório Custo'!$E:$E,$A5,'Relatório Custo'!$C:$C,'Custo Resumido por local'!$C$1) -> 27 | I5: =IF(F5="Posto",SUMIFS('Relatório Custo'!$Z:$Z,'Relatório Custo'!$E:$E,$A5,'Relatório Custo'!$C:$C,'Custo Resumido por local'!$C$1),0) -> 0 | J5: =SUMIFS('Relatório Custo'!$V:$V,'Relatório Custo'!$E:$E,$A5,'Relatório Custo'!$C:$C,'Custo Resumido por local'!$C$1) -> 0 | K5: =SUMIFS('Relatório Custo'!$X:$X,'Relatório Custo'!$E:$E,$A5,'Relatório Custo'!$C:$C,'Custo Resumido por local'!$C$1) -> 0
A6: 690002 | B6: =VLOOKUP(A6,'Tabela de Códigos e Valores'!A:B,2,FALSE) -> Auxiliar de limpeza - diurno - 24 horas semanais | F6: =VLOOKUP($A6,'Tabela de Códigos e Valores'!$A:$M,5,FALSE) -> Posto | G6: =VLOOKUP($A6,'Tabela de Códigos e Valores'!$A:$M,6,FALSE) -> Mensal | H6: =SUMIFS('Relatório Custo'!$K:$K,'Relatório Custo'!$E:$E,$A6,'Relatório Custo'!$C:$C,'Custo Resumido por local'!$C$1) -> 0 | I6: =IF(F6="Posto",SUMIFS('Relatório Custo'!$Z:$Z,'Relatório Custo'!$E:$E,$A6,'Relatório Custo'!$C:$C,'Custo Resumido por local'!$C$1),0) -> 0 | J6: =SUMIFS('Relatório Custo'!$V:$V,'Relatório Custo'!$E:$E,$A6,'Relatório Custo'!$C:$C,'Custo Resumido por local'!$C$1) -> 0 | K6: =SUMIFS('Relatório Custo'!$X:$X,'Relatório Custo'!$E:$E,$A6,'Relatório Custo'!$C:$C,'Custo Resumido por local'!$C$1) -> 0
A7: 690004 | B7: =VLOOKUP(A7,'Tabela de Códigos e Valores'!A:B,2,FALSE) -> Serviço de limpeza - plantonista - domingos e feriados (5 horas) | F7: =VLOOKUP($A7,'Tabela de Códigos e Valores'!$A:$M,5,FALSE) -> Plantão - Dom/Fer | G7: =VLOOKUP($A7,'Tabela de Códigos e Valores'!$A:$M,6,FALSE) -> Mensal | H7: =SUMIFS('Relatório Custo'!$K:$K,'Relatório Custo'!$E:$E,$A7,'Relatório Custo'!$C:$C,'Custo Resumido por local'!$C$1) -> 0 | I7: =IF(F7="Posto",SUMIFS('Relatório Custo'!$Z:$Z,'Relatório Custo'!$E:$E,$A7,'Relatório Custo'!$C:$C,'Custo Resumido por local'!$C$1),0) -> 0 | J7: =SUMIFS('Relatório Custo'!$V:$V,'Relatório Custo'!$E:$E,$A7,'Relatório Custo'!$C:$C,'Custo Resumido por local'!$C$1) -> 0 | K7: =SUMIFS('Relatório Custo'!$X:$X,'Relatório Custo'!$E:$E,$A7,'Relatório Custo'!$C:$C,'Custo Resumido por local'!$C$1) -> 0
A8: 690020 | B8: =VLOOKUP(A8,'Tabela de Códigos e Valores'!A:B,2,FALSE) -> Serviço de Jardinagem | F8: =VLOOKUP($A8,'Tabela de Códigos e Valores'!$A:$M,5,FALSE) -> M2 | G8: =VLOOKUP($A8,'Tabela de Códigos e Valores'!$A:$M,6,FALSE) -> Mensal | H8: =SUMIFS('Relatório Custo'!$K:$K,'Relatório Custo'!$E:$E,$A8,'Relatório Custo'!$C:$C,'Custo Resumido por local'!$C$1) -> 90 | I8: =IF(F8="Posto",SUMIFS('Relatório Custo'!$Z:$Z,'Relatório Custo'!$E:$E,$A8,'Relatório Custo'!$C:$C,'Custo Resumido por local'!$C$1),0) -> 0 | J8: =SUMIFS('Relatório Custo'!$V:$V,'Relatório Custo'!$E:$E,$A8,'Relatório Custo'!$C:$C,'Custo Resumido por local'!$C$1) -> 0 | K8: =SUMIFS('Relatório Custo'!$X:$X,'Relatório Custo'!$E:$E,$A8,'Relatório Custo'!$C:$C,'Custo Resumido por local'!$C$1) -> 0
A9: 690021 | B9: =VLOOKUP(A9,'Tabela de Códigos e Valores'!A:B,2,FALSE) -> Serviço de limpeza de vidros com exposição à situação de risco | F9: =VLOOKUP($A9,'Tabela de Códigos e Valores'!$A:$M,5,FALSE) -> M2 | G9: =VLOOKUP($A9,'Tabela de Códigos e Valores'!$A:$M,6,FALSE) -> Trimestral | H9: =SUMIFS('Relatório Custo'!$K:$K,'Relatório Custo'!$E:$E,$A9,'Relatório Custo'!$C:$C,'Custo Resumido por local'!$C$1) -> 280 | I9: =IF(F9="Posto",SUMIFS('Relatório Custo'!$Z:$Z,'Relatório Custo'!$E:$E,$A9,'Relatório Custo'!$C:$C,'Custo Resumido por local'!$C$1),0) -> 0 | J9: =SUMIFS('Relatório Custo'!$V:$V,'Relatório Custo'!$E:$E,$A9,'Relatório Custo'!$C:$C,'Custo Resumido por local'!$C$1) -> 0 | K9: =SUMIFS('Relatório Custo'!$X:$X,'Relatório Custo'!$E:$E,$A9,'Relatório Custo'!$C:$C,'Custo Resumido por local'!$C$1) -> 0
A10: 690022 | B10: =VLOOKUP(A10,'Tabela de Códigos e Valores'!A:B,2,FALSE) -> Auxiliar de limpeza área médica - diurno - 44 horas semanais | F10: =VLOOKUP($A10,'Tabela de Códigos e Valores'!$A:$M,5,FALSE) -> Posto | G10: =VLOOKUP($A10,'Tabela de Códigos e Valores'!$A:$M,6,FALSE) -> Mensal | H10: =SUMIFS('Relatório Custo'!$K:$K,'Relatório Custo'!$E:$E,$A10,'Relatório Custo'!$C:$C,'Custo Resumido por local'!$C$1) -> 0 | I10: =IF(F10="Posto",SUMIFS('Relatório Custo'!$Z:$Z,'Relatório Custo'!$E:$E,$A10,'Relatório Custo'!$C:$C,'Custo Resumido por local'!$C$1),0) -> 0 | J10: =SUMIFS('Relatório Custo'!$V:$V,'Relatório Custo'!$E:$E,$A10,'Relatório Custo'!$C:$C,'Custo Resumido por local'!$C$1) -> 0 | K10: =SUMIFS('Relatório Custo'!$X:$X,'Relatório Custo'!$E:$E,$A10,'Relatório Custo'!$C:$C,'Custo Resumido por local'!$C$1) -> 0
A11: 690029 | B11: =VLOOKUP(A11,'Tabela de Códigos e Valores'!A:B,2,FALSE) -> Serviço de limpeza de vidros sem exposição à situação de risco | F11: =VLOOKUP($A11,'Tabela de Códigos e Valores'!$A:$M,5,FALSE) -> M2 | G11: =VLOOKUP($A11,'Tabela de Códigos e Valores'!$A:$M,6,FALSE) -> Trimestral | H11: =SUMIFS('Relatório Custo'!$K:$K,'Relatório Custo'!$E:$E,$A11,'Relatório Custo'!$C:$C,'Custo Resumido por local'!$C$1) -> 3556 | I11: =IF(F11="Posto",SUMIFS('Relatório Custo'!$Z:$Z,'Relatório Custo'!$E:$E,$A11,'Relatório Custo'!$C:$C,'Custo Resumido por local'!$C$1),0) -> 0 | J11: =SUMIFS('Relatório Custo'!$V:$V,'Relatório Custo'!$E:$E,$A11,'Relatório Custo'!$C:$C,'Custo Resumido por local'!$C$1) -> 0 | K11: =SUMIFS('Relatório Custo'!$X:$X,'Relatório Custo'!$E:$E,$A11,'Relatório Custo'!$C:$C,'Custo Resumido por local'!$C$1) -> 0
A12: 690032 | B12: =VLOOKUP(A12,'Tabela de Códigos e Valores'!A:B,2,FALSE) -> Auxiliar de limpeza - diurno - 44 horas semanais (segunda a sábado) | F12: =VLOOKUP($A12,'Tabela de Códigos e Valores'!$A:$M,5,FALSE) -> Posto | G12: =VLOOKUP($A12,'Tabela de Códigos e Valores'!$A:$M,6,FALSE) -> Mensal | H12: =SUMIFS('Relatório Custo'!$K:$K,'Relatório Custo'!$E:$E,$A12,'Relatório Custo'!$C:$C,'Custo Resumido por local'!$C$1) -> 0 | I12: =IF(F12="Posto",SUMIFS('Relatório Custo'!$Z:$Z,'Relatório Custo'!$E:$E,$A12,'Relatório Custo'!$C:$C,'Custo Resumido por local'!$C$1),0) -> 0 | J12: =SUMIFS('Relatório Custo'!$V:$V,'Relatório Custo'!$E:$E,$A12,'Relatório Custo'!$C:$C,'Custo Resumido por local'!$C$1) -> 0 | K12: =SUMIFS('Relatório Custo'!$X:$X,'Relatório Custo'!$E:$E,$A12,'Relatório Custo'!$C:$C,'Custo Resumido por local'!$C$1) -> 0
A13: 690037 | B13: =VLOOKUP(A13,'Tabela de Códigos e Valores'!A:B,2,FALSE) -> Agente de Higienização (Tempo Integral) - (40%) - 44 horas semanais | F13: =VLOOKUP($A13,'Tabela de Códigos e Valores'!$A:$M,5,FALSE) -> Posto | G13: =VLOOKUP($A13,'Tabela de Códigos e Valores'!$A:$M,6,FALSE) -> Mensal | H13: =SUMIFS('Relatório Custo'!$K:$K,'Relatório Custo'!$E:$E,$A13,'Relatório Custo'!$C:$C,'Custo Resumido por local'!$C$1) -> 6 | I13: =IF(F13="Posto",SUMIFS('Relatório Custo'!$Z:$Z,'Relatório Custo'!$E:$E,$A13,'Relatório Custo'!$C:$C,'Custo Resumido por local'!$C$1),0) -> 0 | J13: =SUMIFS('Relatório Custo'!$V:$V,'Relatório Custo'!$E:$E,$A13,'Relatório Custo'!$C:$C,'Custo Resumido por local'!$C$1) -> 0 | K13: =SUMIFS('Relatório Custo'!$X:$X,'Relatório Custo'!$E:$E,$A13,'Relatório Custo'!$C:$C,'Custo Resumido por local'!$C$1) -> 0
A14: 690056 | B14: =VLOOKUP(A14,'Tabela de Códigos e Valores'!A:B,2,FALSE) -> Encarregado(a) 11 ou mais subordinados - diurno - 44 horas semanais | F14: =VLOOKUP($A14,'Tabela de Códigos e Valores'!$A:$M,5,FALSE) -> Posto | G14: =VLOOKUP($A14,'Tabela de Códigos e Valores'!$A:$M,6,FALSE) -> Mensal | H14: =SUMIFS('Relatório Custo'!$K:$K,'Relatório Custo'!$E:$E,$A14,'Relatório Custo'!$C:$C,'Custo Resumido por local'!$C$1) -> 1 | I14: =IF(F14="Posto",SUMIFS('Relatório Custo'!$Z:$Z,'Relatório Custo'!$E:$E,$A14,'Relatório Custo'!$C:$C,'Custo Resumido por local'!$C$1),0) -> 0 | J14: =SUMIFS('Relatório Custo'!$V:$V,'Relatório Custo'!$E:$E,$A14,'Relatório Custo'!$C:$C,'Custo Resumido por local'!$C$1) -> 0 | K14: =SUMIFS('Relatório Custo'!$X:$X,'Relatório Custo'!$E:$E,$A14,'Relatório Custo'!$C:$C,'Custo Resumido por local'!$C$1) -> 0
A15: TOTAL | I15: =ROUND(SUBTOTAL(9,I5:I14),2) -> 0 | K15: =ROUND(SUBTOTAL(9,K5:K14),2) -> 0
A16: * Remuneração mensal para cálculo do contingenciamento de encargos trabalhistas
A17: PERCENTUAIS DE CONTINGENCIAMENTO MENSAL DE ENCARGOS TRABALHISTAS
A18: A | B18: Total da Mão de Obra (remuneração Mensal) | K18: =$I$15 -> 0
A19: B | B19: 13º Salário | J19: ='Indicadores Financeiros'!$J$28 -> 0.0893
A20: C | B20: Férias | J20: ='Indicadores Financeiros'!$J$55 -> 0.0893
A21: D | B21: Abono de Férias | J21: ='Indicadores Financeiros'!$J$29 -> 0.0298
A22: F | B22: Incidência de encargos trabalhistas: percentual total do Módulo I s/ os itens A,B, C e D | H22: Percentual | I22: ='Indicadores Financeiros'!$J$25 -> 0.338 | J22: =ROUND(I22*SUM(J19:J21),4) -> 0.0704
A23: G | B23: Multa FGTS | J23: ='Indicadores Financeiros'!$J$52 -> 0.0348
A24: Valor total mensal a contingenciar | J24: =ROUND(SUM(J19:J23),4) -> 0.3136 | K24: =ROUND($J$24*$K$18,2) -> 0
A26: CRONOGRAMA FÍSICO FINANCEIRO
A27: Mês | C27: Periodicidade | I27: Total Mensal Contratação | J27: Total Mensal Remuneração | K27: Total Mensal Contingenciamento
C28: Mensal | E28: Trimestral | G28: Anual
A29: 1 | C29: =IF(A29<='Indicadores Financeiros'!$F$14,SUMIFS('Relatório Custo'!$V:$V,'Relatório Custo'!$H:$H,'Custo Resumido por local'!$C$28,'Relatório Custo'!$W:$W,"<="&'Custo Resumido por local'!$A29,'Relatório Custo'!$C:$C,'Custo Resumido por local'!$C$1),0) -> 0 | I29: =C29+E29+G29 -> 0 | J29: =IF(A29<='Indicadores Financeiros'!$F$14,SUMIFS('Relatório Custo'!$Z:$Z,'Relatório Custo'!$W:$W,"<="&'Custo Resumido por local'!$A29,'Relatório Custo'!$C:$C,'Custo Resumido por local'!$C$1),0) -> 0 | K29: =ROUND(IF(A29<='Indicadores Financeiros'!$F$14,SUMIFS('Relatório Custo'!$AA:$AA,'Relatório Custo'!$W:$W,"<="&'Custo Resumido por local'!$A29,'Relatório Custo'!$C:$C,'Custo Resumido por local'!$C$1),0),2) -> 0
A30: 2 | C30: =IF(A30<='Indicadores Financeiros'!$F$14,SUMIFS('Relatório Custo'!$V:$V,'Relatório Custo'!$H:$H,'Custo Resumido por local'!$C$28,'Relatório Custo'!$W:$W,"<="&'Custo Resumido por local'!$A30,'Relatório Custo'!$C:$C,'Custo Resumido por local'!$C$1),0) -> 0 | E30: =IF(A30<='Indicadores Financeiros'!$F$14,SUMIFS('Relatório Custo'!$V:$V,'Relatório Custo'!$H:$H,'Custo Resumido por local'!$E$28,'Relatório Custo'!$W:$W,"<="&'Custo Resumido por local'!$A30,'Relatório Custo'!$C:$C,'Custo Resumido por local'!$C$1),0) -> 0 | I30: =C30+E30+G30 -> 0 | J30: =IF(A30<='Indicadores Financeiros'!$F$14,SUMIFS('Relatório Custo'!$Z:$Z,'Relatório Custo'!$W:$W,"<="&'Custo Resumido por local'!$A30,'Relatório Custo'!$C:$C,'Custo Resumido por local'!$C$1),0) -> 0 | K30: =ROUND(IF(A30<='Indicadores Financeiros'!$F$14,SUMIFS('Relatório Custo'!$AA:$AA,'Relatório Custo'!$W:$W,"<="&'Custo Resumido por local'!$A30,'Relatório Custo'!$C:$C,'Custo Resumido por local'!$C$1),0),2) -> 0
A31: 3 | C31: =IF(A31<='Indicadores Financeiros'!$F$14,SUMIFS('Relatório Custo'!$V:$V,'Relatório Custo'!$H:$H,'Custo Resumido por local'!$C$28,'Relatório Custo'!$W:$W,"<="&'Custo Resumido por local'!$A31,'Relatório Custo'!$C:$C,'Custo Resumido por local'!$C$1),0) -> 0 | I31: =C31+E31+G31 -> 0 | J31: =IF(A31<='Indicadores Financeiros'!$F$14,SUMIFS('Relatório Custo'!$Z:$Z,'Relatório Custo'!$W:$W,"<="&'Custo Resumido por local'!$A31,'Relatório Custo'!$C:$C,'Custo Resumido por local'!$C$1),0) -> 0 | K31: =ROUND(IF(A31<='Indicadores Financeiros'!$F$14,SUMIFS('Relatório Custo'!$AA:$AA,'Relatório Custo'!$W:$W,"<="&'Custo Resumido por local'!$A31,'Relatório Custo'!$C:$C,'Custo Resumido por local'!$C$1),0),2) -> 0
A32: 4 | C32: =IF(A32<='Indicadores Financeiros'!$F$14,SUMIFS('Relatório Custo'!$V:$V,'Relatório Custo'!$H:$H,'Custo Resumido por local'!$C$28,'Relatório Custo'!$W:$W,"<="&'Custo Resumido por local'!$A32,'Relatório Custo'!$C:$C,'Custo Resumido por local'!$C$1),0) -> 0 | I32: =C32+E32+G32 -> 0 | J32: =IF(A32<='Indicadores Financeiros'!$F$14,SUMIFS('Relatório Custo'!$Z:$Z,'Relatório Custo'!$W:$W,"<="&'Custo Resumido por local'!$A32,'Relatório Custo'!$C:$C,'Custo Resumido por local'!$C$1),0) -> 0 | K32: =ROUND(IF(A32<='Indicadores Financeiros'!$F$14,SUMIFS('Relatório Custo'!$AA:$AA,'Relatório Custo'!$W:$W,"<="&'Custo Resumido por local'!$A32,'Relatório Custo'!$C:$C,'Custo Resumido por local'!$C$1),0),2) -> 0
A33: 5 | C33: =IF(A33<='Indicadores Financeiros'!$F$14,SUMIFS('Relatório Custo'!$V:$V,'Relatório Custo'!$H:$H,'Custo Resumido por local'!$C$28,'Relatório Custo'!$W:$W,"<="&'Custo Resumido por local'!$A33,'Relatório Custo'!$C:$C,'Custo Resumido por local'!$C$1),0) -> 0 | E33: =IF(A33<='Indicadores Financeiros'!$F$14,SUMIFS('Relatório Custo'!$V:$V,'Relatório Custo'!$H:$H,'Custo Resumido por local'!$E$28,'Relatório Custo'!$W:$W,"<="&'Custo Resumido por local'!$A33,'Relatório Custo'!$C:$C,'Custo Resumido por local'!$C$1),0) -> 0 | I33: =C33+E33+G33 -> 0 | J33: =IF(A33<='Indicadores Financeiros'!$F$14,SUMIFS('Relatório Custo'!$Z:$Z,'Relatório Custo'!$W:$W,"<="&'Custo Resumido por local'!$A33,'Relatório Custo'!$C:$C,'Custo Resumido por local'!$C$1),0) -> 0 | K33: =ROUND(IF(A33<='Indicadores Financeiros'!$F$14,SUMIFS('Relatório Custo'!$AA:$AA,'Relatório Custo'!$W:$W,"<="&'Custo Resumido por local'!$A33,'Relatório Custo'!$C:$C,'Custo Resumido por local'!$C$1),0),2) -> 0
A34: 6 | C34: =IF(A34<='Indicadores Financeiros'!$F$14,SUMIFS('Relatório Custo'!$V:$V,'Relatório Custo'!$H:$H,'Custo Resumido por local'!$C$28,'Relatório Custo'!$W:$W,"<="&'Custo Resumido por local'!$A34,'Relatório Custo'!$C:$C,'Custo Resumido por local'!$C$1),0) -> 0 | I34: =C34+E34+G34 -> 0 | J34: =IF(A34<='Indicadores Financeiros'!$F$14,SUMIFS('Relatório Custo'!$Z:$Z,'Relatório Custo'!$W:$W,"<="&'Custo Resumido por local'!$A34,'Relatório Custo'!$C:$C,'Custo Resumido por local'!$C$1),0) -> 0 | K34: =ROUND(IF(A34<='Indicadores Financeiros'!$F$14,SUMIFS('Relatório Custo'!$AA:$AA,'Relatório Custo'!$W:$W,"<="&'Custo Resumido por local'!$A34,'Relatório Custo'!$C:$C,'Custo Resumido por local'!$C$1),0),2) -> 0
A35: 7 | C35: =IF(A35<='Indicadores Financeiros'!$F$14,SUMIFS('Relatório Custo'!$V:$V,'Relatório Custo'!$H:$H,'Custo Resumido por local'!$C$28,'Relatório Custo'!$W:$W,"<="&'Custo Resumido por local'!$A35,'Relatório Custo'!$C:$C,'Custo Resumido por local'!$C$1),0) -> 0 | I35: =C35+E35+G35 -> 0 | J35: =IF(A35<='Indicadores Financeiros'!$F$14,SUMIFS('Relatório Custo'!$Z:$Z,'Relatório Custo'!$W:$W,"<="&'Custo Resumido por local'!$A35,'Relatório Custo'!$C:$C,'Custo Resumido por local'!$C$1),0) -> 0 | K35: =ROUND(IF(A35<='Indicadores Financeiros'!$F$14,SUMIFS('Relatório Custo'!$AA:$AA,'Relatório Custo'!$W:$W,"<="&'Custo Resumido por local'!$A35,'Relatório Custo'!$C:$C,'Custo Resumido por local'!$C$1),0),2) -> 0
A36: 8 | C36: =IF(A36<='Indicadores Financeiros'!$F$14,SUMIFS('Relatório Custo'!$V:$V,'Relatório Custo'!$H:$H,'Custo Resumido por local'!$C$28,'Relatório Custo'!$W:$W,"<="&'Custo Resumido por local'!$A36,'Relatório Custo'!$C:$C,'Custo Resumido por local'!$C$1),0) -> 0 | E36: =IF(A36<='Indicadores Financeiros'!$F$14,SUMIFS('Relatório Custo'!$V:$V,'Relatório Custo'!$H:$H,'Custo Resumido por local'!$E$28,'Relatório Custo'!$W:$W,"<="&'Custo Resumido por local'!$A36,'Relatório Custo'!$C:$C,'Custo Resumido por local'!$C$1),0) -> 0 | I36: =C36+E36+G36 -> 0 | J36: =IF(A36<='Indicadores Financeiros'!$F$14,SUMIFS('Relatório Custo'!$Z:$Z,'Relatório Custo'!$W:$W,"<="&'Custo Resumido por local'!$A36,'Relatório Custo'!$C:$C,'Custo Resumido por local'!$C$1),0) -> 0 | K36: =ROUND(IF(A36<='Indicadores Financeiros'!$F$14,SUMIFS('Relatório Custo'!$AA:$AA,'Relatório Custo'!$W:$W,"<="&'Custo Resumido por local'!$A36,'Relatório Custo'!$C:$C,'Custo Resumido por local'!$C$1),0),2) -> 0
A37: 9 | C37: =IF(A37<='Indicadores Financeiros'!$F$14,SUMIFS('Relatório Custo'!$V:$V,'Relatório Custo'!$H:$H,'Custo Resumido por local'!$C$28,'Relatório Custo'!$W:$W,"<="&'Custo Resumido por local'!$A37,'Relatório Custo'!$C:$C,'Custo Resumido por local'!$C$1),0) -> 0 | I37: =C37+E37+G37 -> 0 | J37: =IF(A37<='Indicadores Financeiros'!$F$14,SUMIFS('Relatório Custo'!$Z:$Z,'Relatório Custo'!$W:$W,"<="&'Custo Resumido por local'!$A37,'Relatório Custo'!$C:$C,'Custo Resumido por local'!$C$1),0) -> 0 | K37: =ROUND(IF(A37<='Indicadores Financeiros'!$F$14,SUMIFS('Relatório Custo'!$AA:$AA,'Relatório Custo'!$W:$W,"<="&'Custo Resumido por local'!$A37,'Relatório Custo'!$C:$C,'Custo Resumido por local'!$C$1),0),2) -> 0
A38: 10 | C38: =IF(A38<='Indicadores Financeiros'!$F$14,SUMIFS('Relatório Custo'!$V:$V,'Relatório Custo'!$H:$H,'Custo Resumido por local'!$C$28,'Relatório Custo'!$W:$W,"<="&'Custo Resumido por local'!$A38,'Relatório Custo'!$C:$C,'Custo Resumido por local'!$C$1),0) -> 0 | I38: =C38+E38+G38 -> 0 | J38: =IF(A38<='Indicadores Financeiros'!$F$14,SUMIFS('Relatório Custo'!$Z:$Z,'Relatório Custo'!$W:$W,"<="&'Custo Resumido por local'!$A38,'Relatório Custo'!$C:$C,'Custo Resumido por local'!$C$1),0) -> 0 | K38: =ROUND(IF(A38<='Indicadores Financeiros'!$F$14,SUMIFS('Relatório Custo'!$AA:$AA,'Relatório Custo'!$W:$W,"<="&'Custo Resumido por local'!$A38,'Relatório Custo'!$C:$C,'Custo Resumido por local'!$C$1),0),2) -> 0
A39: 11 | C39: =IF(A39<='Indicadores Financeiros'!$F$14,SUMIFS('Relatório Custo'!$V:$V,'Relatório Custo'!$H:$H,'Custo Resumido por local'!$C$28,'Relatório Custo'!$W:$W,"<="&'Custo Resumido por local'!$A39,'Relatório Custo'!$C:$C,'Custo Resumido por local'!$C$1),0) -> 0 | E39: =IF(A39<='Indicadores Financeiros'!$F$14,SUMIFS('Relatório Custo'!$V:$V,'Relatório Custo'!$H:$H,'Custo Resumido por local'!$E$28,'Relatório Custo'!$W:$W,"<="&'Custo Resumido por local'!$A39,'Relatório Custo'!$C:$C,'Custo Resumido por local'!$C$1),0) -> 0 | I39: =C39+E39+G39 -> 0 | J39: =IF(A39<='Indicadores Financeiros'!$F$14,SUMIFS('Relatório Custo'!$Z:$Z,'Relatório Custo'!$W:$W,"<="&'Custo Resumido por local'!$A39,'Relatório Custo'!$C:$C,'Custo Resumido por local'!$C$1),0) -> 0 | K39: =ROUND(IF(A39<='Indicadores Financeiros'!$F$14,SUMIFS('Relatório Custo'!$AA:$AA,'Relatório Custo'!$W:$W,"<="&'Custo Resumido por local'!$A39,'Relatório Custo'!$C:$C,'Custo Resumido por local'!$C$1),0),2) -> 0
A40: 12 | C40: =IF(A40<='Indicadores Financeiros'!$F$14,SUMIFS('Relatório Custo'!$V:$V,'Relatório Custo'!$H:$H,'Custo Resumido por local'!$C$28,'Relatório Custo'!$W:$W,"<="&'Custo Resumido por local'!$A40,'Relatório Custo'!$C:$C,'Custo Resumido por local'!$C$1),0) -> 0 | G40: =IF(A40<='Indicadores Financeiros'!$F$14,SUMIFS('Relatório Custo'!$V:$V,'Relatório Custo'!$H:$H,'Custo Resumido por local'!$G$28,'Relatório Custo'!$W:$W,"<="&'Custo Resumido por local'!$A40,'Relatório Custo'!$C:$C,'Custo Resumido por local'!$C$1),0) -> 0 | I40: =C40+E40+G40 -> 0 | J40: =IF(A40<='Indicadores Financeiros'!$F$14,SUMIFS('Relatório Custo'!$Z:$Z,'Relatório Custo'!$W:$W,"<="&'Custo Resumido por local'!$A40,'Relatório Custo'!$C:$C,'Custo Resumido por local'!$C$1),0) -> 0 | K40: =ROUND(IF(A40<='Indicadores Financeiros'!$F$14,SUMIFS('Relatório Custo'!$AA:$AA,'Relatório Custo'!$W:$W,"<="&'Custo Resumido por local'!$A40,'Relatório Custo'!$C:$C,'Custo Resumido por local'!$C$1),0),2) -> 0
A41: Total Geral | C41: =ROUND(SUM(C29:D40),2) -> 0 | E41: =ROUND(SUM(E29:F40),2) -> 0 | G41: =ROUND(SUM(G29:H40),2) -> 0 | I41: =ROUND(SUM(I29:I40),2) -> 0 | J41: =ROUND(SUM(J29:J40),2) -> 0 | K41: =ROUND(SUM(K29:K40),2) -> 0
I42: =I41-K15 -> 0

Sheet Custo por Função
A1: DADOS DA EMPRESA
A2: CNPJ
A3: Razão Social
A4: Regime Tributário | C4: ='Indicadores Financeiros'!$F$7 -> Incidência cumulativa de PIS e de COFINS
A5: Despesas Administrativas(%) | C5: ='Indicadores Financeiros'!$F$9 -> 0
A6: Lucro Bruto (%) | C6: ='Indicadores Financeiros'!$F$10 -> 0
A7: SAT (RATxFAP) (%) | C7: ='Indicadores Financeiros'!$F$8 -> 0
A8: Município | C8: São Paulo - Fórum Fazenda Pública - Hely Lopes Meirelles | E8: ISSQN | F8: =VLOOKUP($C$8,'Indicadores Financeiros'!$C$127:$G$131,5,FALSE) -> 0.02
A9: =IF(OR($A$15=690004,$A$15=690025,$A$15=690030,$A$15=690031,$A$15=690033),"Nº de dias estimado p/ mês plantão","Nº de dias úteis estimado por mês") -> Nº de dias úteis estimado por mês | C9: =VLOOKUP($A$15,'Tabela de Códigos e Valores'!A:G,7,FALSE) -> 21
A10: Desoneração da folha | C10: ='Indicadores Financeiros'!$F$13 -> 0
A11: BDI | C11: =VLOOKUP($C$8,'Indicadores Financeiros'!C127:H132,6,FALSE) -> 0.0204
A13: DADOS DA FUNÇÃO
A14: Código | B14: Função | F14: Periodicidade | G14: Unidade | H14: Qtde
A15: 690001 | B15: =IFERROR(VLOOKUP(A15,'Tabela de Códigos e Valores'!A:J,2,FALSE),0) -> Auxiliar de limpeza - diurno - 44 horas semanais (segunda a sexta-feira) | F15: =IFERROR(VLOOKUP(A15,'Relatório Custo'!$E:$K,4,FALSE),"") -> Mensal | G15: =IFERROR(VLOOKUP(A15,'Relatório Custo'!$E:$K,3,FALSE),"") -> Posto | H15: =SUMIFS('Relatório Custo'!$K$3:$K$35,'Relatório Custo'!$E$3:$E$35,'Custo por Função'!$A$15,'Relatório Custo'!$C$3:$C$35,'Custo por Função'!$C$8) -> 27 | J15: =ROUND(SUMIFS('Relatório Custo'!$V:$V,'Relatório Custo'!$E:$E,'Custo por Função'!A15,'Relatório Custo'!C:C,'Custo por Função'!$C$8)-F114,2) -> 0
A17: PLANILHA DE FORMAÇÃO DE PREÇOS
A18: Módulo I - Mão de obra (remuneração) | H18: Valor "R$"
A19: Salário base Mensal | H19: =VLOOKUP($A$15,'Tabela de Códigos e Valores'!$A:$AJ,10) -> 0
A20: Periculosidade | H20: =VLOOKUP($A$15,'Tabela de Códigos e Valores'!$A:$AJ,11) -> 0
A21: Noturno | H21: =VLOOKUP($A$15,'Tabela de Códigos e Valores'!$A:$AJ,12) -> 0
A22: Insalubridade | H22: =VLOOKUP($A$15,'Tabela de Códigos e Valores'!$A:$AJ,13) -> 0
A23: Acumulo de Função | H23: =VLOOKUP($A$15,'Tabela de Códigos e Valores'!$A:$AJ,14) -> 0
A24: Hora Extra | H24: =VLOOKUP($A$15,'Tabela de Códigos e Valores'!$A:$AJ,15)*VLOOKUP($A$15,'Tabela de Códigos e Valores'!$A:$AJ,8) -> 0
A25: Total de Mão de Obra (remuneração) | H25: =SUM(H19:H24) -> 0
A27: ENCARGOS PREVIDENCIÁRIOS E TRABALHISTAS
A28: Módulo II - Encargos previdenciários e FGTS
A29: 1 | B29: Previdência Social | F29: ='Indicadores Financeiros'!J17 -> 0.2
A30: 2 | B30: SESI/SESC | F30: ='Indicadores Financeiros'!J18 -> 0.015
A31: 3 | B31: SENAI/SENAC | F31: ='Indicadores Financeiros'!J19 -> 0.01
A32: 4 | B32: INCRA | F32: ='Indicadores Financeiros'!J20 -> 0.002
A33: 5 | B33: Salário Educação | F33: ='Indicadores Financeiros'!J21 -> 0.025
A34: 6 | B34: FGTS | F34: ='Indicadores Financeiros'!J22 -> 0.08
A35: 7 | B35: SAT (RAT X FAP) | F35: ='Indicadores Financeiros'!J23 -> Informar SAT
A36: 8 | B36: SEBRAE | F36: ='Indicadores Financeiros'!J24 -> 0.006
A37: Total Módulo II | F37: =SUM(F29:G36) -> 0.338
A39: Módulo III - 13º Salário e Adicional de Férias
A40: 1 | B40: 13º salário | F40: ='Indicadores Financeiros'!J28 -> 0.0893
A41: 2 | B41: Abono de férias | F41: ='Indicadores Financeiros'!J29 -> 0.0298
A42: 3 | B42: Encargos sociais incidentes | F42: ='Indicadores Financeiros'!J30 -> 0.0403
A43: Total Módulo III | F43: =SUM(F40:G42) -> 0.1594
A45: Módulo IV - Afastamento Maternidade
A46: 1 | B46: Encargos sociais incidentes | F46: ='Indicadores Financeiros'!J34 -> 0.00075554164
A47: Total Módulo IV | F47: =SUM(F46:G46) -> 0.00075554164
A49: Módulo V - Provisão para Rescisão
A50: 1 | B50: Aviso prévio indenizado | F50: ='Indicadores Financeiros'!J38 -> 0.0408
A51: 2 | B51: Incidência FGTS sobre o aviso prévio indenizado | F51: ='Indicadores Financeiros'!J39 -> 0.0033
A52: 3 | B52: Multa FGTS sobre o aviso prévio indenizado | F52: ='Indicadores Financeiros'!J40 -> 0.0013
A53: 4 | B53: Aviso prévio trabalhado | F53: ='Indicadores Financeiros'!J41 -> 0.0001
A54: 5 | B54: Encargos sociais incidentes sobre aviso prévio trabalhado | F54: ='Indicadores Financeiros'!J42 -> 0
A55: 6 | B55: Multa FGTS sobre o aviso prévio trabalhado | F55: ='Indicadores Financeiros'!J43 -> 0
A56: 7 | B56: Indenização Adicional | F56: ='Indicadores Financeiros'!J44 -> 0.0008
A57: 8 | B57: Multa FGTS sobre os depósitos de FGTS | F57: ='Indicadores Financeiros'!J45 -> 0.00921
A58: Total Módulo V | F58: =SUM(F50:G57) -> 0.05551
A60: Módulo VI - Multa de FGTS e Contribuição Social
A61: 1 | B61: Remuneração | F61: ='Indicadores Financeiros'!J49 -> 0.0288
A62: 2 | B62: Férias + Adicional de Férias | F62: ='Indicadores Financeiros'!J50 -> 0.0034
A63: 3 | B63: 13º Salário | F63: ='Indicadores Financeiros'!J51 -> 0.0026
A64: Total Módulo VI | F64: =SUM(F61:G63) -> 0.0348
A66: Módulo VII - Custo de Reposição do Profissional Ausente
A67: 1 | B67: Férias | F67: ='Indicadores Financeiros'!J55 -> 0.0893
A68: 2 | B68: Auxílio doença | F68: ='Indicadores Financeiros'!J56 -> 0.0154
A69: 3 | B69: Licença paternidade | F69: ='Indicadores Financeiros'!J57 -> 0.0003
A70: 4 | B70: Faltas legais | F70: ='Indicadores Financeiros'!J58 -> 0.0091
A71: 5 | B71: Acidente de trabalho | F71: ='Indicadores Financeiros'!J59 -> 0.0008
A72: 6 | B72: Encargos sociais incidentes | F72: ='Indicadores Financeiros'!J60 -> 0.0388
A73: Total Módulo VII | F73: =SUM(F67:G72) -> 0.1537
A75: Total dos Encargos Sociais e Trabalhistas | F75: =F73+F64+F58+F47+F43+F37 -> 0.74216554 | H75: =IF(G15<>"M2",IF(G15="Posto",ROUND(F75*H25,2),ROUND(VLOOKUP($A$15,'Tabela de Códigos e Valores'!$A:$AJ,15)*$F$75,2)*VLOOKUP($A$15,'Tabela de Códigos e Valores'!$A:$AJ,8)),0) -> 0
A77: Módulo VIII - Insumos e Obrigações Decorrentes de Convenção Coletiva | F77: Valor "R$"
A78: Diário
B79: Dias úteis estimados no mês | D79: Valor diário | E79: Dedução
A80: 1 | B80: Vale Refeição | C80: =$C$9 -> 21 | D80: =IF(OR(A15=690002,A15=690016,A15=690035,A15=690038,A15=690064),0,IF(OR(A15=690018,A15=690019),'Indicadores Financeiros'!H113,'Indicadores Financeiros'!E113)) -> 0 | E80: =IF(OR(A15=690002,A15=690016,A15=690035,A15=690038,A15=690064),0,IF(OR(A15=690018,A15=690019),'Indicadores Financeiros'!I113,'Indicadores Financeiros'!F113)) -> 0 | F80: =ROUND(ROUND(D80-E80,2)*$C$80,2) -> 0
A81: 2 | B81: Vale Transporte | D81: =VLOOKUP($C$8,'Indicadores Financeiros'!$C$127:$J$131,7,FALSE) -> 0 | E81: =ROUND(H19*6%,2) -> 0 | F81: =IF(E81>=D81*C80,0,ROUND(D81*C80,2)-E81) -> 0
A82: Mensal
A83: 3 | B83: Assistência Médica | F83: =VLOOKUP($A$15,'Tabela de Códigos e Valores'!$A:$AJ,18) -> 0
A84: 4 | B84: Auxílio Creche | F84: =VLOOKUP($A$15,'Tabela de Códigos e Valores'!$A:$AJ,19) -> 0
A85: 5 | B85: Benefício Social Sindical | F85: =VLOOKUP($A$15,'Tabela de Códigos e Valores'!$A:$AJ,20) -> 0
A86: 6 | B86: Benefício Natalidade | F86: =VLOOKUP($A$15,'Tabela de Códigos e Valores'!$A:$AJ,21) -> 0
A87: 7 | B87: Cesta básica | F87: =VLOOKUP($A$15,'Tabela de Códigos e Valores'!$A:$AJ,22) -> 0
A88: 8 | B88: Dia do Trabalhador | F88: =VLOOKUP($A$15,'Tabela de Códigos e Valores'!$A:$AJ,23) -> 0
A89: 9 | B89: Norma Regulamentadora nº 7 | F89: =VLOOKUP($A$15,'Tabela de Códigos e Valores'!$A:$AJ,24) -> 0
A90: 10 | B90: Seguro de Vida | F90: =VLOOKUP($A$15,'Tabela de Códigos e Valores'!$A:$AJ,25) -> 0
A91: 11 | B91: Uniformes e EPIs | F91: =VLOOKUP($A$15,'Tabela de Códigos e Valores'!$A:$AJ,30) -> 0
A92: 12 | B92: Outros | F92: =VLOOKUP($A$15,'Tabela de Códigos e Valores'!$A:$AJ,27) -> 0
A93: Total Módulo VIII | F93: =SUM(F83:H92)+F80+F81 -> 0
A95: Módulo IX - Materiais e Equipamentos | E95: Percentual | F95: Valor "R$"
A96: 1 | B96: Materiais de limpeza/equipamentos | E96: =VLOOKUP($A$15,'Tabela de Códigos e Valores'!$A:$AJ,31) -> 0.12 | F96: =IFERROR(ROUND(($H$25+$H$75+$F$93)*$E$96/(1-$E$96),2),0) -> 0
A97: Total Módulo IX | F97: =F96 -> 0
A99: Custo Total - Módulo I ao IX | F99: =ROUND($H$25+$F$97+$F$93+$H$75,2) -> 0
A101: Módulo X - Benefícios e Despesas Indiretas (BDI) | E101: Percentual | F101: Valor R$
A102: 1 | B102: Despesas Administrativas/indiretas | E102: =$C$5 -> 0
A103: 2 | B103: Lucro Bruto | E103: =$C$6 -> 0
A104: 3 | B104: PIS | E104: ='Indicadores Financeiros'!$F$12 -> 0
A105: 4 | B105: COFINS | E105: ='Indicadores Financeiros'!$F$11 -> 0
A106: 5 | B106: ISSQN | E106: =$F$8 -> 0.02
A107: 6 | B107: Desoneração da Folha | E107: =$C$10 -> 0
A108: Total BDI | E108: =ROUND((1+E102)*(1+E103)/(1-E106-E105-E104-E107)-1,4) -> 0.0204 | F108: =ROUND($E$108*$F$99,2) -> 0
A110: =CONCATENATE("Preço total mensal") -> Preço total mensal | F110: =IF($G$15="M2",SUMIFS('Relatório Custo'!U:U,'Relatório Custo'!$E:$E,'Custo por Função'!$A$15,'Relatório Custo'!C:C,'Custo por Função'!$C$8),ROUND(F99+F108,2)) -> 0
A112: Valor hora do profissional (Preço total mensal / 220) | F112: =IF(OR($G$15="Hora"),ROUND($F$110/220,2),0) -> 0
A114: =CONCATENATE("PREÇO TOTAL MENSAL (preço total mensal individual X Qtde de ",$G$15,"s)") -> PREÇO TOTAL MENSAL (preço total mensal individual X Qtde de Postos) | F114: =ROUND(F110*H15,2) -> 0
A116: Valor de desconto por falta sem reposição (integral) | F116: =IF(OR($G$15="Hora",$G$15="M2"),0,ROUND($F$110/$C$9,2)) -> 0
A118: TOTAL DE DESCONTO POR DIA ÚTIL NÃO TRABALHADO
...

Sheet Tabela de Códigos e Valores
A1: Localidade | B1: São Paulo - Fórum Fazenda Pública - Hely Lopes Meirelles
A3: Código | B3: Descrição | C3: Grupo | D3: Descrição | E3: Unidade | F3: Periodicidade | G3: Dias Estimados | H3: Horas | I3: Valor M2 | J3: Salário Base | K3: Adicionais | O3: Hora Extra - Plantão | P3: Remuneração Total | Q3: Benefícios | AC3: Vale Transporte | AD3: Uniformes e EPIs | AE3: Materiais | AG3: Valor Total s/BDI | AH3: BDI | AJ3: Valor Total
K4: Periculosidade | L4: Noturno | M4: Insalubridade | N4: Acumulo de Função | Q4: Encargos Sociais | R4: Assistência médica | S4: Auxílio Creche | T4: Benefício Social Sindical | U4: Benefício Natalidade | V4: Cesta básica | W4: Dia do Trabalhador | X4: Norma Regulamentadora Nº 07 | Y4: Seguro de vida | Z4: Vale refeição | AA4: Outros | AB4: Total Benefícios | AE4: Percentual | AF4: Valor | AH4: Percentual | AI4: Valor
A5: 690001 | B5: Auxiliar de limpeza - diurno - 44 horas semanais (segunda a sexta-feira) | C5: 1 | D5: =IFERROR(VLOOKUP(C5,'Indicadores Financeiros'!$A$96:$H$100,2,FALSE),"") -> Auxiliar de Limpeza - 44 horas Semanais | E5: Posto | F5: Mensal | G5: =IF(E5="Posto",IF(A5=690032,'Indicadores Financeiros'!$J$75,'Indicadores Financeiros'!$J$74),IF(E5="Plantão - Sábado",'Indicadores Financeiros'!$J$77,'Indicadores Financeiros'!$J$76)) -> 21 | H5: 0 | I5: =IFERROR(VLOOKUP($A5,'Indicadores Financeiros'!$A$90:$J$92,10,FALSE),0) -> 0 | J5: =IF(E5="Posto",IFERROR(VLOOKUP($C5,'Indicadores Financeiros'!$A$96:$H$100,6,FALSE),0),0) -> 0 | K5: 0 | L5: 0 | M5: 0 | N5: 0 | O5: =IF(H5<>0,ROUND(IFERROR(VLOOKUP($C5,'Indicadores Financeiros'!$A$96:$H$100,6,FALSE),0)/220*IF($E5="Plantão - Sábado",1.5,2),2),0) -> 0 | P5: =IF(E5="Posto",SUM(J5:N5),O5*H5) -> 0 | Q5: =IF(E5="Posto",ROUND('Indicadores Financeiros'!$J$63*P5,2),ROUND('Indicadores Financeiros'!$J$63*O5,2)*H5) -> 0 | R5: =IF(E5="Posto",IF(OR($C5=11,$C5=12),'Indicadores Financeiros'!$J$105,'Indicadores Financeiros'!$G$105),0) -> 0 | S5: =IF(E5="Posto",IF(OR($C5=11,$C5=12),'Indicadores Financeiros'!$J$106,'Indicadores Financeiros'!$G$106),0) -> 0 | T5: =IF($E5="Posto",IF(OR($C5=11,$C5=12),'Indicadores Financeiros'!$J$107,'Indicadores Financeiros'!$G$107),0) -> 0 | U5: =IF($E5="Posto",IF(OR($C5=11,$C5=12),'Indicadores Financeiros'!$J$108,'Indicadores Financeiros'!$G$108),0) -> 0 | V5: =IF(E5="Posto",IF(OR($C5=11,$C5=12),'Indicadores Financeiros'!$J$109,'Indicadores Financeiros'!$G$109),0) -> 0 | W5: =IF(E5="Posto",IF(OR($C5=11,$C5=12),'Indicadores Financeiros'!$J$110,'Indicadores Financeiros'!$G$110),0) -> 0 | X5: =IF(E5="Posto",IF(OR($C5=11,$C5=12),'Indicadores Financeiros'!$J$111,'Indicadores Financeiros'!$G$111),0) -> 0 | Y5: =IF(E5="Posto",IF(OR($C5=11,$C5=12),'Indicadores Financeiros'!$J$112,'Indicadores Financeiros'!$G$112),0) -> 0 | Z5: =IF(OR(A5=690002,A5=690016,A5=690035,A5=690038,A5=690064),0,IF(E5<>"M2",ROUND(IF(OR($C5=11,$C5=12),'Indicadores Financeiros'!$J$113,'Indicadores Financeiros'!$G$113)*$G5,2),0)) -> 0 | AA5: =IF(E5="Posto",ROUND(IF(OR($C5=11,$C5=12),'Indicadores Financeiros'!$J$114*G5,'Indicadores Financeiros'!$G$114*G5) + IF(OR($C5=11,$C5=12),'Indicadores Financeiros'!$J$115,'Indicadores Financeiros'!$G$115),2),0) -> 0 | AB5: =ROUND(SUM(R5:AA5),2) -> 0 | AC5: =IF(E5<>"M2",IF((J5*6%)>=(VLOOKUP($B$1,'Indicadores Financeiros'!$C$127:$J$131,7,FALSE)*G5),0,ROUND((VLOOKUP($B$1,'Indicadores Financeiros'!$C$127:$J$131,7,FALSE)*G5),2)-ROUND($J5*6%,2)),0) -> 0 | AD5: =IF(E5="Posto",IFERROR(VLOOKUP($C5,'Indicadores Financeiros'!$A$119:$M$123,9,FALSE),0),0) -> 0 | AE5: =IF(E5="Posto",IFERROR(VLOOKUP($C5,'Indicadores Financeiros'!$A$119:$M$123,10,FALSE),0),0) -> 0.12 | AF5: =ROUND(((P5+Q5+AB5+AC5+AD5)*AE5)/(1-AE5),2) -> 0 | AG5: =ROUND(I5+P5+Q5+AB5+AC5+AD5+AF5,2) -> 0 | AH5: =IFERROR(VLOOKUP($B$1,'Indicadores Financeiros'!$C$127:$J$229,6,FALSE),0) -> 0.0204 | AI5: =ROUND(AG5*AH5,2) -> 0 | AJ5: =ROUND(AG5+AI5,2) -> 0
A6: 690002 | B6: Auxiliar de limpeza - diurno - 24 horas semanais | C6: 2 | D6: =IFERROR(VLOOKUP(C6,'Indicadores Financeiros'!$A$96:$H$100,2,FALSE),"") -> Auxiliar de Limpeza - 24 horas Semanais | E6: Posto | F6: Mensal | G6: =IF(E6="Posto",IF(A6=690032,'Indicadores Financeiros'!$J$75,'Indicadores Financeiros'!$J$74),IF(E6="Plantão - Sábado",'Indicadores Financeiros'!$J$77,'Indicadores Financeiros'!$J$76)) -> 21 | H6: 0 | I6: =IFERROR(VLOOKUP($A6,'Indicadores Financeiros'!$A$90:$J$92,10,FALSE),0) -> 0 | J6: =IF(E6="Posto",IFERROR(VLOOKUP($C6,'Indicadores Financeiros'!$A$96:$H$100,6,FALSE),0),0) -> 0 | K6: 0 | L6: 0 | M6: 0 | N6: 0 | O6: =IF(H6<>0,ROUND(IFERROR(VLOOKUP($C6,'Indicadores Financeiros'!$A$96:$H$100,6,FALSE),0)/220*IF($E6="Plantão - Sábado",1.5,2),2),0) -> 0 | P6: =IF(E6="Posto",SUM(J6:N6),O6*H6) -> 0 | Q6: =IF(E6="Posto",ROUND('Indicadores Financeiros'!$J$63*P6,2),ROUND('Indicadores Financeiros'!$J$63*O6,2)*H6) -> 0 | R6: =IF(E6="Posto",IF(OR($C6=11,$C6=12),'Indicadores Financeiros'!$J$105,'Indicadores Financeiros'!$G$105),0) -> 0 | S6: =IF(E6="Posto",IF(OR($C6=11,$C6=12),'Indicadores Financeiros'!$J$106,'Indicadores Financeiros'!$G$106),0) -> 0 | T6: =IF($E6="Posto",IF(OR($C6=11,$C6=12),'Indicadores Financeiros'!$J$107,'Indicadores Financeiros'!$G$107),0) -> 0 | U6: =IF($E6="Posto",IF(OR($C6=11,$C6=12),'Indicadores Financeiros'!$J$108,'Indicadores Financeiros'!$G$108),0) -> 0 | V6: =IF(E6="Posto",IF(OR($C6=11,$C6=12),'Indicadores Financeiros'!$J$109,'Indicadores Financeiros'!$G$109),0) -> 0 | W6: =IF(E6="Posto",IF(OR($C6=11,$C6=12),'Indicadores Financeiros'!$J$110,'Indicadores Financeiros'!$G$110),0) -> 0 | X6: =IF(E6="Posto",IF(OR($C6=11,$C6=12),'Indicadores Financeiros'!$J$111,'Indicadores Financeiros'!$G$111),0) -> 0 | Y6: =IF(E6="Posto",IF(OR($C6=11,$C6=12),'Indicadores Financeiros'!$J$112,'Indicadores Financeiros'!$G$112),0) -> 0 | Z6: =IF(OR(A6=690002,A6=690016,A6=690035,A6=690038,A6=690064),0,IF(E6<>"M2",ROUND(IF(OR($C6=11,$C6=12),'Indicadores Financeiros'!$J$113,'Indicadores Financeiros'!$G$113)*$G6,2),0)) -> 0 | AA6: =IF(E6="Posto",ROUND(IF(OR($C6=11,$C6=12),'Indicadores Financeiros'!$J$114*G6,'Indicadores Financeiros'!$G$114*G6) + IF(OR($C6=11,$C6=12),'Indicadores Financeiros'!$J$115,'Indicadores Financeiros'!$G$115),2),0) -> 0 | AB6: =ROUND(SUM(R6:AA6),2) -> 0 | AC6: =IF(E6<>"M2",IF((J6*6%)>=(VLOOKUP($B$1,'Indicadores Financeiros'!$C$127:$J$131,7,FALSE)*G6),0,ROUND((VLOOKUP($B$1,'Indicadores Financeiros'!$C$127:$J$131,7,FALSE)*G6),2)-ROUND($J6*6%,2)),0) -> 0 | AD6: =IF(E6="Posto",IFERROR(VLOOKUP($C6,'Indicadores Financeiros'!$A$119:$M$123,9,FALSE),0),0) -> 0 | AE6: =IF(E6="Posto",IFERROR(VLOOKUP($C6,'Indicadores Financeiros'!$A$119:$M$123,10,FALSE),0),0) -> 0.12 | AF6: =ROUND(((P6+Q6+AB6+AC6+AD6)*AE6)/(1-AE6),2) -> 0 | AG6: =ROUND(I6+P6+Q6+AB6+AC6+AD6+AF6,2) -> 0 | AH6: =IFERROR(VLOOKUP($B$1,'Indicadores Financeiros'!$C$127:$J$229,6,FALSE),0) -> 0.0204 | AI6: =ROUND(AG6*AH6,2) -> 0 | AJ6: =ROUND(AG6+AI6,2) -> 0
A7: 690004 | B7: Serviço de limpeza - plantonista - domingos e feriados (5 horas) | C7: 1 | D7: =IFERROR(VLOOKUP(C7,'Indicadores Financeiros'!$A$96:$H$100,2,FALSE),"Não se aplica") -> Auxiliar de Limpeza - 44 horas Semanais | E7: Plantão - Dom/Fer | F7: Mensal | G7: =IF(E7="Posto",IF(A7=690032,'Indicadores Financeiros'!$J$75,'Indicadores Financeiros'!$J$74),IF(E7="Plantão - Sábado",'Indicadores Financeiros'!$J$77,'Indicadores Financeiros'!$J$76)) -> 6 | H7: 30 | I7: =IFERROR(VLOOKUP($A7,'Indicadores Financeiros'!$A$90:$J$92,10,FALSE),0) -> 0 | J7: =IF(E7="Posto",IFERROR(VLOOKUP($C7,'Indicadores Financeiros'!$A$96:$H$100,6,FALSE),0),0) -> 0 | K7: 0 | L7: 0 | M7: 0 | N7: 0 | O7: =IF(H7<>0,ROUND(IFERROR(VLOOKUP($C7,'Indicadores Financeiros'!$A$96:$H$100,6,FALSE),0)/220*IF($E7="Plantão - Sábado",1.5,2),2),0) -> 0 | P7: =IF(E7="Posto",SUM(J7:N7),O7*H7) -> 0 | Q7: =IF(E7="Posto",ROUND('Indicadores Financeiros'!$J$63*P7,2),ROUND('Indicadores Financeiros'!$J$63*O7,2)*H7) -> 0 | R7: =IF(E7="Posto",IF(OR($C7=11,$C7=12),'Indicadores Financeiros'!$J$105,'Indicadores Financeiros'!$G$105),0) -> 0 | S7: =IF(E7="Posto",IF(OR($C7=11,$C7=12),'Indicadores Financeiros'!$J$106,'Indicadores Financeiros'!$G$106),0) -> 0 | T7: =IF($E7="Posto",IF(OR($C7=11,$C7=12),'Indicadores Financeiros'!$J$107,'Indicadores Financeiros'!$G$107),0) -> 0 | U7: =IF($E7="Posto",IF(OR($C7=11,$C7=12),'Indicadores Financeiros'!$J$108,'Indicadores Financeiros'!$G$108),0) -> 0 | V7: =IF(E7="Posto",IF(OR($C7=11,$C7=12),'Indicadores Financeiros'!$J$109,'Indicadores Financeiros'!$G$109),0) -> 0 | W7: =IF(E7="Posto",IF(OR($C7=11,$C7=12),'Indicadores Financeiros'!$J$110,'Indicadores Financeiros'!$G$110),0) -> 0 | X7: =IF(E7="Posto",IF(OR($C7=11,$C7=12),'Indicadores Financeiros'!$J$111,'Indicadores Financeiros'!$G$111),0) -> 0 | Y7: =IF(E7="Posto",IF(OR($C7=11,$C7=12),'Indicadores Financeiros'!$J$112,'Indicadores Financeiros'!$G$112),0) -> 0 | Z7: =IF(OR(A7=690002,A7=690016,A7=690035,A7=690038,A7=690064),0,IF(E7<>"M2",ROUND(IF(OR($C7=11,$C7=12),'Indicadores Financeiros'!$J$113,'Indicadores Financeiros'!$G$113)*$G7,2),0)) -> 0 | AA7: =IF(E7="Posto",ROUND(IF(OR($C7=11,$C7=12),'Indicadores Financeiros'!$J$114*G7,'Indicadores Financeiros'!$G$114*G7) + IF(OR($C7=11,$C7=12),'Indicadores Financeiros'!$J$115,'Indicadores Financeiros'!$G$115),2),0) -> 0 | AB7: =ROUND(SUM(R7:AA7),2) -> 0 | AC7: =IF(E7<>"M2",IF((J7*6%)>=(VLOOKUP($B$1,'Indicadores Financeiros'!$C$127:$J$131,7,FALSE)*G7),0,ROUND((VLOOKUP($B$1,'Indicadores Financeiros'!$C$127:$J$131,7,FALSE)*G7),2)-ROUND($J7*6%,2)),0) -> 0 | AD7: =IF(E7="Posto",IFERROR(VLOOKUP($C7,'Indicadores Financeiros'!$A$119:$M$123,9,FALSE),0),0) -> 0 | AE7: =IF(E7="Posto",IFERROR(VLOOKUP($C7,'Indicadores Financeiros'!$A$119:$M$123,10,FALSE),0),0) -> 0 | AF7: =ROUND(((P7+Q7+AB7+AC7+AD7)*AE7)/(1-AE7),2) -> 0 | AG7: =ROUND(I7+P7+Q7+AB7+AC7+AD7+AF7,2) -> 0 | AH7: =IFERROR(VLOOKUP($B$1,'Indicadores Financeiros'!$C$127:$J$229,6,FALSE),0) -> 0.0204 | AI7: =ROUND(AG7*AH7,2) -> 0 | AJ7: =ROUND(AG7+AI7,2) -> 0
A8: 690020 | B8: Serviço de Jardinagem | C8: 0 | D8: =IFERROR(VLOOKUP(C8,'Indicadores Financeiros'!$A$96:$H$100,2,FALSE),"Não se aplica") -> Não se aplica | E8: M2 | F8: Mensal | G8: =IF(E8="Posto",IF(A8=690032,'Indicadores Financeiros'!$J$75,'Indicadores Financeiros'!$J$74),IF(E8="Plantão - Sábado",'Indicadores Financeiros'!$J$77,IF(E8="M2",0,'Indicadores Financeiros'!$J$76))) -> 0 | H8: 0 | I8: =IFERROR(VLOOKUP($A8,'Indicadores Financeiros'!$A$90:$J$92,10,FALSE),0) -> 0 | J8: =IF(E8="Posto",IFERROR(VLOOKUP($C8,'Indicadores Financeiros'!$A$96:$H$100,6,FALSE),0),0) -> 0 | K8: 0 | L8: 0 | M8: 0 | N8: 0 | O8: =IF(H8<>0,ROUND(IFERROR(VLOOKUP($C8,'Indicadores Financeiros'!$A$96:$H$100,6,FALSE),0)/220*IF($E8="Plantão - Sábado",1.5,2),2),0) -> 0 | P8: =IF(E8="Posto",SUM(J8:N8),O8*H8) -> 0 | Q8: =IF(E8="Posto",ROUND('Indicadores Financeiros'!$J$63*P8,2),ROUND('Indicadores Financeiros'!$J$63*O8,2)*H8) -> 0 | R8: =IF(E8="Posto",IF(OR($C8=11,$C8=12),'Indicadores Financeiros'!$J$105,'Indicadores Financeiros'!$G$105),0) -> 0 | S8: =IF(E8="Posto",IF(OR($C8=11,$C8=12),'Indicadores Financeiros'!$J$106,'Indicadores Financeiros'!$G$106),0) -> 0 | T8: =IF($E8="Posto",IF(OR($C8=11,$C8=12),'Indicadores Financeiros'!$J$107,'Indicadores Financeiros'!$G$107),0) -> 0 | U8: =IF($E8="Posto",IF(OR($C8=11,$C8=12),'Indicadores Financeiros'!$J$108,'Indicadores Financeiros'!$G$108),0) -> 0 | V8: =IF(E8="Posto",IF(OR($C8=11,$C8=12),'Indicadores Financeiros'!$J$109,'Indicadores Financeiros'!$G$109),0) -> 0 | W8: =IF(E8="Posto",IF(OR($C8=11,$C8=12),'Indicadores Financeiros'!$J$110,'Indicadores Financeiros'!$G$110),0) -> 0 | X8: =IF(E8="Posto",IF(OR($C8=11,$C8=12),'Indicadores Financeiros'!$J$111,'Indicadores Financeiros'!$G$111),0) -> 0 | Y8: =IF(E8="Posto",IF(OR($C8=11,$C8=12),'Indicadores Financeiros'!$J$112,'Indicadores Financeiros'!$G$112),0) -> 0 | Z8: =IF(OR(A8=690002,A8=690016,A8=690035,A8=690038,A8=690064),0,IF(E8<>"M2",ROUND(IF(OR($C8=11,$C8=12),'Indicadores Financeiros'!$J$113,'Indicadores Financeiros'!$G$113)*$G8,2),0)) -> 0 | AA8: =IF(E8="Posto",ROUND(IF(OR($C8=11,$C8=12),'Indicadores Financeiros'!$J$114*G8,'Indicadores Financeiros'!$G$114*G8) + IF(OR($C8=11,$C8=12),'Indicadores Financeiros'!$J$115,'Indicadores Financeiros'!$G$115),2),0) -> 0 | AB8: =ROUND(SUM(R8:AA8),2) -> 0 | AC8: =IF(E8<>"M2",IF((J8*6%)>=(VLOOKUP($B$1,'Indicadores Financeiros'!$C$127:$J$131,7,FALSE)*G8),0,ROUND((VLOOKUP($B$1,'Indicadores Financeiros'!$C$127:$J$131,7,FALSE)*G8),2)-ROUND($J8*6%,2)),0) -> 0 | AD8: =IF(E8="Posto",IFERROR(VLOOKUP($C8,'Indicadores Financeiros'!$A$119:$M$123,9,FALSE),0),0) -> 0 | AE8: =IF(E8="Posto",IFERROR(VLOOKUP($C8,'Indicadores Financeiros'!$A$119:$M$123,10,FALSE),0),0) -> 0 | AF8: =ROUND(((P8+Q8+AB8+AC8+AD8)*AE8)/(1-AE8),2) -> 0 | AG8: =ROUND(I8+P8+Q8+AB8+AC8+AD8+AF8,2) -> 0 | AH8: =IFERROR(VLOOKUP($B$1,'Indicadores Financeiros'!$C$127:$J$229,6,FALSE),0) -> 0.0204 | AI8: =ROUND(AG8*AH8,2) -> 0 | AJ8: =ROUND(AG8+AI8,2) -> 0
A9: 690021 | B9: Serviço de limpeza de vidros com exposição à situação de risco | C9: 0 | D9: =IFERROR(VLOOKUP(C9,'Indicadores Financeiros'!$A$96:$H$100,2,FALSE),"Não se aplica") -> Não se aplica | E9: M2 | F9: Trimestral | G9: =IF(E9="Posto",IF(A9=690032,'Indicadores Financeiros'!$J$75,'Indicadores Financeiros'!$J$74),IF(E9="Plantão - Sábado",'Indicadores Financeiros'!$J$77,IF(E9="M2",0,'Indicadores Financeiros'!$J$76))) -> 0 | H9: 0 | I9: =IFERROR(VLOOKUP($A9,'Indicadores Financeiros'!$A$90:$J$92,10,FALSE),0) -> 0 | J9: =IF(E9="Posto",IFERROR(VLOOKUP($C9,'Indicadores Financeiros'!$A$96:$H$100,6,FALSE),0),0) -> 0 | K9: 0 | L9: 0 | M9: 0 | N9: 0 | O9: =IF(H9<>0,ROUND(IFERROR(VLOOKUP($C9,'Indicadores Financeiros'!$A$96:$H$100,6,FALSE),0)/220*IF($E9="Plantão - Sábado",1.5,2),2),0) -> 0 | P9: =IF(E9="Posto",SUM(J9:N9),O9*H9) -> 0 | Q9: =IF(E9="Posto",ROUND('Indicadores Financeiros'!$J$63*P9,2),ROUND('Indicadores Financeiros'!$J$63*O9,2)*H9) -> 0 | R9: =IF(E9="Posto",IF(OR($C9=11,$C9=12),'Indicadores Financeiros'!$J$105,'Indicadores Financeiros'!$G$105),0) -> 0 | S9: =IF(E9="Posto",IF(OR($C9=11,$C9=12),'Indicadores Financeiros'!$J$106,'Indicadores Financeiros'!$G$106),0) -> 0 | T9: =IF($E9="Posto",IF(OR($C9=11,$C9=12),'Indicadores Financeiros'!$J$107,'Indicadores Financeiros'!$G$107),0) -> 0 | U9: =IF($E9="Posto",IF(OR($C9=11,$C9=12),'Indicadores Financeiros'!$J$108,'Indicadores Financeiros'!$G$108),0) -> 0 | V9: =IF(E9="Posto",IF(OR($C9=11,$C9=12),'Indicadores Financeiros'!$J$109,'Indicadores Financeiros'!$G$109),0) -> 0 | W9: =IF(E9="Posto",IF(OR($C9=11,$C9=12),'Indicadores Financeiros'!$J$110,'Indicadores Financeiros'!$G$110),0) -> 0 | X9: =IF(E9="Posto",IF(OR($C9=11,$C9=12),'Indicadores Financeiros'!$J$111,'Indicadores Financeiros'!$G$111),0) -> 0 | Y9: =IF(E9="Posto",IF(OR($C9=11,$C9=12),'Indicadores Financeiros'!$J$112,'Indicadores Financeiros'!$G$112),0) -> 0 | Z9: =IF(OR(A9=690002,A9=690016,A9=690035,A9=690038,A9=690064),0,IF(E9<>"M2",ROUND(IF(OR($C9=11,$C9=12),'Indicadores Financeiros'!$J$113,'Indicadores Financeiros'!$G$113)*$G9,2),0)) -> 0 | AA9: =IF(E9="Posto",ROUND(IF(OR($C9=11,$C9=12),'Indicadores Financeiros'!$J$114*G9,'Indicadores Financeiros'!$G$114*G9) + IF(OR($C9=11,$C9=12),'Indicadores Financeiros'!$J$115,'Indicadores Financeiros'!$G$115),2),0) -> 0 | AB9: =ROUND(SUM(R9:AA9),2) -> 0 | AC9: =IF(E9<>"M2",IF((J9*6%)>=(VLOOKUP($B$1,'Indicadores Financeiros'!$C$127:$J$131,7,FALSE)*G9),0,ROUND((VLOOKUP($B$1,'Indicadores Financeiros'!$C$127:$J$131,7,FALSE)*G9),2)-ROUND($J9*6%,2)),0) -> 0 | AD9: =IF(E9="Posto",IFERROR(VLOOKUP($C9,'Indicadores Financeiros'!$A$119:$M$123,9,FALSE),0),0) -> 0 | AE9: =IF(E9="Posto",IFERROR(VLOOKUP($C9,'Indicadores Financeiros'!$A$119:$M$123,10,FALSE),0),0) -> 0 | AF9: =ROUND(((P9+Q9+AB9+AC9+AD9)*AE9)/(1-AE9),2) -> 0 | AG9: =ROUND(I9+P9+Q9+AB9+AC9+AD9+AF9,2) -> 0 | AH9: =IFERROR(VLOOKUP($B$1,'Indicadores Financeiros'!$C$127:$J$229,6,FALSE),0) -> 0.0204 | AI9: =ROUND(AG9*AH9,2) -> 0 | AJ9: =ROUND(AG9+AI9,2) -> 0
A10: 690022 | B10: Auxiliar de limpeza área médica - diurno - 44 horas semanais | C10: 3 | D10: =IFERROR(VLOOKUP(C10,'Indicadores Financeiros'!$A$96:$H$100,2,FALSE),"") -> Auxiliar de Limpeza - 44 horas Semanais - Área Médica | E10: Posto | F10: Mensal | G10: =IF(E10="Posto",IF(A10=690032,'Indicadores Financeiros'!$J$75,'Indicadores Financeiros'!$J$74),IF(E10="Plantão - Sábado",'Indicadores Financeiros'!$J$77,'Indicadores Financeiros'!$J$76)) -> 21 | H10: 0 | I10: =IFERROR(VLOOKUP($A10,'Indicadores Financeiros'!$A$90:$J$92,10,FALSE),0) -> 0 | J10: =IF(E10="Posto",IFERROR(VLOOKUP($C10,'Indicadores Financeiros'!$A$96:$H$100,6,FALSE),0),0) -> 0 | K10: 0 | L10: 0 | M10: =IFERROR(VLOOKUP($C10,'Indicadores Financeiros'!$A$96:$Z$100,9,FALSE),0) -> 0 | N10: 0 | O10: =IF(H10<>0,ROUND(IFERROR(VLOOKUP($C10,'Indicadores Financeiros'!$A$96:$H$100,6,FALSE),0)/220*IF($E10="Plantão - Sábado",1.5,2),2),0) -> 0 | P10: =IF(E10="Posto",SUM(J10:N10),O10*H10) -> 0 | Q10: =IF(E10="Posto",ROUND('Indicadores Financeiros'!$J$63*P10,2),ROUND('Indicadores Financeiros'!$J$63*O10,2)*H10) -> 0 | R10: =IF(E10="Posto",IF(OR($C10=11,$C10=12),'Indicadores Financeiros'!$J$105,'Indicadores Financeiros'!$G$105),0) -> 0 | S10: =IF(E10="Posto",IF(OR($C10=11,$C10=12),'Indicadores Financeiros'!$J$106,'Indicadores Financeiros'!$G$106),0) -> 0 | T10: =IF($E10="Posto",IF(OR($C10=11,$C10=12),'Indicadores Financeiros'!$J$107,'Indicadores Financeiros'!$G$107),0) -> 0 | U10: =IF($E10="Posto",IF(OR($C10=11,$C10=12),'Indicadores Financeiros'!$J$108,'Indicadores Financeiros'!$G$108),0) -> 0 | V10: =IF(E10="Posto",IF(OR($C10=11,$C10=12),'Indicadores Financeiros'!$J$109,'Indicadores Financeiros'!$G$109),0) -> 0 | W10: =IF(E10="Posto",IF(OR($C10=11,$C10=12),'Indicadores Financeiros'!$J$110,'Indicadores Financeiros'!$G$110),0) -> 0 | X10: =IF(E10="Posto",IF(OR($C10=11,$C10=12),'Indicadores Financeiros'!$J$111,'Indicadores Financeiros'!$G$111),0) -> 0 | Y10: =IF(E10="Posto",IF(OR($C10=11,$C10=12),'Indicadores Financeiros'!$J$112,'Indicadores Financeiros'!$G$112),0) -> 0 | Z10: =IF(OR(A10=690002,A10=690016,A10=690035,A10=690038,A10=690064),0,IF(E10<>"M2",ROUND(IF(OR($C10=11,$C10=12),'Indicadores Financeiros'!$J$113,'Indicadores Financeiros'!$G$113)*$G10,2),0)) -> 0 | AA10: =IF(E10="Posto",ROUND(IF(OR($C10=11,$C10=12),'Indicadores Financeiros'!$J$114*G10,'Indicadores Financeiros'!$G$114*G10) + IF(OR($C10=11,$C10=12),'Indicadores Financeiros'!$J$115,'Indicadores Financeiros'!$G$115),2),0) -> 0 | AB10: =ROUND(SUM(R10:AA10),2) -> 0 | AC10: =IF(E10<>"M2",IF((J10*6%)>=(VLOOKUP($B$1,'Indicadores Financeiros'!$C$127:$J$131,7,FALSE)*G10),0,ROUND((VLOOKUP($B$1,'Indicadores Financeiros'!$C$127:$J$131,7,FALSE)*G10),2)-ROUND($J10*6%,2)),0) -> 0 | AD10: =IF(E10="Posto",IFERROR(VLOOKUP($C10,'Indicadores Financeiros'!$A$119:$M$123,9,FALSE),0),0) -> 0 | AE10: =IF(E10="Posto",IFERROR(VLOOKUP($C10,'Indicadores Financeiros'!$A$119:$M$123,10,FALSE),0),0) -> 0.12 | AF10: =ROUND(((P10+Q10+AB10+AC10+AD10)*AE10)/(1-AE10),2) -> 0 | AG10: =ROUND(I10+P10+Q10+AB10+AC10+AD10+AF10,2) -> 0 | AH10: =IFERROR(VLOOKUP($B$1,'Indicadores Financeiros'!$C$127:$J$229,6,FALSE),0) -> 0.0204 | AI10: =ROUND(AG10*AH10,2) -> 0 | AJ10: =ROUND(AG10+AI10,2) -> 0
A11: 690029 | B11: Serviço de limpeza de vidros sem exposição à situação de risco | C11: 0 | D11: =IFERROR(VLOOKUP(C11,'Indicadores Financeiros'!$A$96:$H$100,2,FALSE),"Não se aplica") -> Não se aplica | E11: M2 | F11: Trimestral | G11: =IF(E11="Posto",IF(A11=690032,'Indicadores Financeiros'!$J$75,'Indicadores Financeiros'!$J$74),IF(E11="Plantão - Sábado",'Indicadores Financeiros'!$J$77,IF(E11="M2",0,'Indicadores Financeiros'!$J$76))) -> 0 | H11: 0 | I11: =IFERROR(VLOOKUP($A11,'Indicadores Financeiros'!$A$90:$J$92,10,FALSE),0) -> 0 | J11: =IF(E11="Posto",IFERROR(VLOOKUP($C11,'Indicadores Financeiros'!$A$96:$H$100,6,FALSE),0),0) -> 0 | K11: 0 | L11: 0 | M11: 0 | N11: 0 | O11: =IF(H11<>0,ROUND(IFERROR(VLOOKUP($C11,'Indicadores Financeiros'!$A$96:$H$100,6,FALSE),0)/220*IF($E11="Plantão - Sábado",1.5,2),2),0) -> 0 | P11: =IF(E11="Posto",SUM(J11:N11),O11*H11) -> 0 | Q11: =IF(E11="Posto",ROUND('Indicadores Financeiros'!$J$63*P11,2),ROUND('Indicadores Financeiros'!$J$63*O11,2)*H11) -> 0 | R11: =IF(E11="Posto",IF(OR($C11=11,$C11=12),'Indicadores Financeiros'!$J$105,'Indicadores Financeiros'!$G$105),0) -> 0 | S11: =IF(E11="Posto",IF(OR($C11=11,$C11=12),'Indicadores Financeiros'!$J$106,'Indicadores Financeiros'!$G$106),0) -> 0 | T11: =IF($E11="Posto",IF(OR($C11=11,$C11=12),'Indicadores Financeiros'!$J$107,'Indicadores Financeiros'!$G$107),0) -> 0 | U11: =IF($E11="Posto",IF(OR($C11=11,$C11=12),'Indicadores Financeiros'!$J$108,'Indicadores Financeiros'!$G$108),0) -> 0 | V11: =IF(E11="Posto",IF(OR($C11=11,$C11=12),'Indicadores Financeiros'!$J$109,'Indicadores Financeiros'!$G$109),0) -> 0 | W11: =IF(E11="Posto",IF(OR($C11=11,$C11=12),'Indicadores Financeiros'!$J$110,'Indicadores Financeiros'!$G$110),0) -> 0 | X11: =IF(E11="Posto",IF(OR($C11=11,$C11=12),'Indicadores Financeiros'!$J$111,'Indicadores Financeiros'!$G$111),0) -> 0 | Y11: =IF(E11="Posto",IF(OR($C11=11,$C11=12),'Indicadores Financeiros'!$J$112,'Indicadores Financeiros'!$G$112),0) -> 0 | Z11: =IF(OR(A11=690002,A11=690016,A11=690035,A11=690038,A11=690064),0,IF(E11<>"M2",ROUND(IF(OR($C11=11,$C11=12),'Indicadores Financeiros'!$J$113,'Indicadores Financeiros'!$G$113)*$G11,2),0)) -> 0 | AA11: =IF(E11="Posto",ROUND(IF(OR($C11=11,$C11=12),'Indicadores Financeiros'!$J$114*G11,'Indicadores Financeiros'!$G$114*G11) + IF(OR($C11=11,$C11=12),'Indicadores Financeiros'!$J$115,'Indicadores Financeiros'!$G$115),2),0) -> 0 | AB11: =ROUND(SUM(R11:AA11),2) -> 0 | AC11: =IF(E11<>"M2",IF((J11*6%)>=(VLOOKUP($B$1,'Indicadores Financeiros'!$C$127:$J$131,7,FALSE)*G11),0,ROUND((VLOOKUP($B$1,'Indicadores Financeiros'!$C$127:$J$131,7,FALSE)*G11),2)-ROUND($J11*6%,2)),0) -> 0 | AD11: =IF(E11="Posto",IFERROR(VLOOKUP($C11,'Indicadores Financeiros'!$A$119:$M$123,9,FALSE),0),0) -> 0 | AE11: =IF(E11="Posto",IFERROR(VLOOKUP($C11,'Indicadores Financeiros'!$A$119:$M$123,10,FALSE),0),0) -> 0 | AF11: =ROUND(((P11+Q11+AB11+AC11+AD11)*AE11)/(1-AE11),2) -> 0 | AG11: =ROUND(I11+P11+Q11+AB11+AC11+AD11+AF11,2) -> 0 | AH11: =IFERROR(VLOOKUP($B$1,'Indicadores Financeiros'!$C$127:$J$229,6,FALSE),0) -> 0.0204 | AI11: =ROUND(AG11*AH11,2) -> 0 | AJ11: =ROUND(AG11+AI11,2) -> 0
A12: 690032 | B12: Auxiliar de limpeza - diurno - 44 horas semanais (segunda a sábado) | C12: 1 | D12: =IFERROR(VLOOKUP(C12,'Indicadores Financeiros'!$A$96:$H$100,2,FALSE),"") -> Auxiliar de Limpeza - 44 horas Semanais | E12: Posto | F12: Mensal | G12: =IF(E12="Posto",IF(A12=690032,'Indicadores Financeiros'!$J$75,'Indicadores Financeiros'!$J$74),IF(E12="Plantão - Sábado",'Indicadores Financeiros'!$J$77,'Indicadores Financeiros'!$J$76)) -> 25.33 | H12: 0 | I12: =IFERROR(VLOOKUP($A12,'Indicadores Financeiros'!$A$90:$J$92,10,FALSE),0) -> 0 | J12: =IF(E12="Posto",IFERROR(VLOOKUP($C12,'Indicadores Financeiros'!$A$96:$H$100,6,FALSE),0),0) -> 0 | K12: 0 | L12: 0 | M12: 0 | N12: 0 | O12: =IF(H12<>0,ROUND(IFERROR(VLOOKUP($C12,'Indicadores Financeiros'!$A$96:$H$100,6,FALSE),0)/220*IF($E12="Plantão - Sábado",1.5,2),2),0) -> 0 | P12: =IF(E12="Posto",SUM(J12:N12),O12*H12) -> 0 | Q12: =IF(E12="Posto",ROUND('Indicadores Financeiros'!$J$63*P12,2),ROUND('Indicadores Financeiros'!$J$63*O12,2)*H12) -> 0 | R12: =IF(E12="Posto",IF(OR($C12=11,$C12=12),'Indicadores Financeiros'!$J$105,'Indicadores Financeiros'!$G$105),0) -> 0 | S12: =IF(E12="Posto",IF(OR($C12=11,$C12=12),'Indicadores Financeiros'!$J$106,'Indicadores Financeiros'!$G$106),0) -> 0 | T12: =IF($E12="Posto",IF(OR($C12=11,$C12=12),'Indicadores Financeiros'!$J$107,'Indicadores Financeiros'!$G$107),0) -> 0 | U12: =IF($E12="Posto",IF(OR($C12=11,$C12=12),'Indicadores Financeiros'!$J$108,'Indicadores Financeiros'!$G$108),0) -> 0 | V12: =IF(E12="Posto",IF(OR($C12=11,$C12=12),'Indicadores Financeiros'!$J$109,'Indicadores Financeiros'!$G$109),0) -> 0 | W12: =IF(E12="Posto",IF(OR($C12=11,$C12=12),'Indicadores Financeiros'!$J$110,'Indicadores Financeiros'!$G$110),0) -> 0 | X12: =IF(E12="Posto",IF(OR($C12=11,$C12=12),'Indicadores Financeiros'!$J$111,'Indicadores Financeiros'!$G$111),0) -> 0 | Y12: =IF(E12="Posto",IF(OR($C12=11,$C12=12),'Indicadores Financeiros'!$J$112,'Indicadores Financeiros'!$G$112),0) -> 0 | Z12: =IF(OR(A12=690002,A12=690016,A12=690035,A12=690038,A12=690064),0,IF(E12<>"M2",ROUND(IF(OR($C12=11,$C12=12),'Indicadores Financeiros'!$J$113,'Indicadores Financeiros'!$G$113)*$G12,2),0)) -> 0 | AA12: =IF(E12="Posto",ROUND(IF(OR($C12=11,$C12=12),'Indicadores Financeiros'!$J$114*G12,'Indicadores Financeiros'!$G$114*G12) + IF(OR($C12=11,$C12=12),'Indicadores Financeiros'!$J$115,'Indicadores Financeiros'!$G$115),2),0) -> 0 | AB12: =ROUND(SUM(R12:AA12),2) -> 0 | AC12: =IF(E12<>"M2",IF((J12*6%)>=(VLOOKUP($B$1,'Indicadores Financeiros'!$C$127:$J$131,7,FALSE)*G12),0,ROUND((VLOOKUP($B$1,'Indicadores Financeiros'!$C$127:$J$131,7,FALSE)*G12),2)-ROUND($J12*6%,2)),0) -> 0 | AD12: =IF(E12="Posto",IFERROR(VLOOKUP($C12,'Indicadores Financeiros'!$A$119:$M$123,9,FALSE),0),0) -> 0 | AE12: =IF(E12="Posto",IFERROR(VLOOKUP($C12,'Indicadores Financeiros'!$A$119:$M$123,10,FALSE),0),0) -> 0.12 | AF12: =ROUND(((P12+Q12+AB12+AC12+AD12)*AE12)/(1-AE12),2) -> 0 | AG12: =ROUND(I12+P12+Q12+AB12+AC12+AD12+AF12,2) -> 0 | AH12: =IFERROR(VLOOKUP($B$1,'Indicadores Financeiros'!$C$127:$J$229,6,FALSE),0) -> 0.0204 | AI12: =ROUND(AG12*AH12,2) -> 0 | AJ12: =ROUND(AG12+AI12,2) -> 0
A13: 690037 | B13: Agente de Higienização (Tempo Integral) - (40%) - 44 horas semanais | C13: 4 | D13: =IFERROR(VLOOKUP(C13,'Indicadores Financeiros'!$A$96:$H$100,2,FALSE),"") -> Agente de Higienização - 44 horas semanais | E13: Posto | F13: Mensal | G13: =IF(E13="Posto",IF(A13=690032,'Indicadores Financeiros'!$J$75,'Indicadores Financeiros'!$J$74),IF(E13="Plantão - Sábado",'Indicadores Financeiros'!$J$77,'Indicadores Financeiros'!$J$76)) -> 21 | H13: 0 | I13: =IFERROR(VLOOKUP($A13,'Indicadores Financeiros'!$A$90:$J$92,10,FALSE),0) -> 0 | J13: =IF(E13="Posto",IFERROR(VLOOKUP($C13,'Indicadores Financeiros'!$A$96:$H$100,6,FALSE),0),0) -> 0 | K13: 0 | L13: 0 | M13: =IFERROR(VLOOKUP($C13,'Indicadores Financeiros'!$A$96:$Z$100,9,FALSE),0) -> 0 | N13: 0 | O13: =IF(H13<>0,ROUND(IFERROR(VLOOKUP($C13,'Indicadores Financeiros'!$A$96:$H$100,6,FALSE),0)/220*IF($E13="Plantão - Sábado",1.5,2),2),0) -> 0 | P13: =IF(E13="Posto",SUM(J13:N13),O13*H13) -> 0 | Q13: =IF(E13="Posto",ROUND('Indicadores Financeiros'!$J$63*P13,2),ROUND('Indicadores Financeiros'!$J$63*O13,2)*H13) -> 0 | R13: =IF(E13="Posto",IF(OR($C13=11,$C13=12),'Indicadores Financeiros'!$J$105,'Indicadores Financeiros'!$G$105),0) -> 0 | S13: =IF(E13="Posto",IF(OR($C13=11,$C13=12),'Indicadores Financeiros'!$J$106,'Indicadores Financeiros'!$G$106),0) -> 0 | T13: =IF($E13="Posto",IF(OR($C13=11,$C13=12),'Indicadores Financeiros'!$J$107,'Indicadores Financeiros'!$G$107),0) -> 0 | U13: =IF($E13="Posto",IF(OR($C13=11,$C13=12),'Indicadores Financeiros'!$J$108,'Indicadores Financeiros'!$G$108),0) -> 0 | V13: =IF(E13="Posto",IF(OR($C13=11,$C13=12),'Indicadores Financeiros'!$J$109,'Indicadores Financeiros'!$G$109),0) -> 0 | W13: =IF(E13="Posto",IF(OR($C13=11,$C13=12),'Indicadores Financeiros'!$J$110,'Indicadores Financeiros'!$G$110),0) -> 0 | X13: =IF(E13="Posto",IF(OR($C13=11,$C13=12),'Indicadores Financeiros'!$J$111,'Indicadores Financeiros'!$G$111),0) -> 0 | Y13: =IF(E13="Posto",IF(OR($C13=11,$C13=12),'Indicadores Financeiros'!$J$112,'Indicadores Financeiros'!$G$112),0) -> 0 | Z13: =IF(OR(A13=690002,A13=690016,A13=690035,A13=690038,A13=690064),0,IF(E13<>"M2",ROUND(IF(OR($C13=11,$C13=12),'Indicadores Financeiros'!$J$113,'Indicadores Financeiros'!$G$113)*$G13,2),0)) -> 0 | AA13: =IF(E13="Posto",ROUND(IF(OR($C13=11,$C13=12),'Indicadores Financeiros'!$J$114*G13,'Indicadores Financeiros'!$G$114*G13) + IF(OR($C13=11,$C13=12),'Indicadores Financeiros'!$J$115,'Indicadores Financeiros'!$G$115),2),0) -> 0 | AB13: =ROUND(SUM(R13:AA13),2) -> 0 | AC13: =IF(E13<>"M2",IF((J13*6%)>=(VLOOKUP($B$1,'Indicadores Financeiros'!$C$127:$J$131,7,FALSE)*G13),0,ROUND((VLOOKUP($B$1,'Indicadores Financeiros'!$C$127:$J$131,7,FALSE)*G13),2)-ROUND($J13*6%,2)),0) -> 0 | AD13: =IF(E13="Posto",IFERROR(VLOOKUP($C13,'Indicadores Financeiros'!$A$119:$M$123,9,FALSE),0),0) -> 0 | AE13: =IF(E13="Posto",IFERROR(VLOOKUP($C13,'Indicadores Financeiros'!$A$119:$M$123,10,FALSE),0),0) -> 0.12 | AF13: =ROUND(((P13+Q13+AB13+AC13+AD13)*AE13)/(1-AE13),2) -> 0 | AG13: =ROUND(I13+P13+Q13+AB13+AC13+AD13+AF13,2) -> 0 | AH13: =IFERROR(VLOOKUP($B$1,'Indicadores Financeiros'!$C$127:$J$229,6,FALSE),0) -> 0.0204 | AI13: =ROUND(AG13*AH13,2) -> 0 | AJ13: =ROUND(AG13+AI13,2) -> 0
A14: 690056 | B14: Encarregado(a) 11 ou mais subordinados - diurno - 44 horas semanais | C14: 7 | D14: =IFERROR(VLOOKUP(C14,'Indicadores Financeiros'!$A$96:$H$100,2,FALSE),"") -> Encarregado de Limpeza (11 ou mais subordinados) - 44 horas Semanais | E14: Posto | F14: Mensal | G14: =IF(E14="Posto",IF(A14=690032,'Indicadores Financeiros'!$J$75,'Indicadores Financeiros'!$J$74),IF(E14="Plantão - Sábado",'Indicadores Financeiros'!$J$77,'Indicadores Financeiros'!$J$76)) -> 21 | H14: 0 | I14: =IFERROR(VLOOKUP($A14,'Indicadores Financeiros'!$A$90:$J$92,10,FALSE),0) -> 0 | J14: =IF(E14="Posto",IFERROR(VLOOKUP($C14,'Indicadores Financeiros'!$A$96:$H$100,6,FALSE),0),0) -> 0 | K14: 0 | L14: 0 | M14: 0 | N14: 0 | O14: =IF(H14<>0,ROUND(IFERROR(VLOOKUP($C14,'Indicadores Financeiros'!$A$96:$H$100,6,FALSE),0)/220*IF($E14="Plantão - Sábado",1.5,2),2),0) -> 0 | P14: =IF(E14="Posto",SUM(J14:N14),O14*H14) -> 0 | Q14: =IF(E14="Posto",ROUND('Indicadores Financeiros'!$J$63*P14,2),ROUND('Indicadores Financeiros'!$J$63*O14,2)*H14) -> 0 | R14: =IF(E14="Posto",IF(OR($C14=11,$C14=12),'Indicadores Financeiros'!$J$105,'Indicadores Financeiros'!$G$105),0) -> 0 | S14: =IF(E14="Posto",IF(OR($C14=11,$C14=12),'Indicadores Financeiros'!$J$106,'Indicadores Financeiros'!$G$106),0) -> 0 | T14: =IF($E14="Posto",IF(OR($C14=11,$C14=12),'Indicadores Financeiros'!$J$107,'Indicadores Financeiros'!$G$107),0) -> 0 | U14: =IF($E14="Posto",IF(OR($C14=11,$C14=12),'Indicadores Financeiros'!$J$108,'Indicadores Financeiros'!$G$108),0) -> 0 | V14: =IF(E14="Posto",IF(OR($C14=11,$C14=12),'Indicadores Financeiros'!$J$109,'Indicadores Financeiros'!$G$109),0) -> 0 | W14: =IF(E14="Posto",IF(OR($C14=11,$C14=12),'Indicadores Financeiros'!$J$110,'Indicadores Financeiros'!$G$110),0) -> 0 | X14: =IF(E14="Posto",IF(OR($C14=11,$C14=12),'Indicadores Financeiros'!$J$111,'Indicadores Financeiros'!$G$111),0) -> 0 | Y14: =IF(E14="Posto",IF(OR($C14=11,$C14=12),'Indicadores Financeiros'!$J$112,'Indicadores Financeiros'!$G$112),0) -> 0 | Z14: =IF(OR(A14=690002,A14=690016,A14=690035,A14=690038,A14=690064),0,IF(E14<>"M2",ROUND(IF(OR($C14=11,$C14=12),'Indicadores Financeiros'!$J$113,'Indicadores Financeiros'!$G$113)*$G14,2),0)) -> 0 | AA14: =IF(E14="Posto",ROUND(IF(OR($C14=11,$C14=12),'Indicadores Financeiros'!$J$114*G14,'Indicadores Financeiros'!$G$114*G14) + IF(OR($C14=11,$C14=12),'Indicadores Financeiros'!$J$115,'Indicadores Financeiros'!$G$115),2),0) -> 0 | AB14: =ROUND(SUM(R14:AA14),2) -> 0 | AC14: =IF(E14<>"M2",IF((J14*6%)>=(VLOOKUP($B$1,'Indicadores Financeiros'!$C$127:$J$131,7,FALSE)*G14),0,ROUND((VLOOKUP($B$1,'Indicadores Financeiros'!$C$127:$J$131,7,FALSE)*G14),2)-ROUND($J14*6%,2)),0) -> 0 | AD14: =IF(E14="Posto",IFERROR(VLOOKUP($C14,'Indicadores Financeiros'!$A$119:$M$123,9,FALSE),0),0) -> 0 | AE14: =IF(E14="Posto",IFERROR(VLOOKUP($C14,'Indicadores Financeiros'!$A$119:$M$123,10,FALSE),0),0) -> 0.12 | AF14: =ROUND(((P14+Q14+AB14+AC14+AD14)*AE14)/(1-AE14),2) -> 0 | AG14: =ROUND(I14+P14+Q14+AB14+AC14+AD14+AF14,2) -> 0 | AH14: =IFERROR(VLOOKUP($B$1,'Indicadores Financeiros'!$C$127:$J$229,6,FALSE),0) -> 0.0204 | AI14: =ROUND(AG14*AH14,2) -> 0 | AJ14: =ROUND(AG14+AI14,2) -> 0

Sheet BIP
A1: Código Imóvel | B1: Código SGI | C1: RAJ | D1: CJ | E1: Comarca | F1: Denominação do imóvel | G1: Característica do imóvel / espaço | H1: Uso principal do local
A2: 616 | B2: 64187 | C2: RAJ 1 | D2: 00ª CJ - Capital | E2: São Paulo | F2: São Paulo - Fórum Regional II - Santo Amaro - Nações Unidas | G2: Edificação | H2: Fórum
A3: 921 | B3: 66203 | C3: RAJ 5 | D3: 27ª CJ - Presidente Prudente | E3: Presidente Prudente | F3: Presidente Prudente III - Unidade(s) Administrativa(s) + DEECRIM + Depósito + Arquivo / Acervo + Almoxarifado + Psicossocial | G3: Edificação | H3: Unidade(s) Administrativa(s)
A4: 147 | B4: 46720 | C4: RAJ 4 | D4: 11ª CJ - Pirassununga | E4: Leme | F4: Leme I - Fórum Principal | G4: Edificação | H4: Fórum
A5: 475 | B5: 63981 | C5: RAJ 4 | D5: 11ª CJ - Pirassununga | E5: Leme | F5: Leme II - JEC / JECRIM + Arquivo / Acervo | G5: Edificação | H5: JEC / JECRIM
A6: 83 | B6: 48901 | C6: RAJ 8 | D6: 18ª CJ - Fernandópolis | E6: Fernandópolis | F6: Fernandópolis I - Fórum Principal | G6: Edificação | H6: Fórum
A7: 833 | B7: 64120 | C7: RAJ 8 | D7: 18ª CJ - Fernandópolis | E7: Fernandópolis | F7: Fernandópolis IV - Psicossocial | G7: Edificação | H7: Psicossocial
A8: 53 | B8: 227 | C8: RAJ 4 | D8: 34ª CJ - Piracicaba | E8: Capivari | F8: Capivari I - Fórum Execuções fiscais | G8: Edificação | H8: Fórum
A9: 60 | B9: 47882 | C9: RAJ 4 | D9: 34ª CJ - Piracicaba | E9: Cerquilho | F9: Cerquilho I - Fórum Principal | G9: Edificação | H9: Fórum
A10: 192 | B10: 302 | C10: RAJ 5 | D10: 26ª CJ - Assis | E10: Palmital | F10: Palmital I - Fórum Principal | G10: Edificação | H10: Fórum
A11: 349 | B11: 64218 | C11: RAJ 1 | D11: 00ª CJ - Capital | E11: São Paulo | F11: São Paulo - Fórum Regional XII - Nossa Senhora do Ó | G11: Edificação | H11: Fórum
A12: 217 | B12: 48956 | C12: RAJ 4 | D12: 11ª CJ - Pirassununga | E12: Pirassununga | F12: Pirassununga I - Fórum Principal | G12: Edificação | H12: Fórum
A13: 283 | B13: 49668 | C13: RAJ 4 | D13: 54ª CJ - Amparo | E13: Socorro | F13: Socorro III - Fórum Principal | G13: Edificação | H13: Fórum
... A778: 917 | B778: 64161 | C778: RAJ 2 | D778: 35ª CJ - Lins | E778: Promissão | F778: Promissão III - Outros (TRE) | G778: Edificação | H778: Outros
A779: 1066 | F779: Ferraz de Vasconcelos II - Execuções Fiscais
A780: Filtros aplicados: Ativo/Baixado é Ativo
